Workbook
Name AnticipoM1: [1]POA!$D$2
Name ase: '[2]FORMULA 1'!#REF!
Name CapFinanciera1: [3]Puntajes!$C$12
Name CapFinanciera1: Puntajes!$C$12
Name CapFinanciera2: [3]Puntajes!$C$13
Name CapFinanciera2: Puntajes!$C$13
Name CapFinanciera3: [3]Puntajes!$C$14
Name CapFinanciera3: Puntajes!$C$14
Name CapFinanciera4: [3]Puntajes!$C$15
Name CapFinanciera4: Puntajes!$C$15
Name CapTecnica1: [3]Puntajes!$G$4
Name CapTecnica1: Puntajes!$G$4
Name CapTecnica2: [3]Puntajes!$G$5
Name CapTecnica2: Puntajes!$G$5
Name DDDA: [4]SMLM!$H$14
Name ESCONDIDO: #REF!
Name ESCONDIDO: #REF!
Name ESCONDIDO: #REF!
Name Estado: [5]LISTAS!$E$2:$E$3
Name Experiencia1: [3]Puntajes!$C$4
Name Experiencia1: Puntajes!$C$4
Name Experiencia2: [3]Puntajes!$C$5
Name Experiencia2: Puntajes!$C$5
Name Experiencia3: [3]Puntajes!$C$6
Name Experiencia3: Puntajes!$C$6
Name FIIF: '[2]FORMULA 1'!#REF!
Name FRRUUU: '[6]FORMULA 1'!#REF!
Name hide: #REF!
Name inf: #REF!
Name inf: #REF!
Name inf: #REF!
Name JERARQUIA: '[6]FORMULA 1'!#REF!
Name JERARQUIA: '[7]FORMULA 1'!#REF!
Name JERARQUIA: '[6]FORMULA 1'!#REF!
Name JERARQUIA: '[7]FORMULA 1'!#REF!
Name JERARQUIA: '[7]FORMULA 1'!#REF!
Name NONO: '[2]FORMULA 1'!#REF!
Name ORDEN: '[6]FORMULA 1'!#REF!
Name ORDEN: '[7]FORMULA 1'!#REF!
Name ORDEN: '[6]FORMULA 1'!#REF!
Name ORDEN: '[7]FORMULA 1'!#REF!
Name ORDEN: '[7]FORMULA 1'!#REF!
Name PO: CRC!$F$48
Name PORPOM: [5]EXPERIENCIA!$P$14
Name PPPPP: #REF!
Name PRO: #REF!
Name prueba: #REF!
Name prueba: #REF!
Name prueba: #REF!
Name PUNTOS: #REF!
Name PUNTOS2: #REF!
Name rrrrrrrr: '[2]FORMULA 1'!#REF!
Name rryyy: '[2]FORMULA 1'!#REF!
Name SALACTUAL: [1]SALARIOS!$D$19
Name tdRepliesUniqueIdentifierCol_lnkRepliesUniqueIdentifierViewLink_0: 'OrdenValor '!#REF!
Name tdRepliesUniqueIdentifierCol_lnkRepliesUniqueIdentifierViewLink_0: 'Valor propuestas'!#REF!
Name tdRepliesUniqueIdentifierCol_lnkRepliesUniqueIdentifierViewLink_1: 'OrdenValor '!#REF!
Name tdRepliesUniqueIdentifierCol_lnkRepliesUniqueIdentifierViewLink_1: 'Valor propuestas'!#REF!
Name tdRepliesUniqueIdentifierCol_lnkRepliesUniqueIdentifierViewLink_10: 'Propuestas recibidas'!#REF!
Name tdRepliesUniqueIdentifierCol_lnkRepliesUniqueIdentifierViewLink_2: 'OrdenValor '!#REF!

Sheet Propuestas recibidas
B2: PROPUESTAS RECIBIDAS
A3: No. | B3: Referencia de oferta | C3: Entidad | D3: Evaluación | E3: Presentada | F3: Oferta | G3: OBSERVACIONES
A4: 1 | B4: IP-DT-CAS-012-2023 - CIVITEL INGENIEROS | C4: CIVITEL | D4: Oferta en evaluación | E4: 45163.656 | F4: 98.900.841 COP
A5: 2 | B5: PROPUESTA SEÑALIZACION | C5: YAMEL ARANGO PINILLA | D5: Oferta en evaluación | E5: 45163.603 | F5: 91.999.745 COP
A6: 3 | B6: ROMA SEÑALIZACION CASANARE | C6: ROMA INTEGRAL GROUP SAS | D6: Oferta en evaluación | E6: 45163.593 | F6: 87.716.076,84 COP
A7: 4 | B7: JBCP 012 | C7: JUAN BERNARDO CAÑON PARRA | D7: Oferta en evaluación | E7: 45163.576 | F7: 97.130.374,53 COP
E20: m

Sheet Valor propuestas
B1: VALOR PROPUESTAS
A2: NO. | B2: OFERENTES | C2: % | D2: CARTA DE PRESENTACION DE LA OFERTA | E2: FECHA DE ENTREGA | F2: OFERTA ECONOMICA | G2: OFERTA ECONOMICA REVISADA. VALOR NETO SIN IVA | H2: OFERTA ECONOMICA REVISADA | I2: OBSERVACION
A3: 1 | B3: CIVITEL | C3: 100 | D3: SI | E3: 45163.656 | F3: 98900841 | G3: =+'Revision económica'!J29 -> 98183347 | H3: =+'Revision económica'!J31 -> 98900841
A4: 2 | B4: YAMEL ARANGO PINILLA | C4: 100 | D4: SI | E4: 45163.603 | F4: 91999745 | G4: =+'Revision económica'!L29 -> 91332317 | H4: =+'Revision económica'!L31 -> 91999745
A5: 3 | B5: ROMA INTEGRAL GROUP SAS | C5: 100 | D5: SI | E5: 45163.593 | F5: 87716077 | G5: =+'Revision económica'!N29 -> 87079725 | H5: =+'Revision económica'!N31 -> 87716077
A6: 4 | B6: JUAN BERNARDO CAÑON PARRA | C6: 100 | D6: SI | E6: 45163.576 | F6: 97130375 | G6: =+'Revision económica'!P29 -> 96425725 | H6: =+'Revision económica'!P31 -> 97130375

Sheet Revision económica
A1: MINISTERIO DE TRANSPORTE
A2: INSTITUTO NACIONAL DE VÍAS
A3: DIRECCION TERRITORIAL CASANARE
A5: =+PROPONENTE!A6 -> INVITACION A PÚBLICA No. IP-DT-CAS-012-2023
A6: =+PROPONENTE!A8 -> OBJETO: CONSTRUCCION DE OBRAS DE SEÑALIZACION PARA LA SEGURIDAD VIAL EN LA VÍA CON CÓDIGO 6512 MONTERREY - YOPAL, A CARGO DEL INSTITUTO NACIONAL DE VÍAS EN JURISDICCION DE LA TERRITORIAL CASANARE
A8: FORMULARIO 1
A10: PRESUPUESTO OFICIAL
I11: =+'Valor propuestas'!$B3 -> CIVITEL | K11: =+'Valor propuestas'!$B4 -> YAMEL ARANGO PINILLA | M11: =+'Valor propuestas'!$B5 -> ROMA INTEGRAL GROUP SAS | O11: =+'Valor propuestas'!$B6 -> JUAN BERNARDO CAÑON PARRA | Q11: =+'Valor propuestas'!$B7 -> 0 | S11: =+'Valor propuestas'!$B8 -> 0
A13: ITEM DE PAGO | C13: Descripción | D13: UND. | E13: CANTIDAD | F13: VALOR UNITARIO ( $ ) | G13: VALOR TOTAL ( $ ) | I13: VALOR UNITARIO ( $ ) | J13: VALOR TOTAL ( $ ) | K13: VALOR UNITARIO ( $ ) | L13: VALOR TOTAL ( $ ) | M13: VALOR UNITARIO ( $ ) | N13: VALOR TOTAL ( $ ) | O13: VALOR UNITARIO ( $ ) | P13: VALOR TOTAL ( $ ) | Q13: VALOR UNITARIO ( $ ) | R13: VALOR TOTAL ( $ ) | S13: VALOR UNITARIO ( $ ) | T13: VALOR TOTAL ( $ )
B15: OBRAS DE DEMARCACIÓN HORIZONTAL
A16: 1 | C16: Línea de Demarcación con Pintura en Frío. | D16: ML | E16: 2400 | F16: 2799 | G16: =+F16*E16 -> 6717600 | I16: 2775.6706 | J16: =$E16*I16 -> 6661609.4 | K16: 2575 | L16: =$E16*K16 -> 6180000 | M16: 2500 | N16: =$E16*M16 -> 6000000 | O16: 2600 | P16: =$E16*O16 -> 6240000
A17: 2 | C17: Marca Vial con Pintura en Frío. | D17: M2 | E17: 492 | F17: 44842 | G17: =+F17*E17 -> 22062264 | I17: 44503.715 | J17: =$E17*I17 -> 21895828 | K17: 41255 | L17: =$E17*K17 -> 20297460 | M17: 34000 | N17: =$E17*M17 -> 16728000 | O17: 43500 | P17: =$E17*O17 -> 21402000 | R17: =$E17*Q17 -> 0 | T17: =$E17*S17 -> 0
A18: 3 | C18: Tacha reflectiva -Adhesivo Epoxico | D18: UN | E18: 877 | F18: 11295 | G18: =+F18*E18 -> 9905715 | I18: 11048.526 | J18: =$E18*I18 -> 9689557.4 | K18: 10391 | L18: =$E18*K18 -> 9112907 | M18: 10000 | N18: =$E18*M18 -> 8770000 | O18: 11000 | P18: =$E18*O18 -> 9647000 | R18: =$E18*Q18 -> 0 | T18: =$E18*S18 -> 0
C19: Ajuste | G19: 725 | H19: NO MODIFICAR | J19: 725 | L19: 725 | N19: 725 | P19: 725 | R19: =$E19*Q19 -> 0 | T19: =$E19*S19 -> 0
B20: INSTALACION REDUCTORES DE VELOCIDAD | J20: =$E20*I20 -> 0 | L20: =$E20*K20 -> 0 | N20: =$E20*M20 -> 0 | P20: =$E20*O20 -> 0 | R20: =$E20*Q20 -> 0 | T20: =$E20*S20 -> 0
A21: 4 | C21: Concreto resistencia 28mpa (c) - compra de mezcla | D21: M3 | E21: 13 | F21: 1120516 | G21: =+F21*E21 -> 14566708 | I21: 1112787.9 | J21: =$E21*I21 -> 14466243 | K21: 1030875 | L21: =$E21*K21 -> 13401375 | M21: 1080000 | N21: =$E21*M21 -> 14040000 | O21: 1150000 | P21: =$E21*O21 -> 14950000 | R21: =$E21*Q21 -> 0 | T21: =$E21*S21 -> 0
A22: 5 | C22: Acero de Refuerzo Fy 4200 MPa. | D22: KG | E22: 62 | F22: 8182 | G22: =+F22*E22 -> 507284 | I22: 8126.0019 | J22: =$E22*I22 -> 503812.12 | K22: 7527 | L22: =$E22*K22 -> 466674 | M22: 7500 | N22: =$E22*M22 -> 465000 | O22: 8000 | P22: =$E22*O22 -> 496000 | R22: =$E22*Q22 -> 0 | T22: =$E22*S22 -> 0
A23: 6 | C23: Excavación en Pavimento Asfáltico existente Incluyendo el corte y la remociòn de las capas asfalticas subyacentes | D23: M3 | E23: 26 | F23: 110262 | G23: =+F23*E23 -> 2866812 | I23: 109782.03 | J23: =$E23*I23 -> 2854332.7 | K23: 101441 | L23: =$E23*K23 -> 2637466 | M23: 90000 | N23: =$E23*M23 -> 2340000 | O23: 110000 | P23: =$E23*O23 -> 2860000 | R23: =$E23*Q23 -> 0 | T23: =$E23*S23 -> 0
A24: 7 | C24: Demolición de pavimentos rígidos | D24: M2 | E24: 180 | F24: 27942 | G24: =+F24*E24 -> 5029560 | I24: 27672.775 | J24: =$E24*I24 -> 4981099.5 | K24: 25707 | L24: =$E24*K24 -> 4627260 | M24: 25000 | N24: =$E24*M24 -> 4500000 | O24: 25000 | P24: =$E24*O24 -> 4500000 | R24: =$E24*Q24 -> 0 | T24: =$E24*S24 -> 0
A25: 8 | C25: Base granular para bacheo clase a gradación fina | D25: M3 | E25: 18 | F25: 111691 | G25: =+F25*E25 -> 2010438 | I25: 110854.97 | J25: =$E25*I25 -> 1995389.5 | K25: 102756 | L25: =$E25*K25 -> 1849608 | M25: 102000 | N25: =$E25*M25 -> 1836000 | O25: 110000 | P25: =$E25*O25 -> 1980000 | R25: =$E25*Q25 -> 0 | T25: =$E25*S25 -> 0
A26: 9 | C26: Mezcla en Caliente para Bacheo MDC-19 | D26: M3 | E26: 18 | F26: 1311352 | G26: =+F26*E26 -> 23604336 | I26: 1298488.5 | J26: =$E26*I26 -> 23372792 | K26: 1206444 | L26: =$E26*K26 -> 21715992 | M26: 1200000 | N26: =$E26*M26 -> 21600000 | O26: 1250000 | P26: =$E26*O26 -> 22500000 | R26: =$E26*Q26 -> 0 | T26: =$E26*S26 -> 0
B27: SEÑALES VERTICALES Y DEFENSAS METALICAS | J27: =$E27*I27 -> 0 | L27: =$E27*K27 -> 0 | N27: =$E27*M27 -> 0 | P27: =$E27*O27 -> 0 | R27: =$E27*Q27 -> 0 | T27: =$E27*S27 -> 0
A28: 10 | C28: Señal vertical de transito tipo sr, sp y/o si, tablero en lámina con lamina retrorreflectiva tipo iv (75x75 cm) | D28: UN | E28: 15 | F28: 800206 | G28: =+F28*E28 -> 12003090 | I28: 784130.52 | J28: =$E28*I28 -> 11761958 | K28: 736190 | L28: =$E28*K28 -> 11042850 | M28: 720000 | N28: =$E28*M28 -> 10800000 | O28: 790000 | P28: =$E28*O28 -> 11850000 | R28: =SUM(R16:R27) -> 0 | T28: =SUM(T16:T27) -> 0 | V28: =SMALL(J28,1) -> 11761958 | W28: 1
F29: VALOR TOTAL DEL CONTRATO | G29: =SUM(G16:G28) -> 99274532 | J29: =SUM(J16:J28) -> 98183347 | L29: =SUM(L16:L28) -> 91332317 | N29: =SUM(N16:N28) -> 87079725 | P29: =SUM(P16:P28) -> 96425725 | R29: =SUM(#REF!) -> #REF! | T29: =SUM(#REF!) -> #REF!
D30: VALOR IVA (19% SOBRE UTILIDADES 5% ) | G30: =ROUND((+G29/(1+G37)*G36*0.19),0) -> 725468 | I30: IVA | J30: =ROUND((+J29/(1+J37)*J36*0.19),0) -> 717494 | K30: IVA | L30: =ROUND((+L29/(1+L37)*L36*0.19),0) -> 667428 | M30: IVA | N30: =ROUND((+N29/(1+N37)*N36*0.19),0) -> 636352 | O30: IVA | P30: =ROUND((+P29/(1+P37)*P36*0.19),0) -> 704650 | Q30: IVA | R30: =ROUND((R28*0.19),0) -> 0 | S30: IVA | T30: =ROUND((T28*0.19),0) -> 0
D31: VALOR TOTAL DE LA OBRA | G31: =+G29+G30 -> 100000000 | I31: Total | J31: =+ROUND(J29+J30,0) -> 98900841 | K31: Total | L31: =+L29+L30 -> 91999745 | M31: Total | N31: =+N29+N30 -> 87716077 | O31: Total | P31: =+P29+P30 -> 97130375 | Q31: Total | R31: =+R28+R30 -> 0 | S31: Total | T31: =+T28+T30 -> 0
D33: DESCRIPCION | G33: PORCENTAJE | J33: PORCENTAJE | L33: PORCENTAJE | N33: PORCENTAJE | P33: PORCENTAJE | R33: PORCENTAJE | T33: PORCENTAJE
D34: ADMINISTRACION | F34: A= | G34: 0.2 | J34: 0.2 | L34: 0.2 | N34: 0.2 | P34: 0.2
D35: IMPREVISTO | F35: I= | G35: 0.05 | J35: 0.05 | L35: 0.05 | N35: 0.05 | P35: 0.05
D36: UTILIDAD | F36: U= | G36: 0.05 | J36: 0.05 | L36: 0.05 | N36: 0.05 | P36: 0.05
D37: TOTAL A.I.U | F37: A.I.U.= | G37: =SUM(G34:G36) -> 0.3 | J37: =SUM(J34:J36) -> 0.3 | L37: =SUM(L34:L36) -> 0.3 | N37: =SUM(N34:N36) -> 0.3 | P37: =SUM(P34:P36) -> 0.3 | R37: =SUM(R34:R36) -> 0 | T37: =SUM(T34:T36) -> 0
I39: SE REDONDEA CERO DECIMALES | M39: SE REDONDE A CERO DECIMALES EL IVA | O39: SE REDONDE A CERO DECIMALES EL IVA
J41: =+J31/$G$31 -> 0.98900841 | L41: =+L31/$G$31 -> 0.91999745 | N41: =+N31/$G$31 -> 0.87716077 | P41: =+P31/$G$31 -> 0.97130375 | R41: =+R31/$G$31 -> 0 | T41: =+T31/$G$31 -> 0
G42: =+G31*0.8 -> 80000000

Sheet OrdenValor 
C1: ORDEN VALOR DE LAS PROPUESTAS
A2: Orden menor valor básico | B2: No. | C2: OFERENTES | D2: % | E2: CARTA DE PRESENTACION DE LA OFERTA | F2: FECHA DE ENTREGA | G2: OFERTA ECONOMICA | H2: OFERTA ECONOMICA REVISADA | I2: OBSERVACION
A3: 1 | B3: 3 | C3: ROMA INTEGRAL GROUP SAS | D3: 100 | E3: SI | F3: 45163.593 | G3: 87716077 | H3: 87716077 | I3: RECHAZADA NO RESPONDE A INFORME DE RESPUESTA OBSERVACIONES PUBLICADO EL 5/9/2023, EN EL PLAZO FIJADO POR LA ENTIDAD
A4: 2 | B4: 2 | C4: YAMEL ARANGO PINILLA | D4: 100 | E4: SI | F4: 45163.603 | G4: 91999745 | H4: 91999745 | I4: RECHAZADA NO CUMPLE CON MIPYME DEPARTAMENTO DE CASANARE
A5: 3 | B5: 4 | C5: JUAN BERNARDO CAÑON PARRA | D5: 100 | E5: SI | F5: 45163.576 | G5: 97130375 | H5: 97130375
A6: 4 | B6: 1 | C6: CIVITEL | D6: 100 | E6: SI | F6: 45163.656 | G6: 98900841 | H6: 98900841
C9: SI HAY MAS DE 5 PROPUESTAS
C10: COSTO ESTIMADO DEL CONTRATO | H10: =+'Revision económica'!G31 -> 100000000 | I10: =+H10*0.8 -> 80000000
C11: PROMEDIO | H11: =AVERAGE(H3:H6) -> 93936760
C12: MEDIANA | H12: =MEDIAN(H3:H6) -> 94565060
C13: DESVIACION ESTANDAR | H13: =STDEVPA(H3:H6) -> 4395742.3
C14: DIFERENCIA ENTRE COSTO ESTIMADO Y PROMEDIO O MEDIANA DE LAS OFERTAS | H14: =+H10-H11 -> 6063240.5
C15: Diferencia entre el valor de la oferta que puede ser artificialmente baja y el promedio del valor de las ofertas. | H15: =+H11-H3 -> 6220682.5
C16: Diferencia entre el valor de la oferta que puede ser artificialmente baja y el costo estimado del contrato. | H16: =+H10-H3 -> 12283923
C17: Valor Mínimo Aceptable: Valor Mínimo Aceptable = Mediana - Desviación Estándar | H17: =+H12-H13 -> 90169318

Sheet PROPONENTE
A1: INSTITUTO NACIONAL DE VÍAS
A2: DIRECCIÓN GENERAL
A3: DIRECCIÓN DE CONTRATACIÓN
A4: DIRECCION TERRITORIAL CASANARE
A6: INVITACION A PÚBLICA No. IP-DT-CAS-012-2023
A8: OBJETO: CONSTRUCCION DE OBRAS DE SEÑALIZACION PARA LA SEGURIDAD VIAL EN LA VÍA CON CÓDIGO 6512 MONTERREY - YOPAL, A CARGO DEL INSTITUTO NACIONAL DE VÍAS EN JURISDICCION DE LA TERRITORIAL CASANARE
A10: LISTADO DE PROPONENTES
A12: PROPUESTA | B12: PROPONENTE | C12: Porcentaje de
A13: NÚMERO | C13: participación
A14: 1 | B14: =+'OrdenValor '!C5 -> JUAN BERNARDO CAÑON PARRA | C14: 1

Sheet REQUISITOS HABILITANTES
A1: =+PROPONENTE!A6 -> INVITACION A PÚBLICA No. IP-DT-CAS-012-2023
A3: =+PROPONENTE!A8 -> OBJETO: CONSTRUCCION DE OBRAS DE SEÑALIZACION PARA LA SEGURIDAD VIAL EN LA VÍA CON CÓDIGO 6512 MONTERREY - YOPAL, A CARGO DEL INSTITUTO NACIONAL DE VÍAS EN JURISDICCION DE LA TERRITORIAL CASANARE
B5: PRESUPUESTO OFICIAL:
B6: =+'Revision económica'!G31 -> 100000000
B8: SERIEDAD DE LA OFERTA:
B9: =+B6*0.1 -> 10000000
C12: =+[8]PROPONENTES!A13 -> 1
C13: =+PROPONENTE!B14 -> JUAN BERNARDO CAÑON PARRA
C14: 1
A15: No. | B15: REQUISITOS HABILITANTES | C15: PRESENTA
B16: LEGALES Y ADMINISTRATIVOS
B17: CARTA DE PRESENTACIÓN DE LA OFERTA. | C17: SI
B18: CARTA DE INFORMACIÓN DE CONSORCIOS O UNIONES TEMPORALES. | C18: N.A
B19: CERTIFICADO DE EXISTENCIA Y REPRESENTACIÓN LEGAL | C19: SI
B20: DOCUMENTO DE CUMPLIMIENTO ARTÍCULO 50 DE LA LEY 789 DE 2002 (SEGURIDAD SOCIAL INTEGRAL Y PARAFISCALES) | C20: SI
B21: DECLARACIÓN DE NO REPORTAR ANTECEDENTES FISCALES ANTE LA CONTRALORÍA GENERAL DE LA REPÚBLICA NI SANCIONES QUE IMPLIQUEN INHABILIDAD PARA CONTRATAR CON EL ESTADO | C21: SI
B22: CEDULA DE CIUDADANIA DEL PROPONENTE | C22: SI
B23: CERTIFICACION DEL REVISOR FISCAL | C23: NA
B24: GARANTÍA DE SERIEDAD DE LA OFERTA | C24: SI
B25: REQUISITOS TECNICOS
B26: EXPERIENCIA REQUERIDA PARA EL PROYECTO | C26: SI
B27: CERTIFICACIÓN DE CUMPLIMIENTO DE CONDICIONES TÉCNICAS MÍNIMAS | C27: SI
B28: DOCUMENTOS ADICIONALES A APORTAR NO HABILITANTES, NECESARIOS PARA EMITIR LA COMUNICACIÓN DE ACEPTACION DE OFERTA.
B29: CONSULTA DE ANTECEDENTES JUDICIALES | C29: SI
B30: CONSULTA DE ANTECEDENTES FISCALES | C30: SI
B31: CONSULTA DE ANTECEDENTES DISCIPLINARIOS | C31: SI
B32: SISTEMA REGISTRO NACIONAL DE MEDIDAS CORRECTIVAS RNMC | C32: SI
B33: CERTIFICACIÓN BANCARIA | C33: SI
B34: RÉGIMEN DE IMPUESTOS A LAS VENTAS AL CUAL PERTENECE. | C34: SI
A35: OBSERVACIONES
B39: OFERTA ECONOMICA | C39: =+'OrdenValor '!H5 -> 97130375
C41: =+C39/B6 -> 0.97130375

Sheet FORMULARIO No 2A PFM
A1: =PROPONENTE!A1 -> INSTITUTO NACIONAL DE VÍAS
A2: =PROPONENTE!A2 -> DIRECCIÓN GENERAL
A3: =PROPONENTE!A3 -> DIRECCIÓN DE CONTRATACIÓN
A4: =PROPONENTE!A4 -> DIRECCION TERRITORIAL CASANARE
A6: =+PROPONENTE!A6 -> INVITACION A PÚBLICA No. IP-DT-CAS-012-2023
A8: =+PROPONENTE!A8 -> OBJETO: CONSTRUCCION DE OBRAS DE SEÑALIZACION PARA LA SEGURIDAD VIAL EN LA VÍA CON CÓDIGO 6512 MONTERREY - YOPAL, A CARGO DEL INSTITUTO NACIONAL DE VÍAS EN JURISDICCION DE LA TERRITORIAL CASANARE
A10: CUADRO No. 2
A12: DETERMINACIÓN DEL PROMEDIO DE LA FACTURACIÓN MENSUAL PARA ACREDITACION DE LA EXPERIENCIA
H14: Fecha minima | I14: Fecha de cierre | J14: fecha máxima | K14: Fecha exp. | L14: Plazo contractual minimo | N14: N | O14: PO
H15: 36526 | I15: 45163 | K15: =H15 -> 36526 | N15: 2 | O15: =+'REQUISITOS HABILITANTES'!B6 -> 100000000 | P15: =+ROUND(O15/SMLM!D44,0) -> 86
A17: =IF(D17-INT(D17)=0,"PROPONENTE","INTEGRANTE") -> PROPONENTE | D17: =PROPONENTE!A14 -> 1 | E17: =+PROPONENTE!B14 -> JUAN BERNARDO CAÑON PARRA
H18: H | I18: I | J18: J | K18: K | L18: L | M18: M | N18: N | O18: O | P18: P | Q18: Q | R18: R | T18: S
A19: No. de | B19: Entidad | C19: Contrato o Resolución | E19: Porcentaje de | F19: Cumple Experiencia General (SI/NO) | G19: Integrante que aporta experiencia | H19: Incluye | I19: Fecha de | J19: Fecha de | K19: Fecha de | L19: Fecha de | M19: Plazo (n) meses | P19: Valor total del | Q19: VTE | S19: 100 VTE
A20: Orden | B20: Contratante | C20: No. | D20: Objeto | E20: participación | H20: ajustes? | I20: iniciación | J20: suspensión | K20: reanudación | L20: terminacion | M20: Ejecutado | N20: Faltante | O20: TOTAL | P20: contrato (VT) (Bas+Ajs+IVA) | Q20: Valor Aportado | R20: (smml) | S20: (smml) | T20: PFM
A21: 1 | B21: MUNICIPIO DE YOPAL | C21: 2781-2022 | D21: REALIZAR LA SEÑALIZACION VIAL HORIZONTAL Y VERTICAL A TODO COSTO DE LAS VIAS DE LA CABECERA MUNICIPAL PRIORIZADAS POR LA SECRETARIA DE MOVILIDAD COMO ACCION DE FORTALECIMIENTO DE LA SEGURIDAD VIAL EN EL MUNICIPIO DE YOPAL. | E21: 0.9 | F21: SI | G21: =+E17 -> JUAN BERNARDO CAÑON PARRA | H21: NO | I21: 44894 | L21: 44923 | M21: =IF(I21="",0,IF(L21>$I$15,ROUND(IF(K21="---",IF(J21="---",IF(I21>$K$15,($I$15-I21+1)/365*12,($I$15-$K$15+1)/365*12),IF(I21>$K$15,(J21-I21+1)/365*12,(J21-$K$15+1)/365*12)),IF(I21>$K$15,(($I$15-I21+1)-(K21-J21))/365*12,(($I$15-$K$15+1)-(K21-J21))/365*12)),1),ROUND(IF(J21="---",IF(I21>$K$15,(L21-I21+1)/365*12,(L21-$K$15+1)/365*12),IF(I21>$K$15,((L21-I21+1)-(K21-J21))/365*12,((L21-$K$15+1)-(K21-J21))/365*12)),1))) -> 1 | O21: =IF(I21="",(M21+N21),ROUND(IF(K21="---",IF(J21="---",(L21-I21+1)/365*12,(L21-I21+1)/365*12),((L21-I21+1)-(K21-J21))/365*12),1)) -> 1 | P21: 6.3586685e+08 | Q21: =P21*E21 -> 5.7228016e+08 | R21: =Q21/SMLM!D42 -> 629.8996 | S21: =R21*1 -> 629.8996 | T21: =R21/O21 -> 629.8996 | W21: =1353800816.9+34325284.8+41655387.2+1245720+108129+162712+709305.3+6732225+8151715+15505525 -> 1.4623968e+09
A22: 2 | B22: MUNICIPIO DE SOACHA | C22: 3540-2022 | D22: SEÑALIZACIÓNVIALVERTICALYHORIZONTALEN LA MALLA VIAL DEL MUNICIPIO DE SOACHA | E22: 0.75 | F22: SI | G22: =+E17 -> JUAN BERNARDO CAÑON PARRA | H22: NO | I22: 44845 | L22: 44926 | M22: =IF(I22="",0,IF(L22>$I$15,ROUND(IF(K22="---",IF(J22="---",IF(I22>$K$15,($I$15-I22+1)/365*12,($I$15-$K$15+1)/365*12),IF(I22>$K$15,(J22-I22+1)/365*12,(J22-$K$15+1)/365*12)),IF(I22>$K$15,(($I$15-I22+1)-(K22-J22))/365*12,(($I$15-$K$15+1)-(K22-J22))/365*12)),1),ROUND(IF(J22="---",IF(I22>$K$15,(L22-I22+1)/365*12,(L22-$K$15+1)/365*12),IF(I22>$K$15,((L22-I22+1)-(K22-J22))/365*12,((L22-$K$15+1)-(K22-J22))/365*12)),1))) -> 2.7 | O22: =IF(I22="",(M22+N22),ROUND(IF(K22="---",IF(J22="---",(L22-I22+1)/365*12,(L22-I22+1)/365*12),((L22-I22+1)-(K22-J22))/365*12),1)) -> 2.7 | P22: 1.162598e+09 | Q22: =P22*E22 -> 8.7194847e+08 | R22: =Q22/SMLM!D42 -> 959.7397 | S22: =R22*1 -> 959.7397 | T22: =R22/O22 -> 355.45915 | W22: 2.1373085e+09
A23: 3 | M23: =IF(I23="",0,IF(L23>$I$15,ROUND(IF(K23="---",IF(J23="---",IF(I23>$K$15,($I$15-I23+1)/365*12,($I$15-$K$15+1)/365*12),IF(I23>$K$15,(J23-I23+1)/365*12,(J23-$K$15+1)/365*12)),IF(I23>$K$15,(($I$15-I23+1)-(K23-J23))/365*12,(($I$15-$K$15+1)-(K23-J23))/365*12)),1),ROUND(IF(J23="---",IF(I23>$K$15,(L23-I23+1)/365*12,(L23-$K$15+1)/365*12),IF(I23>$K$15,((L23-I23+1)-(K23-J23))/365*12,((L23-$K$15+1)-(K23-J23))/365*12)),1))) -> 0 | O23: =IF(I23="",(M23+N23),ROUND(IF(K23="---",IF(J23="---",(L23-I23+1)/365*12,(L23-I23+1)/365*12),((L23-I23+1)-(K23-J23))/365*12),1)) -> 0 | Q23: =P23*E23 -> 0 | R23: =Q23/SMLM!D40 -> 0 | S23: =R23*1 -> 0 | T23: =R23/O23 -> #DIV/0! | W23: =+W22*0.23 -> 4.9158095e+08
A24: 4 | M24: =IF(I24="",0,IF(L24>$I$15,ROUND(IF(K24="---",IF(J24="---",IF(I24>$K$15,($I$15-I24+1)/365*12,($I$15-$K$15+1)/365*12),IF(I24>$K$15,(J24-I24+1)/365*12,(J24-$K$15+1)/365*12)),IF(I24>$K$15,(($I$15-I24+1)-(K24-J24))/365*12,(($I$15-$K$15+1)-(K24-J24))/365*12)),1),ROUND(IF(J24="---",IF(I24>$K$15,(L24-I24+1)/365*12,(L24-$K$15+1)/365*12),IF(I24>$K$15,((L24-I24+1)-(K24-J24))/365*12,((L24-$K$15+1)-(K24-J24))/365*12)),1))) -> 0 | O24: =IF(I24="",(M24+N24),ROUND(IF(K24="---",IF(J24="---",(L24-I24+1)/365*12,(L24-I24+1)/365*12),((L24-I24+1)-(K24-J24))/365*12),1)) -> 0 | Q24: =P24*E24 -> 0 | R24: =Q24/SMLM!D43 -> 0 | S24: =R24*1 -> 0 | T24: =R24/O24 -> #DIV/0! | W24: =+W22*0.02 -> 42746170
A25: OBSERVACIONES: | O25: TOTALES = | R25: =SUM(R21:R24) -> 1589.6393 | S25: =SUM(S21:S24) -> 1589.6393 | T25: =SUM(T21:T21) -> 629.8996 | W25: =+W22*0.05 -> 1.0686542e+08
W26: =SUM(W22:W25) -> 2.778501e+09
A29: ADMISIBLE

Sheet EXPERIENCIA
A1: =PROPONENTE!A1 -> INSTITUTO NACIONAL DE VÍAS
A2: =PROPONENTE!A2 -> DIRECCIÓN GENERAL
A3: =PROPONENTE!A3 -> DIRECCIÓN DE CONTRATACIÓN
A4: =PROPONENTE!A4 -> DIRECCION TERRITORIAL CASANARE
A6: =+PROPONENTE!A6 -> INVITACION A PÚBLICA No. IP-DT-CAS-012-2023
A8: =+PROPONENTE!A8 -> OBJETO: CONSTRUCCION DE OBRAS DE SEÑALIZACION PARA LA SEGURIDAD VIAL EN LA VÍA CON CÓDIGO 6512 MONTERREY - YOPAL, A CARGO DEL INSTITUTO NACIONAL DE VÍAS EN JURISDICCION DE LA TERRITORIAL CASANARE
A10: CUADRO No. 3
A12: RESUMEN EVALUACIÓN DE LA EXPERIENCIA GENERAL
C15: POM= | D15: =+'FORMULARIO No 2A PFM'!P15/'FORMULARIO No 2A PFM'!N15 -> 43
C16: PO= | D16: ='FORMULARIO No 2A PFM'!P15 -> 86
C17: 100 %PO= | D17: =D16*1 -> 86
A20: PROPUESTA | B20: PROPONENTE | C20: Porcentaje de | D20: VTE | E20: PFM | F20: 100% PFM | G20: CALIFICACION
A21: NÚMERO | C21: participación | D21: SMMLV | E21: SMMLV | F21: SMMLV | G21: OBTENIDA
A23: =PROPONENTE!A14 -> 1 | B23: =PROPONENTE!B14 -> JUAN BERNARDO CAÑON PARRA | C23: =PROPONENTE!C14 -> 1 | D23: ='FORMULARIO No 2A PFM'!R25 -> 1589.6393 | E23: ='FORMULARIO No 2A PFM'!T25 -> 629.8996 | F23: ='FORMULARIO No 2A PFM'!S25 -> 1589.6393 | G23: =+'FORMULARIO No 2A PFM'!A29 -> ADMISIBLE | H23: =IF(D23>$D$16,"ADMISIBLE","NO ADMISIBLE") -> ADMISIBLE

Sheet Cap Financiera y Organizacional
A1: =+[1]PROPONENTES!C1 -> INSTITUTO NACIONAL DE VÍAS
A2: =+[1]PROPONENTES!C2 -> DIRECCIÓN TERRITORIAL CASANARE
A3: =+[1]PROPONENTES!C3 -> SA-MC-DT-CAS-004-2023
A4: EVALUACIÓN FINANCIERA
A5: =+[1]PROPONENTES!C5 -> OBJETO: HABILITAR Y/O BRINDAR TRANSITABILIDAD EN LA RED VIAL A CARGO DEL INVIAS, A TRAVÉS DEL SISTEMA DE MONTO AGOTABLE, EN VÍAS A CARGO DE LA DIRECCIÓN TERRITORIAL CASANARE
C7: CIFRAS FINANCIERAS - RUP ACTUALIZADO | J7: INDICE-LIQUIDEZ | L7: INDICE-ENDEUDAMIENTO | N7: RAZÓN COBERTURA DE INTERESES | P7: EVALUACIÓN FINANCIERA | Q7: RENTABILIDAD DEL PATRIMONIO | S7: RENTABILIDAD DEL ACTIVO | U7: EVALUACIÓN ORGANIZACIONAL | V7: OBSERVACIONES
A8: OFERTA | B8: PROPONENTE | C8: ACTIVO CORRIENTE | D8: ACTIVO TOTAL | E8: PASIVO CORRIENTE | F8: PASIVO TOTAL | G8: PATRIMONIO | H8: UTILIDAD OPERACIONAL | I8: GASTOS INTERESES | J8: Fórmula: Liquidez=AC/PC>=1,0 | L8: Fórmula: Endeudamiento=Pas.T/Act.T<=70% | N8: Fórmula: RCI=Utilidad Operacional/Gastos Intereses | P8: CAPACIDAD FINANCIERA ADMISIBLE/NO ADMISIBLE | Q8: Fórmula: ROE=Utilidad Operacional/Patrimonio*100% | S8: Fórmula: ROA=Utilidad Operacional/Activo Total*100% | U8: CAPACIDAD ORGANIZACIONAL ADMISIBLE/NO ADMISIBLE
J9: Req. Min. Solvencia: > = | K9: 1 | L9: Req. Min. Endeudamiento: < | M9: 0.7 | N9: Req. Min. >= | O9: 1 | Q9: Req. Min.: > = | R9: 0 | S9: Req. Min.: > = | T9: 0.0001
J10: INDICADOR | K10: RESULTADO | L10: INDICADOR | M10: RESULTADO | N10: INDICADOR | O10: RESULTADO | Q10: INDICADOR | R10: RESULTADO | S10: INDICADOR | T10: RESULTADO
A12: 1 | B12: =+PROPONENTE!B14 -> JUAN BERNARDO CAÑON PARRA | C12: =SUM(C13:C14) -> 1236289083 | D12: =SUM(D13:D14) -> 1407082433 | E12: =SUM(E13:E14) -> 10164399 | F12: =SUM(F13:F14) -> 414116631 | G12: =SUM(G13:G14) -> 992965802 | H12: =SUM(H13:H14) -> 83246389 | I12: =SUM(I13:I14) -> 7584750 | J12: =SUM(C12/E12) -> 121.62933 | K12: =+IF(J12>=$K$9,"ADMISIBLE","NO ADMISIBLE") -> ADMISIBLE | L12: =SUM(F12/D12) -> 0.29430872 | M12: =+IF(L12<=$M$9,"ADMISIBLE","NO ADMISIBLE") -> ADMISIBLE | N12: =IF(I12=0,"",H12/I12) -> 10.975495 | O12: =+IF(I12=0,"ADMISIBLE",IF(N12>=$O$9,"ADMISIBLE","NO ADMISIBLE")) -> ADMISIBLE | P12: =+IF(K12="NO ADMISIBLE","NO ADMISIBLE",IF(M12="NO ADMISIBLE","NO ADMISIBLE",IF(O12="NO ADMISIBLE","NO ADMISIBLE","ADMISIBLE"))) -> ADMISIBLE | Q12: =H12/G12 -> 0.083836109 | R12: =+IF(Q12>=$R$9,"ADMISIBLE","NO ADMISIBLE") -> ADMISIBLE | S12: =H12/D12 -> 0.059162411 | T12: =+IF(S12>=$T$9,"ADMISIBLE","NO ADMISIBLE") -> ADMISIBLE | U12: =+IF(R12="NO ADMISIBLE","NO ADMISIBLE",IF(T12="NO ADMISIBLE","NO ADMISIBLE","ADMISIBLE")) -> ADMISIBLE
A13: 1.1 | B13: CAÑON PARRA JUAN BERNARDO | C13: 1236289083 | D13: 1407082433 | E13: 10164399 | F13: 414116631 | G13: 992965802 | H13: 83246389 | I13: 7584750
I14: 0
G15: =IF(ISERROR(D15-F15),"",D15-F15) -> 0
A16: 2 | C16: =SUM(C17:C19) -> 0 | D16: =SUM(D17:D19) -> 0 | E16: =SUM(E17:E19) -> 0 | F16: =SUM(F17:F19) -> 0 | G16: =SUM(G17:G19) -> 0 | H16: =SUM(H17:H19) -> 0 | I16: =SUM(I17:I19) -> 0 | J16: =SUM(C16/E16) -> #DIV/0! | K16: =+IF(J16>=$K$9,"ADMISIBLE","NO ADMISIBLE") -> #DIV/0! | L16: =SUM(F16/D16) -> #DIV/0! | M16: =+IF(L16<$M$9,"ADMISIBLE","NO ADMISIBLE") -> #DIV/0! | N16: =IF(I16=0,"",H16/I16) | O16: =+IF(I16=0,"ADMISIBLE",IF(N16>$O$9,"ADMISIBLE","NO ADMISIBLE")) -> ADMISIBLE | P16: =+IF(K16="NO ADMISIBLE","NO ADMISIBLE",IF(M16="NO ADMISIBLE","NO ADMISIBLE",IF(O16="NO ADMISIBLE","NO ADMISIBLE","ADMISIBLE"))) -> #DIV/0! | Q16: =H16/G16 -> #DIV/0! | R16: =+IF(Q16>=$R$9,"ADMISIBLE","NO ADMISIBLE") -> #DIV/0! | S16: =H16/D16 -> #DIV/0! | T16: =+IF(S16>=$T$9,"ADMISIBLE","NO ADMISIBLE") -> #DIV/0! | U16: =+IF(R16="NO ADMISIBLE","NO ADMISIBLE",IF(T16="NO ADMISIBLE","NO ADMISIBLE","ADMISIBLE")) -> #DIV/0!
A17: 2.1 | B17: =+B16 -> 0
A20: 3 | C20: =SUM(C21:C22) -> 0 | D20: =SUM(D21:D22) -> 0 | E20: =SUM(E21:E22) -> 0 | F20: =SUM(F21:F22) -> 0 | G20: =SUM(G21:G22) -> 0 | H20: =SUM(H21:H22) -> 0 | I20: =SUM(I21:I22) -> 0 | J20: =SUM(C20/E20) -> #DIV/0! | K20: =+IF(J20>=$K$9,"ADMISIBLE","NO ADMISIBLE") -> #DIV/0! | L20: =SUM(F20/D20) -> #DIV/0! | M20: =+IF(L20<$M$9,"ADMISIBLE","NO ADMISIBLE") -> #DIV/0! | N20: =IF(I20=0,"",H20/I20) | O20: =+IF(I20=0,"ADMISIBLE",IF(N20>$O$9,"ADMISIBLE","NO ADMISIBLE")) -> ADMISIBLE | P20: =+IF(K20="NO ADMISIBLE","NO ADMISIBLE",IF(M20="NO ADMISIBLE","NO ADMISIBLE",IF(O20="NO ADMISIBLE","NO ADMISIBLE","ADMISIBLE"))) -> #DIV/0! | Q20: =H20/G20 -> #DIV/0! | R20: =+IF(Q20>=$R$9,"ADMISIBLE","NO ADMISIBLE") -> #DIV/0! | S20: =H20/D20 -> #DIV/0! | T20: =+IF(S20>=$T$9,"ADMISIBLE","NO ADMISIBLE") -> #DIV/0! | U20: =+IF(R20="NO ADMISIBLE","NO ADMISIBLE",IF(T20="NO ADMISIBLE","NO ADMISIBLE","ADMISIBLE")) -> #DIV/0!
A21: 3.1
A22: 3.2
A24: 4 | C24: =SUM(C25:C26) -> 0 | D24: =SUM(D25:D26) -> 0 | E24: =SUM(E25:E26) -> 0 | F24: =SUM(F25:F26) -> 0 | G24: =SUM(G25:G26) -> 0 | H24: =SUM(H25:H26) -> 0 | I24: =SUM(I25:I26) -> 0 | J24: =SUM(C24/E24) -> #DIV/0! | K24: =+IF(J24>=$K$9,"ADMISIBLE","NO ADMISIBLE") -> #DIV/0! | L24: =SUM(F24/D24) -> #DIV/0! | M24: =+IF(L24<$M$9,"ADMISIBLE","NO ADMISIBLE") -> #DIV/0! | N24: =IF(I24=0,"",H24/I24) | O24: =+IF(I24=0,"ADMISIBLE",IF(N24>$O$9,"ADMISIBLE","NO ADMISIBLE")) -> ADMISIBLE | P24: =+IF(K24="NO ADMISIBLE","NO ADMISIBLE",IF(M24="NO ADMISIBLE","NO ADMISIBLE",IF(O24="NO ADMISIBLE","NO ADMISIBLE","ADMISIBLE"))) -> #DIV/0! | Q24: =H24/G24 -> #DIV/0! | R24: =+IF(Q24>=$R$9,"ADMISIBLE","NO ADMISIBLE") -> #DIV/0! | S24: =H24/D24 -> #DIV/0! | T24: =+IF(S24>=$T$9,"ADMISIBLE","NO ADMISIBLE") -> #DIV/0! | U24: =+IF(R24="NO ADMISIBLE","NO ADMISIBLE",IF(T24="NO ADMISIBLE","NO ADMISIBLE","ADMISIBLE")) -> #DIV/0!
A25: 4.1 | B25: =+B24 -> 0
A28: 5 | B28: =+[1]PROPONENTES!D16 -> 0 | C28: =SUM(C29:C30) -> 0 | D28: =SUM(D29:D30) -> 0 | E28: =SUM(E29:E30) -> 0 | F28: =SUM(F29:F30) -> 0 | G28: =SUM(G29:G30) -> 0 | H28: =SUM(H29:H30) -> 0 | I28: =SUM(I29:I30) -> 0 | J28: =SUM(C28/E28) -> #DIV/0! | K28: =+IF(J28>=$K$9,"ADMISIBLE","NO ADMISIBLE") -> #DIV/0! | L28: =SUM(F28/D28) -> #DIV/0! | M28: =+IF(L28<$M$9,"ADMISIBLE","NO ADMISIBLE") -> #DIV/0! | N28: =IF(I28=0,"",H28/I28) | O28: =+IF(I28=0,"ADMISIBLE",IF(N28>$O$9,"ADMISIBLE","NO ADMISIBLE")) -> ADMISIBLE | P28: =+IF(K28="NO ADMISIBLE","NO ADMISIBLE",IF(M28="NO ADMISIBLE","NO ADMISIBLE",IF(O28="NO ADMISIBLE","NO ADMISIBLE","ADMISIBLE"))) -> #DIV/0! | Q28: =H28/G28 -> #DIV/0! | R28: =+IF(Q28>=$R$9,"ADMISIBLE","NO ADMISIBLE") -> #DIV/0! | S28: =H28/D28 -> #DIV/0! | T28: =+IF(S28>=$T$9,"ADMISIBLE","NO ADMISIBLE") -> #DIV/0! | U28: =+IF(R28="NO ADMISIBLE","NO ADMISIBLE",IF(T28="NO ADMISIBLE","NO ADMISIBLE","ADMISIBLE")) -> #DIV/0!
A29: 5.1
A32: 6 | B32: =+[1]PROPONENTES!D17 -> 0 | C32: =SUM(C33:C34) -> 0 | D32: =SUM(D33:D34) -> 0 | E32: =SUM(E33:E34) -> 0 | F32: =SUM(F33:F34) -> 0 | G32: =SUM(G33:G34) -> 0 | H32: =SUM(H33:H34) -> 0 | I32: =SUM(I33:I34) -> 0 | J32: =SUM(C32/E32) -> #DIV/0! | K32: =+IF(J32>=$K$9,"ADMISIBLE","NO ADMISIBLE") -> #DIV/0! | L32: =SUM(F32/D32) -> #DIV/0! | M32: =+IF(L32<$M$9,"ADMISIBLE","NO ADMISIBLE") -> #DIV/0! | N32: =IF(I32=0,"",H32/I32) | O32: =+IF(I32=0,"ADMISIBLE",IF(N32>$O$9,"ADMISIBLE","NO ADMISIBLE")) -> ADMISIBLE | P32: =+IF(K32="NO ADMISIBLE","NO ADMISIBLE",IF(M32="NO ADMISIBLE","NO ADMISIBLE",IF(O32="NO ADMISIBLE","NO ADMISIBLE","ADMISIBLE"))) -> #DIV/0! | Q32: =H32/G32 -> #DIV/0! | R32: =+IF(Q32>=$R$9,"ADMISIBLE","NO ADMISIBLE") -> #DIV/0! | S32: =H32/D32 -> #DIV/0! | T32: =+IF(S32>=$T$9,"ADMISIBLE","NO ADMISIBLE") -> #DIV/0! | U32: =+IF(R32="NO ADMISIBLE","NO ADMISIBLE",IF(T32="NO ADMISIBLE","NO ADMISIBLE","ADMISIBLE")) -> #DIV/0!
A33: 6.1
A36: 7 | B36: =+[1]PROPONENTES!D18 -> 0 | C36: =SUM(C37:C38) -> 0 | D36: =SUM(D37:D38) -> 0 | E36: =SUM(E37:E38) -> 0 | F36: =SUM(F37:F38) -> 0 | G36: =SUM(G37:G38) -> 0 | H36: =SUM(H37:H38) -> 0 | I36: =SUM(I37:I38) -> 0 | J36: =SUM(C36/E36) -> #DIV/0! | K36: =+IF(J36>=$K$9,"ADMISIBLE","NO ADMISIBLE") -> #DIV/0! | L36: =SUM(F36/D36) -> #DIV/0! | M36: =+IF(L36<$M$9,"ADMISIBLE","NO ADMISIBLE") -> #DIV/0! | N36: =IF(I36=0,"",H36/I36) | O36: =+IF(I36=0,"ADMISIBLE",IF(N36>$O$9,"ADMISIBLE","NO ADMISIBLE")) -> ADMISIBLE | P36: =+IF(K36="NO ADMISIBLE","NO ADMISIBLE",IF(M36="NO ADMISIBLE","NO ADMISIBLE",IF(O36="NO ADMISIBLE","NO ADMISIBLE","ADMISIBLE"))) -> #DIV/0! | Q36: =H36/G36 -> #DIV/0! | R36: =+IF(Q36>=$R$9,"ADMISIBLE","NO ADMISIBLE") -> #DIV/0! | S36: =H36/D36 -> #DIV/0! | T36: =+IF(S36>=$T$9,"ADMISIBLE","NO ADMISIBLE") -> #DIV/0! | U36: =+IF(R36="NO ADMISIBLE","NO ADMISIBLE",IF(T36="NO ADMISIBLE","NO ADMISIBLE","ADMISIBLE")) -> #DIV/0!
A37: 7.1
A40: 8 | B40: =+[1]PROPONENTES!D19 -> 0 | C40: =+C41+C42 -> 0 | D40: =+D41+D42 -> 0 | E40: =+E41+E42 -> 0 | F40: =+F41+F42 -> 0 | G40: =+G41+G42 -> 0 | H40: =+H41+H42 -> 0 | I40: =+I41+I42 -> 0 | J40: =SUM(C40/E40) -> #DIV/0! | K40: =+IF(J40>=$K$9,"ADMISIBLE","NO ADMISIBLE") -> #DIV/0! | L40: =SUM(F40/D40) -> #DIV/0! | M40: =+IF(L40<$M$9,"ADMISIBLE","NO ADMISIBLE") -> #DIV/0! | N40: =IF(I40=0,"",H40/I40) | O40: =+IF(I40=0,"ADMISIBLE",IF(N40>$O$9,"ADMISIBLE","NO ADMISIBLE")) -> ADMISIBLE | P40: =+IF(K40="NO ADMISIBLE","NO ADMISIBLE",IF(M40="NO ADMISIBLE","NO ADMISIBLE",IF(O40="NO ADMISIBLE","NO ADMISIBLE","ADMISIBLE"))) -> #DIV/0! | Q40: =H40/G40 -> #DIV/0! | R40: =+IF(Q40>=$R$9,"ADMISIBLE","NO ADMISIBLE") -> #DIV/0! | S40: =H40/D40 -> #DIV/0! | T40: =+IF(S40>=$T$9,"ADMISIBLE","NO ADMISIBLE") -> #DIV/0! | U40: =+IF(R40="NO ADMISIBLE","NO ADMISIBLE",IF(T40="NO ADMISIBLE","NO ADMISIBLE","ADMISIBLE")) -> #DIV/0!
A41: 8.1
A42: 8.2 | G42: =IF(ISERROR(D42-F42),"",D42-F42) -> 0
A43: 8.3
A44: 9 | B44: =+[1]PROPONENTES!D20 -> 0 | C44: =+C45+C46 -> 0 | D44: =+D45+D46 -> 0 | E44: =+E45+E46 -> 0 | F44: =+F45+F46 -> 0 | G44: =+G45+G46 -> 0 | H44: =+H45+H46 -> 0 | I44: =+I45+I46 -> 0 | J44: =SUM(C44/E44) -> #DIV/0! | K44: =+IF(J44>=$K$9,"ADMISIBLE","NO ADMISIBLE") -> #DIV/0! | L44: =SUM(F44/D44) -> #DIV/0! | M44: =+IF(L44<$M$9,"ADMISIBLE","NO ADMISIBLE") -> #DIV/0! | N44: =IF(I44=0,"",H44/I44) | O44: =+IF(I44=0,"ADMISIBLE",IF(N44>$O$9,"ADMISIBLE","NO ADMISIBLE")) -> ADMISIBLE | P44: =+IF(K44="NO ADMISIBLE","NO ADMISIBLE",IF(M44="NO ADMISIBLE","NO ADMISIBLE",IF(O44="NO ADMISIBLE","NO ADMISIBLE","ADMISIBLE"))) -> #DIV/0! | Q44: =H44/G44 -> #DIV/0! | R44: =+IF(Q44>=$R$9,"ADMISIBLE","NO ADMISIBLE") -> #DIV/0! | S44: =H44/D44 -> #DIV/0! | T44: =+IF(S44>=$T$9,"ADMISIBLE","NO ADMISIBLE") -> #DIV/0! | U44: =+IF(R44="NO ADMISIBLE","NO ADMISIBLE",IF(T44="NO ADMISIBLE","NO ADMISIBLE","ADMISIBLE")) -> #DIV/0!
A45: 9.1 | G45: =IF(ISERROR(D45-F45),"",D45-F45) -> 0
A46: 9.2 | G46: =IF(ISERROR(D46-F46),"",D46-F46) -> 0
A47: 9.3
A48: 10 | B48: =+[1]PROPONENTES!D21 -> 0 | C48: =+C49+C50 -> 0 | D48: =+D49+D50 -> 0 | E48: =+E49+E50 -> 0 | F48: =+F49+F50 -> 0 | G48: =+G49+G50 -> 0 | H48: =+H49+H50 -> 0 | I48: =+I49+I50 -> 0 | J48: =SUM(C48/E48) -> #DIV/0! | K48: =+IF(J48>=$K$9,"ADMISIBLE","NO ADMISIBLE") -> #DIV/0! | L48: =SUM(F48/D48) -> #DIV/0! | M48: =+IF(L48<$M$9,"ADMISIBLE","NO ADMISIBLE") -> #DIV/0! | N48: =IF(I48=0,"",H48/I48) | O48: =+IF(I48=0,"ADMISIBLE",IF(N48>$O$9,"ADMISIBLE","NO ADMISIBLE")) -> ADMISIBLE | P48: =+IF(K48="NO ADMISIBLE","NO ADMISIBLE",IF(M48="NO ADMISIBLE","NO ADMISIBLE",IF(O48="NO ADMISIBLE","NO ADMISIBLE","ADMISIBLE"))) -> #DIV/0! | Q48: =H48/G48 -> #DIV/0! | R48: =+IF(Q48>=$R$9,"ADMISIBLE","NO ADMISIBLE") -> #DIV/0! | S48: =H48/D48 -> #DIV/0! | T48: =+IF(S48>=$T$9,"ADMISIBLE","NO ADMISIBLE") -> #DIV/0! | U48: =+IF(R48="NO ADMISIBLE","NO ADMISIBLE",IF(T48="NO ADMISIBLE","NO ADMISIBLE","ADMISIBLE")) -> #DIV/0!
A49: 10.1 | G49: =IF(ISERROR(D49-F49),"",D49-F49) -> 0
A50: 10.2 | G50: =IF(ISERROR(D50-F50),"",D50-F50) -> 0
A51: 10.3
A52: OBSERVACIONES:

Sheet Puntajes
B2: EXPERIENCIA | F2: CAPACIDAD TÉCNICA
B3: Mayor a | C3: Menor o Igual a | D3: Puntaje | F3: Desde | G3: Hasta | H3: Puntaje
B4: 0 | C4: 3 | D4: 60 | F4: 1 | G4: 5 | H4: 20
B5: 3 | C5: 6 | D5: 80 | F5: 6 | G5: 10 | H5: 30
B6: 6 | C6: 10 | D6: 100 | F6: 11 | G6: Mayores | H6: 40
B7: 10 | C7: Mayores | D7: 120
B10: CAPACIDAD FINANCIERA
B11: Mayor a | C11: Menor o Igual a | D11: Puntaje
B12: 0 | C12: 0.5 | D12: 20
B13: 0.5 | C13: 0.75 | D13: 25
B14: 0.75 | C14: 1 | D14: 30
B15: 1 | C15: 1.5 | D15: 35
B16: 1.5 | C16: Mayores | D16: 40
B19: Concepto Puntaje máximo
B20: Oferta económica | D20: 59.5
B21: Factor de calidad | D21: 20
B22: Apoyo a la industria nacional | D22: 20
B23: Emprendimientos y empresas de mujeres | D23: 0.25
B24: Mipyme | D24: 0.25
B25: Total | D25: =SUM(D20:D24) -> 100

Sheet CRC
B1: =[1]PRESUPUESTOS!B1 -> INSTITUTO NACIONAL DE VÍAS
B2: =[1]PRESUPUESTOS!B2 -> DIRECCIÓN TERRITORIAL CASANARE
B3: =[1]PRESUPUESTOS!B3 -> SA-MC-DT-CAS-004-2023
B6: =[1]PRESUPUESTOS!B5 -> OBJETO: HABILITAR Y/O BRINDAR TRANSITABILIDAD EN LA RED VIAL A CARGO DEL INVIAS, A TRAVÉS DEL SISTEMA DE MONTO AGOTABLE, EN VÍAS A CARGO DE LA DIRECCIÓN TERRITORIAL CASANARE
B8: CUADRO 2
B9: CAPACIDAD RESIDUAL PARA LA CONTRATACION DE OBRAS (CR)
K10: 1 | L10: =IF(K10=1,"K COMO CONSTRUCTOR",IF(K10=2,"K COMO CONSULTOR",IF(K10=3,"K COMO PROVEEDOR",""))) -> K COMO CONSTRUCTOR
B12: PROPUESTA No. | C12: PROPONENTE | D12: CAPACIDAD RESIDUAL DEL PROCESO DE CONTRATACIÓN | E12: CAPACIDAD RESIDUAL DEL PROPONENTE (PLIEGO DE CONDICIONES) | F12: CAPACIDAD ORGANIZACIONAL ( PCD) | G12: EXPERIENCIA | H12: CAPACIDAD FINANCIERA | I12: CAPACIDAD TÉCNICA | J12: SALDO DE CONTRATOS EN EJECUCIÓN | K12: ADMISIBLE? | L12: OBSERVACIONES
B13: NUMERO | F13: CO | G13: E | H13: CF | I13: CT | J13: SCE
B15: ='[1]Cap Financiera y Organizacional'!A12 -> 1 | C15: =+PROPONENTE!B14 -> JUAN BERNARDO CAÑON PARRA | D15: =+'Revision económica'!G31 -> 100000000 | E15: =+E16+E17 -> 1.6172361e+09 | K15: =IF(B15-INT(B15)>0,"",IF((E15)>=D15,"ADMISIBLE","NO ADMISIBLE")) -> ADMISIBLE
B16: ='[1]Cap Financiera y Organizacional'!A13 -> 1.1 | C16: =+C15 -> JUAN BERNARDO CAÑON PARRA | D16: =+D15 -> 100000000 | E16: =(F16*((G16+H16+I16)/100))-J16 -> 1.6172361e+09 | F16: 898464488 | G16: ='Puntaje Exp'!I10 -> 120 | H16: ='Puntaje CF'!H10 -> 40 | I16: ='Puntaje CT'!F10 -> 20 | J16: 0
G17: ='Puntaje Exp'!I11 | H17: ='Puntaje CF'!H11 | I17: ='Puntaje CT'!F11
D20: =+D19 -> 0 | G20: ='Puntaje Exp'!I21 | H20: ='Puntaje CF'!H21 | I20: =+'Puntaje CT'!F21
G21: ='Puntaje Exp'!I22 | I21: =+'Puntaje CT'!F22
D24: =+D23 -> 0 | G24: ='Puntaje Exp'!I32 | H24: ='Puntaje CF'!H32 | I24: ='Puntaje CT'!F32
D25: =+D24 -> 0 | G25: ='Puntaje Exp'!I33 | H25: ='Puntaje CF'!H33 | I25: ='Puntaje CT'!F33
D28: =+D27 -> 0 | G28: =+'Puntaje Exp'!I43 | H28: ='Puntaje CF'!H43 | I28: ='Puntaje CT'!F43
C29: ='[1]Cap Financiera y Organizacional'!B26 -> 0 | H29: ='Puntaje CF'!H44 | I29: ='Puntaje CT'!F44
B31: ='[1]Cap Financiera y Organizacional'!A28 -> 5 | C31: ='[1]Cap Financiera y Organizacional'!B28 -> 0 | D31: =+[1]PROPONENTES!S16 -> 0
B32: ='[1]Cap Financiera y Organizacional'!A29 -> 5.1 | C32: ='[1]Cap Financiera y Organizacional'!B29 -> 0 | D32: =+D31 -> 0 | G32: ='Puntaje Exp'!I46 | H32: ='Puntaje CF'!H54 -> 0 | I32: ='Puntaje CT'!F54 | K32: =IF(B32-INT(B32)>0,"",IF((E32)>=D32,"ADMISIBLE","NO ADMISIBLE"))
B35: ='[1]Cap Financiera y Organizacional'!A32 -> 6 | C35: ='[1]Cap Financiera y Organizacional'!B32 -> 0 | D35: =+[1]PROPONENTES!S17 -> 0
B36: ='[1]Cap Financiera y Organizacional'!A33 -> 6.1 | C36: ='[1]Cap Financiera y Organizacional'!B33 -> 0 | D36: =+D35 -> 0 | G36: ='Puntaje Exp'!I49 | H36: ='Puntaje CF'!H65 -> 0 | I36: ='Puntaje CT'!F65
C37: ='[1]Cap Financiera y Organizacional'!B34 -> 0 | G37: ='Puntaje Exp'!I50 | H37: ='Puntaje CF'!H66 | I37: ='Puntaje CT'!F66
B39: ='[1]Cap Financiera y Organizacional'!A36 -> 7 | C39: ='[1]Cap Financiera y Organizacional'!B36 -> 0 | D39: =+[1]PROPONENTES!S18 -> 0
B40: ='[1]Cap Financiera y Organizacional'!A37 -> 7.1 | C40: ='[1]Cap Financiera y Organizacional'!B37 -> 0 | D40: =+D39 -> 0 | G40: ='Puntaje Exp'!I52 | H40: ='Puntaje CF'!H76 -> 0 | I40: ='Puntaje CT'!F76 | K40: =IF(B40-INT(B40)>0,"",IF((E40)>=D40,"ADMISIBLE","NO ADMISIBLE"))
B41: ='[1]Cap Financiera y Organizacional'!A38 -> 0
B43: ='[1]Cap Financiera y Organizacional'!A40 -> 8 | C43: ='[1]Cap Financiera y Organizacional'!B40 -> 0 | D43: =+[1]PROPONENTES!S19 -> 0
B44: ='[1]Cap Financiera y Organizacional'!A41 -> 8.1 | C44: ='[1]Cap Financiera y Organizacional'!B41 -> 0 | D44: =+D43 -> 0 | G44: ='Puntaje Exp'!I55 | H44: ='Puntaje CF'!H87 -> 0 | I44: ='Puntaje CT'!F87 | K44: =IF(B44-INT(B44)>0,"",IF((E44)>=D44,"ADMISIBLE","NO ADMISIBLE"))
I45: ='Puntaje CT'!F88
C46: ='[1]Cap Financiera y Organizacional'!B43 -> 0 | I46: ='Puntaje CT'!F89
B47: ='[1]Cap Financiera y Organizacional'!A44 -> 9 | C47: ='[1]Cap Financiera y Organizacional'!B44 -> 0 | D47: =+[1]PROPONENTES!S23 -> 0 | E47: =(F47*((G47+H47+I47)/100))-J47 -> 0 | K47: =IF((E47)>=D47,"ADMISIBLE","NO ADMISIBLE") -> ADMISIBLE
C48: ='[1]Cap Financiera y Organizacional'!B45 -> 0 | D48: =+D47 -> 0 | E48: =(F48*((G48+H48+I48)/100))-J48 -> #VALUE! | F48: ='Puntaje Exp'!F59 -> 0 | G48: ='Puntaje Exp'!I59 -> 0 | H48: ='Puntaje CF'!H91 | I48: ='Puntaje CT'!F91 | K48: =IF(B48-INT(B48)>0,"",IF((E48)>=D48,"ADMISIBLE","NO ADMISIBLE")) -> #VALUE!
C49: ='[1]Cap Financiera y Organizacional'!B46 -> 0 | D49: =+D47 -> 0 | E49: =(F49*((G49+H49+I49)/100))-J49 -> #VALUE! | F49: ='Puntaje Exp'!F60 -> 0 | G49: ='Puntaje Exp'!I60 -> 0 | H49: ='Puntaje CF'!H92 | I49: ='Puntaje CT'!F92 | K49: =IF(B49-INT(B49)>0,"",IF((E49)>=D49,"ADMISIBLE","NO ADMISIBLE")) -> #VALUE!
C50: ='[1]Cap Financiera y Organizacional'!B47 -> 0 | G50: ='Puntaje Exp'!I61 -> 0 | H50: ='Puntaje CF'!H93 | I50: ='Puntaje CT'!F93 | K50: =IF(B50-INT(B50)>0,"",IF((E50)>=D50,"ADMISIBLE","NO ADMISIBLE")) -> ADMISIBLE
B51: ='[1]Cap Financiera y Organizacional'!A48 -> 10 | C51: ='[1]Cap Financiera y Organizacional'!B48 -> 0 | D51: =+[1]PROPONENTES!S27 -> 0 | E51: =(F51*((G51+H51+I51)/100))-J51 -> 0 | K51: =IF((E51)>=D51,"ADMISIBLE","NO ADMISIBLE") -> ADMISIBLE
C52: ='[1]Cap Financiera y Organizacional'!B49 -> 0 | D52: =+D51 -> 0 | E52: =(F52*((G52+H52+I52)/100))-J52 -> #VALUE! | F52: ='Puntaje Exp'!F63 -> 0 | G52: ='Puntaje Exp'!I63 -> 0 | H52: ='Puntaje CF'!H95 | I52: ='Puntaje CT'!F95 | K52: =IF(B52-INT(B52)>0,"",IF((E52)>=D52,"ADMISIBLE","NO ADMISIBLE")) -> #VALUE!
C53: ='[1]Cap Financiera y Organizacional'!B50 -> 0 | D53: =+D51 -> 0 | E53: =(F53*((G53+H53+I53)/100))-J53 -> #VALUE! | F53: ='Puntaje Exp'!F64 -> 0 | G53: ='Puntaje Exp'!I64 -> 0 | H53: ='Puntaje CF'!H96 | I53: ='Puntaje CT'!F96 | K53: =IF(B53-INT(B53)>0,"",IF((E53)>=D53,"ADMISIBLE","NO ADMISIBLE")) -> #VALUE!
C54: ='[1]Cap Financiera y Organizacional'!B51 -> 0 | G54: ='Puntaje Exp'!I65 -> 0 | H54: ='Puntaje CF'!H97 -> 0 | I54: ='Puntaje CT'!F97 | K54: =IF(B54-INT(B54)>0,"",IF((E54)>=D54,"ADMISIBLE","NO ADMISIBLE")) -> ADMISIBLE
E59: Valor umbral Mipyme en USD | F59: 125000
E60: Valor umbral Mipyme en COP | F60: 457297264 | G60: Colombia Compra Eficiente

Sheet Puntaje Exp
C2: INSTITUTO NACIONAL DE VIAS
C3: =+[1]PRESUPUESTOS!B2 -> DIRECCIÓN TERRITORIAL CASANARE
C4: =+[1]PRESUPUESTOS!B3 -> SA-MC-DT-CAS-004-2023
C5: PUNTAJE POR EXPERIENCIA
C7: OFERTA | D7: PROPONENTE | E7: Porcentaje de Participación para este Proceso (A) | F7: VALOR TOTAL DE LOS CONTRATOS EJECUTADOS (B) | G7: PRESUPUESTO OFICIAL ESTIMADO (POE) (C) | H7: PUNTAJE POR EXPERIENCIA
H8: RESULTADO B / (C * A) | I8: Rangos: Mayor a 0 y Menor o Igual a 3 = 60 Puntos Mayor a 3 y Menor o Igual a 6 = 80 Puntos Mayor a 6 y Menor o Igual a 10 = 100 Puntos Mayor a 10 y Mayores = 120 Puntos
A9: Módulo | C9: 1 | D9: =+PROPONENTE!B14 -> JUAN BERNARDO CAÑON PARRA | E9: =+E10+E11 -> 1 | G9: =IF(OR(D9="",E9="",F9=""),"",IF(C9<>"",IF(ISERROR(VLOOKUP($A$10,[1]POA!$A$2:$D$25,2,0)),"",VLOOKUP($A$10,[1]POA!$A$2:$D$25,2,0)),"")) | H9: =IF(OR(D9="",E9="",F9=""),"",IF(C9<>"",F9/(G9*E9),""))
A10: 1 | C10: 1.1 | D10: =+D9 -> JUAN BERNARDO CAÑON PARRA | E10: 1 | F10: 6.0240134e+09 | G10: =+'FORMULARIO No 2A PFM'!O15 -> 100000000 | H10: =IF(OR(D10="",E10="",F10=""),"",IF(C10<>"",F10/(G10*E10),"")) -> 60.240134 | I10: =IF(OR(C10="",D10="",E10=""),"",IF(AND(H10>0,H10<=3),Puntajes!$D$4,IF(AND(H10>3,H10<=6),Puntajes!$D$5,IF(AND(H10>6,H10<=10),Puntajes!$D$6,IF(H10>10,Puntajes!$D$7,0))))) -> 120
C11: 1.2 | G11: =IF(OR(D11="",E11="",F11=""),"",IF(C11<>"",IF(ISERROR(VLOOKUP($A$10,[1]POA!$A$2:$D$25,2,0)),"",VLOOKUP($A$10,[1]POA!$A$2:$D$25,2,0)),"")) | H11: =IF(OR(D11="",E11="",F11=""),"",IF(C11<>"",F11/(G11*E11),"")) | I11: =IF(OR(C11="",D11="",E11=""),"",IF(AND(H11>0,H11<=Experiencia1),[1]Puntajes!$D$4,IF(AND(H11>Experiencia1,H11<=Experiencia2),[1]Puntajes!$D$5,IF(AND(H11>Experiencia2,H11<=Experiencia3),[1]Puntajes!$D$6,IF(H11>Experiencia3,[1]Puntajes!$D$7,0)))))
D12: =IF(ISERROR(VLOOKUP(C12,'[1]Cap Financiera y Organizacional'!$A$12:$X$62743,2,0)),"",VLOOKUP(C12,'[1]Cap Financiera y Organizacional'!$A$12:$X$3603,2,0)) | G12: =IF(OR(D12="",E12="",F12=""),"",IF(C12<>"",IF(ISERROR(VLOOKUP($A$10,[1]POA!$A$2:$D$25,2,0)),"",VLOOKUP($A$10,[1]POA!$A$2:$D$25,2,0)),"")) | H12: =IF(OR(D12="",E12="",F12=""),"",IF(C12<>"",F12/(G12*E12),"")) | I12: =IF(OR(C12="",D12="",E12=""),"",IF(AND(H12>0,H12<=Experiencia1),[1]Puntajes!$D$4,IF(AND(H12>Experiencia1,H12<=Experiencia2),[1]Puntajes!$D$5,IF(AND(H12>Experiencia2,H12<=Experiencia3),[1]Puntajes!$D$6,IF(H12>Experiencia3,[1]Puntajes!$D$7,0)))))
D13: =IF(ISERROR(VLOOKUP(C13,'[1]Cap Financiera y Organizacional'!$A$12:$X$62743,2,0)),"",VLOOKUP(C13,'[1]Cap Financiera y Organizacional'!$A$12:$X$3603,2,0)) | G13: =IF(OR(D13="",E13="",F13=""),"",IF(C13<>"",IF(ISERROR(VLOOKUP($A$10,[1]POA!$A$2:$D$25,2,0)),"",VLOOKUP($A$10,[1]POA!$A$2:$D$25,2,0)),"")) | H13: =IF(OR(D13="",E13="",F13=""),"",IF(C13<>"",F13/(G13*E13),""))
D14: =IF(ISERROR(VLOOKUP(C14,'[1]Cap Financiera y Organizacional'!$A$12:$X$62743,2,0)),"",VLOOKUP(C14,'[1]Cap Financiera y Organizacional'!$A$12:$X$3603,2,0)) | G14: =IF(OR(D14="",E14="",F14=""),"",IF(C14<>"",IF(ISERROR(VLOOKUP($A$10,[1]POA!$A$2:$D$25,2,0)),"",VLOOKUP($A$10,[1]POA!$A$2:$D$25,2,0)),"")) | H14: =IF(OR(D14="",E14="",F14=""),"",IF(C14<>"",F14/(G14*E14),""))
D15: =IF(ISERROR(VLOOKUP(C15,'[1]Cap Financiera y Organizacional'!$A$12:$X$62743,2,0)),"",VLOOKUP(C15,'[1]Cap Financiera y Organizacional'!$A$12:$X$3603,2,0)) | G15: =IF(OR(D15="",E15="",F15=""),"",IF(C15<>"",IF(ISERROR(VLOOKUP($A$10,[1]POA!$A$2:$D$25,2,0)),"",VLOOKUP($A$10,[1]POA!$A$2:$D$25,2,0)),"")) | H15: =IF(OR(D15="",E15="",F15=""),"",IF(C15<>"",F15/(G15*E15),""))
D16: =IF(ISERROR(VLOOKUP(C16,'[1]Cap Financiera y Organizacional'!$A$12:$X$62743,2,0)),"",VLOOKUP(C16,'[1]Cap Financiera y Organizacional'!$A$12:$X$3603,2,0)) | G16: =IF(OR(D16="",E16="",F16=""),"",IF(C16<>"",IF(ISERROR(VLOOKUP($A$10,[1]POA!$A$2:$D$25,2,0)),"",VLOOKUP($A$10,[1]POA!$A$2:$D$25,2,0)),"")) | H16: =IF(OR(D16="",E16="",F16=""),"",IF(C16<>"",F16/(G16*E16),""))
D17: =IF(ISERROR(VLOOKUP(C17,'[1]Cap Financiera y Organizacional'!$A$12:$X$62743,2,0)),"",VLOOKUP(C17,'[1]Cap Financiera y Organizacional'!$A$12:$X$3603,2,0)) | G17: =IF(OR(D17="",E17="",F17=""),"",IF(C17<>"",IF(ISERROR(VLOOKUP($A$10,[1]POA!$A$2:$D$25,2,0)),"",VLOOKUP($A$10,[1]POA!$A$2:$D$25,2,0)),"")) | H17: =IF(OR(D17="",E17="",F17=""),"",IF(C17<>"",F17/(G17*E17),""))
D18: =IF(ISERROR(VLOOKUP(C18,'[1]Cap Financiera y Organizacional'!$A$12:$X$62743,2,0)),"",VLOOKUP(C18,'[1]Cap Financiera y Organizacional'!$A$12:$X$3603,2,0)) | G18: =IF(OR(D18="",E18="",F18=""),"",IF(C18<>"",IF(ISERROR(VLOOKUP($A$10,[1]POA!$A$2:$D$25,2,0)),"",VLOOKUP($A$10,[1]POA!$A$2:$D$25,2,0)),"")) | H18: =IF(OR(D18="",E18="",F18=""),"",IF(C18<>"",F18/(G18*E18),""))
D19: =IF(ISERROR(VLOOKUP(C19,'[1]Cap Financiera y Organizacional'!$A$12:$X$62743,2,0)),"",VLOOKUP(C19,'[1]Cap Financiera y Organizacional'!$A$12:$X$3603,2,0)) | G19: =IF(OR(D19="",E19="",F19=""),"",IF(C19<>"",IF(ISERROR(VLOOKUP($A$10,[1]POA!$A$2:$D$25,2,0)),"",VLOOKUP($A$10,[1]POA!$A$2:$D$25,2,0)),"")) | H19: =IF(OR(D19="",E19="",F19=""),"",IF(C19<>"",F19/(G19*E19),""))
C20: 2 | E20: =SUM(E21:E22) -> 0 | G20: =IF(OR(D20="",E20="",F20=""),"",IF(C20<>"",IF(ISERROR(VLOOKUP($A$10,[1]POA!$A$2:$D$25,2,0)),"",VLOOKUP($A$10,[1]POA!$A$2:$D$25,2,0)),"")) | H20: =IF(OR(D20="",E20="",F20=""),"",IF(C20<>"",F20/(G20*E20),""))
C21: 2.1 | G21: =IF(OR(D21="",E21="",F21=""),"",IF(C21<>"",IF(ISERROR(VLOOKUP($A$10,[1]POA!$A$2:$D$25,2,0)),"",VLOOKUP($A$10,[1]POA!$A$2:$D$25,2,0)),"")) | H21: =IF(OR(D21="",E21="",F21=""),"",IF(C21<>"",F21/(G21*E21),"")) | I21: =IF(OR(C21="",D21="",E21=""),"",IF(AND(H21>0,H21<=Experiencia1),[1]Puntajes!$D$4,IF(AND(H21>Experiencia1,H21<=Experiencia2),[1]Puntajes!$D$5,IF(AND(H21>Experiencia2,H21<=Experiencia3),[1]Puntajes!$D$6,IF(H21>Experiencia3,[1]Puntajes!$D$7,0)))))
D22: =IF(ISERROR(VLOOKUP(C22,'[1]Cap Financiera y Organizacional'!$A$12:$X$62743,2,0)),"",VLOOKUP(C22,'[1]Cap Financiera y Organizacional'!$A$12:$X$3603,2,0)) | G22: =IF(OR(D22="",E22="",F22=""),"",IF(C22<>"",IF(ISERROR(VLOOKUP($A$10,[1]POA!$A$2:$D$25,2,0)),"",VLOOKUP($A$10,[1]POA!$A$2:$D$25,2,0)),"")) | H22: =IF(OR(D22="",E22="",F22=""),"",IF(C22<>"",F22/(G22*E22),"")) | I22: =IF(OR(C22="",D22="",E22=""),"",IF(AND(H22>0,H22<=Experiencia1),[1]Puntajes!$D$4,IF(AND(H22>Experiencia1,H22<=Experiencia2),[1]Puntajes!$D$5,IF(AND(H22>Experiencia2,H22<=Experiencia3),[1]Puntajes!$D$6,IF(H22>Experiencia3,[1]Puntajes!$D$7,0)))))
D23: =IF(ISERROR(VLOOKUP(C23,'[1]Cap Financiera y Organizacional'!$A$12:$X$62743,2,0)),"",VLOOKUP(C23,'[1]Cap Financiera y Organizacional'!$A$12:$X$3603,2,0)) | F23: 0 | G23: =IF(OR(D23="",E23="",F23=""),"",IF(C23<>"",IF(ISERROR(VLOOKUP($A$10,[1]POA!$A$2:$D$25,2,0)),"",VLOOKUP($A$10,[1]POA!$A$2:$D$25,2,0)),"")) | H23: =IF(OR(D23="",E23="",F23=""),"",IF(C23<>"",F23/(G23*E23),"")) | I23: =IF(OR(C23="",D23="",E23=""),"",IF(AND(H23>0,H23<=Experiencia1),[1]Puntajes!$D$4,IF(AND(H23>Experiencia1,H23<=Experiencia2),[1]Puntajes!$D$5,IF(AND(H23>Experiencia2,H23<=Experiencia3),[1]Puntajes!$D$6,IF(H23>Experiencia3,[1]Puntajes!$D$7,0)))))
D24: =IF(ISERROR(VLOOKUP(C24,'[1]Cap Financiera y Organizacional'!$A$12:$X$62743,2,0)),"",VLOOKUP(C24,'[1]Cap Financiera y Organizacional'!$A$12:$X$3603,2,0)) | G24: =IF(OR(D24="",E24="",F24=""),"",IF(C24<>"",IF(ISERROR(VLOOKUP($A$10,[1]POA!$A$2:$D$25,2,0)),"",VLOOKUP($A$10,[1]POA!$A$2:$D$25,2,0)),"")) | H24: =IF(OR(D24="",E24="",F24=""),"",IF(C24<>"",F24/(G24*E24),"")) | I24: =IF(OR(C24="",D24="",E24=""),"",IF(AND(H24>0,H24<=Experiencia1),[1]Puntajes!$D$4,IF(AND(H24>Experiencia1,H24<=Experiencia2),[1]Puntajes!$D$5,IF(AND(H24>Experiencia2,H24<=Experiencia3),[1]Puntajes!$D$6,IF(H24>Experiencia3,[1]Puntajes!$D$7,0)))))
D25: =IF(ISERROR(VLOOKUP(C25,'[1]Cap Financiera y Organizacional'!$A$12:$X$62743,2,0)),"",VLOOKUP(C25,'[1]Cap Financiera y Organizacional'!$A$12:$X$3603,2,0)) | G25: =IF(OR(D25="",E25="",F25=""),"",IF(C25<>"",IF(ISERROR(VLOOKUP($A$10,[1]POA!$A$2:$D$25,2,0)),"",VLOOKUP($A$10,[1]POA!$A$2:$D$25,2,0)),"")) | H25: =IF(OR(D25="",E25="",F25=""),"",IF(C25<>"",F25/(G25*E25),"")) | I25: =IF(OR(C25="",D25="",E25=""),"",IF(AND(H25>0,H25<=Experiencia1),[1]Puntajes!$D$4,IF(AND(H25>Experiencia1,H25<=Experiencia2),[1]Puntajes!$D$5,IF(AND(H25>Experiencia2,H25<=Experiencia3),[1]Puntajes!$D$6,IF(H25>Experiencia3,[1]Puntajes!$D$7,0)))))
D26: =IF(ISERROR(VLOOKUP(C26,'[1]Cap Financiera y Organizacional'!$A$12:$X$62743,2,0)),"",VLOOKUP(C26,'[1]Cap Financiera y Organizacional'!$A$12:$X$3603,2,0)) | G26: =IF(OR(D26="",E26="",F26=""),"",IF(C26<>"",IF(ISERROR(VLOOKUP($A$10,[1]POA!$A$2:$D$25,2,0)),"",VLOOKUP($A$10,[1]POA!$A$2:$D$25,2,0)),"")) | H26: =IF(OR(D26="",E26="",F26=""),"",IF(C26<>"",F26/(G26*E26),"")) | I26: =IF(OR(C26="",D26="",E26=""),"",IF(AND(H26>0,H26<=Experiencia1),[1]Puntajes!$D$4,IF(AND(H26>Experiencia1,H26<=Experiencia2),[1]Puntajes!$D$5,IF(AND(H26>Experiencia2,H26<=Experiencia3),[1]Puntajes!$D$6,IF(H26>Experiencia3,[1]Puntajes!$D$7,0)))))
D27: =IF(ISERROR(VLOOKUP(C27,'[1]Cap Financiera y Organizacional'!$A$12:$X$62743,2,0)),"",VLOOKUP(C27,'[1]Cap Financiera y Organizacional'!$A$12:$X$3603,2,0)) | G27: =IF(OR(D27="",E27="",F27=""),"",IF(C27<>"",IF(ISERROR(VLOOKUP($A$10,[1]POA!$A$2:$D$25,2,0)),"",VLOOKUP($A$10,[1]POA!$A$2:$D$25,2,0)),"")) | H27: =IF(OR(D27="",E27="",F27=""),"",IF(C27<>"",F27/(G27*E27),"")) | I27: =IF(OR(C27="",D27="",E27=""),"",IF(AND(H27>0,H27<=Experiencia1),[1]Puntajes!$D$4,IF(AND(H27>Experiencia1,H27<=Experiencia2),[1]Puntajes!$D$5,IF(AND(H27>Experiencia2,H27<=Experiencia3),[1]Puntajes!$D$6,IF(H27>Experiencia3,[1]Puntajes!$D$7,0)))))
D28: =IF(ISERROR(VLOOKUP(C28,'[1]Cap Financiera y Organizacional'!$A$12:$X$62743,2,0)),"",VLOOKUP(C28,'[1]Cap Financiera y Organizacional'!$A$12:$X$3603,2,0)) | G28: =IF(OR(D28="",E28="",F28=""),"",IF(C28<>"",IF(ISERROR(VLOOKUP($A$10,[1]POA!$A$2:$D$25,2,0)),"",VLOOKUP($A$10,[1]POA!$A$2:$D$25,2,0)),"")) | H28: =IF(OR(D28="",E28="",F28=""),"",IF(C28<>"",F28/(G28*E28),"")) | I28: =IF(OR(C28="",D28="",E28=""),"",IF(AND(H28>0,H28<=Experiencia1),[1]Puntajes!$D$4,IF(AND(H28>Experiencia1,H28<=Experiencia2),[1]Puntajes!$D$5,IF(AND(H28>Experiencia2,H28<=Experiencia3),[1]Puntajes!$D$6,IF(H28>Experiencia3,[1]Puntajes!$D$7,0)))))
D29: =IF(ISERROR(VLOOKUP(C29,'[1]Cap Financiera y Organizacional'!$A$12:$X$62743,2,0)),"",VLOOKUP(C29,'[1]Cap Financiera y Organizacional'!$A$12:$X$3603,2,0)) | G29: =IF(OR(D29="",E29="",F29=""),"",IF(C29<>"",IF(ISERROR(VLOOKUP($A$10,[1]POA!$A$2:$D$25,2,0)),"",VLOOKUP($A$10,[1]POA!$A$2:$D$25,2,0)),"")) | H29: =IF(OR(D29="",E29="",F29=""),"",IF(C29<>"",F29/(G29*E29),"")) | I29: =IF(OR(C29="",D29="",E29=""),"",IF(AND(H29>0,H29<=Experiencia1),[1]Puntajes!$D$4,IF(AND(H29>Experiencia1,H29<=Experiencia2),[1]Puntajes!$D$5,IF(AND(H29>Experiencia2,H29<=Experiencia3),[1]Puntajes!$D$6,IF(H29>Experiencia3,[1]Puntajes!$D$7,0)))))
D30: =IF(ISERROR(VLOOKUP(C30,'[1]Cap Financiera y Organizacional'!$A$12:$X$62743,2,0)),"",VLOOKUP(C30,'[1]Cap Financiera y Organizacional'!$A$12:$X$3603,2,0)) | G30: =IF(OR(D30="",E30="",F30=""),"",IF(C30<>"",IF(ISERROR(VLOOKUP($A$10,[1]POA!$A$2:$D$25,2,0)),"",VLOOKUP($A$10,[1]POA!$A$2:$D$25,2,0)),"")) | H30: =IF(OR(D30="",E30="",F30=""),"",IF(C30<>"",F30/(G30*E30),"")) | I30: =IF(OR(C30="",D30="",E30=""),"",IF(AND(H30>0,H30<=Experiencia1),[1]Puntajes!$D$4,IF(AND(H30>Experiencia1,H30<=Experiencia2),[1]Puntajes!$D$5,IF(AND(H30>Experiencia2,H30<=Experiencia3),[1]Puntajes!$D$6,IF(H30>Experiencia3,[1]Puntajes!$D$7,0)))))
C31: 3 | E31: =+E32+E33+E34 -> 0 | G31: =IF(OR(D31="",E31="",F31=""),"",IF(C32="",IF(C31<>"",IF(ISERROR(VLOOKUP($A$10,[3]POA!$A$2:$D$25,2,0)),"",VLOOKUP($A$10,[3]POA!$A$2:$D$25,2,0)),""),"")) | H31: =IF(OR(D31="",E31="",F31=""),"",IF(C32="",IF(C31<>"",F31/G31,""),"")) | I31: =IF(C32="",IF(F31="","",IF(AND(H31>0,H31<=Experiencia1),[3]Puntajes!$D$4,IF(AND(H31>Experiencia1,H31<=Experiencia2),[3]Puntajes!$D$5,IF(AND(H31>Experiencia2,H31<=Experiencia3),[3]Puntajes!$D$6,IF(H31>Experiencia3,[3]Puntajes!$D$7,0))))),"")
C32: 3.1 | G32: =IF(OR(D32="",E32="",F32=""),"",IF(C32<>"",IF(ISERROR(VLOOKUP($A$10,[1]POA!$A$2:$D$25,2,0)),"",VLOOKUP($A$10,[1]POA!$A$2:$D$25,2,0)),"")) | H32: =IF(OR(D32="",E32="",F32=""),"",IF(C32<>"",F32/(G32*E32),"")) | I32: =IF(OR(C32="",D32="",E32=""),"",IF(AND(H32>0,H32<=Experiencia1),[1]Puntajes!$D$4,IF(AND(H32>Experiencia1,H32<=Experiencia2),[1]Puntajes!$D$5,IF(AND(H32>Experiencia2,H32<=Experiencia3),[1]Puntajes!$D$6,IF(H32>Experiencia3,[1]Puntajes!$D$7,0)))))
C33: 3.2 | G33: =IF(OR(D33="",E33="",F33=""),"",IF(C33<>"",IF(ISERROR(VLOOKUP($A$10,[1]POA!$A$2:$D$25,2,0)),"",VLOOKUP($A$10,[1]POA!$A$2:$D$25,2,0)),"")) | H33: =IF(OR(D33="",E33="",F33=""),"",IF(C33<>"",F33/(G33*E33),"")) | I33: =IF(OR(C33="",D33="",E33=""),"",IF(AND(H33>0,H33<=Experiencia1),[1]Puntajes!$D$4,IF(AND(H33>Experiencia1,H33<=Experiencia2),[1]Puntajes!$D$5,IF(AND(H33>Experiencia2,H33<=Experiencia3),[1]Puntajes!$D$6,IF(H33>Experiencia3,[1]Puntajes!$D$7,0)))))
D34: =IF(ISERROR(VLOOKUP(C34,'[1]Cap Financiera y Organizacional'!$A$12:$X$62743,2,0)),"",VLOOKUP(C34,'[1]Cap Financiera y Organizacional'!$A$12:$X$3603,2,0)) | F34: 0 | G34: =IF(OR(D34="",E34="",F34=""),"",IF(C34<>"",IF(ISERROR(VLOOKUP($A$10,[1]POA!$A$2:$D$25,2,0)),"",VLOOKUP($A$10,[1]POA!$A$2:$D$25,2,0)),"")) | H34: =IF(OR(D34="",E34="",F34=""),"",IF(C34<>"",F34/(G34*E34),"")) | I34: =IF(OR(C34="",D34="",E34=""),"",IF(AND(H34>0,H34<=Experiencia1),[1]Puntajes!$D$4,IF(AND(H34>Experiencia1,H34<=Experiencia2),[1]Puntajes!$D$5,IF(AND(H34>Experiencia2,H34<=Experiencia3),[1]Puntajes!$D$6,IF(H34>Experiencia3,[1]Puntajes!$D$7,0)))))
D35: =IF(ISERROR(VLOOKUP(C35,'[1]Cap Financiera y Organizacional'!$A$12:$X$62743,2,0)),"",VLOOKUP(C35,'[1]Cap Financiera y Organizacional'!$A$12:$X$3603,2,0)) | G35: =IF(OR(D35="",E35="",F35=""),"",IF(C35<>"",IF(ISERROR(VLOOKUP($A$10,[1]POA!$A$2:$D$25,2,0)),"",VLOOKUP($A$10,[1]POA!$A$2:$D$25,2,0)),"")) | H35: =IF(OR(D35="",E35="",F35=""),"",IF(C35<>"",F35/(G35*E35),"")) | I35: =IF(OR(C35="",D35="",E35=""),"",IF(AND(H35>0,H35<=Experiencia1),[1]Puntajes!$D$4,IF(AND(H35>Experiencia1,H35<=Experiencia2),[1]Puntajes!$D$5,IF(AND(H35>Experiencia2,H35<=Experiencia3),[1]Puntajes!$D$6,IF(H35>Experiencia3,[1]Puntajes!$D$7,0)))))
D36: =IF(ISERROR(VLOOKUP(C36,'[1]Cap Financiera y Organizacional'!$A$12:$X$62743,2,0)),"",VLOOKUP(C36,'[1]Cap Financiera y Organizacional'!$A$12:$X$3603,2,0)) | G36: =IF(OR(D36="",E36="",F36=""),"",IF(C36<>"",IF(ISERROR(VLOOKUP($A$10,[1]POA!$A$2:$D$25,2,0)),"",VLOOKUP($A$10,[1]POA!$A$2:$D$25,2,0)),"")) | H36: =IF(OR(D36="",E36="",F36=""),"",IF(C36<>"",F36/(G36*E36),"")) | I36: =IF(OR(C36="",D36="",E36=""),"",IF(AND(H36>0,H36<=Experiencia1),[1]Puntajes!$D$4,IF(AND(H36>Experiencia1,H36<=Experiencia2),[1]Puntajes!$D$5,IF(AND(H36>Experiencia2,H36<=Experiencia3),[1]Puntajes!$D$6,IF(H36>Experiencia3,[1]Puntajes!$D$7,0)))))
D37: =IF(ISERROR(VLOOKUP(C37,'[1]Cap Financiera y Organizacional'!$A$12:$X$62743,2,0)),"",VLOOKUP(C37,'[1]Cap Financiera y Organizacional'!$A$12:$X$3603,2,0)) | G37: =IF(OR(D37="",E37="",F37=""),"",IF(C37<>"",IF(ISERROR(VLOOKUP($A$10,[1]POA!$A$2:$D$25,2,0)),"",VLOOKUP($A$10,[1]POA!$A$2:$D$25,2,0)),"")) | H37: =IF(OR(D37="",E37="",F37=""),"",IF(C37<>"",F37/(G37*E37),"")) | I37: =IF(OR(C37="",D37="",E37=""),"",IF(AND(H37>0,H37<=Experiencia1),[1]Puntajes!$D$4,IF(AND(H37>Experiencia1,H37<=Experiencia2),[1]Puntajes!$D$5,IF(AND(H37>Experiencia2,H37<=Experiencia3),[1]Puntajes!$D$6,IF(H37>Experiencia3,[1]Puntajes!$D$7,0)))))
D38: =IF(ISERROR(VLOOKUP(C38,'[1]Cap Financiera y Organizacional'!$A$12:$X$62743,2,0)),"",VLOOKUP(C38,'[1]Cap Financiera y Organizacional'!$A$12:$X$3603,2,0)) | G38: =IF(OR(D38="",E38="",F38=""),"",IF(C38<>"",IF(ISERROR(VLOOKUP($A$10,[1]POA!$A$2:$D$25,2,0)),"",VLOOKUP($A$10,[1]POA!$A$2:$D$25,2,0)),"")) | H38: =IF(OR(D38="",E38="",F38=""),"",IF(C38<>"",F38/(G38*E38),"")) | I38: =IF(OR(C38="",D38="",E38=""),"",IF(AND(H38>0,H38<=Experiencia1),[1]Puntajes!$D$4,IF(AND(H38>Experiencia1,H38<=Experiencia2),[1]Puntajes!$D$5,IF(AND(H38>Experiencia2,H38<=Experiencia3),[1]Puntajes!$D$6,IF(H38>Experiencia3,[1]Puntajes!$D$7,0)))))
D39: =IF(ISERROR(VLOOKUP(C39,'[1]Cap Financiera y Organizacional'!$A$12:$X$62743,2,0)),"",VLOOKUP(C39,'[1]Cap Financiera y Organizacional'!$A$12:$X$3603,2,0)) | G39: =IF(OR(D39="",E39="",F39=""),"",IF(C39<>"",IF(ISERROR(VLOOKUP($A$10,[1]POA!$A$2:$D$25,2,0)),"",VLOOKUP($A$10,[1]POA!$A$2:$D$25,2,0)),"")) | H39: =IF(OR(D39="",E39="",F39=""),"",IF(C39<>"",F39/(G39*E39),"")) | I39: =IF(OR(C39="",D39="",E39=""),"",IF(AND(H39>0,H39<=Experiencia1),[1]Puntajes!$D$4,IF(AND(H39>Experiencia1,H39<=Experiencia2),[1]Puntajes!$D$5,IF(AND(H39>Experiencia2,H39<=Experiencia3),[1]Puntajes!$D$6,IF(H39>Experiencia3,[1]Puntajes!$D$7,0)))))
D40: =IF(ISERROR(VLOOKUP(C40,'[1]Cap Financiera y Organizacional'!$A$12:$X$62743,2,0)),"",VLOOKUP(C40,'[1]Cap Financiera y Organizacional'!$A$12:$X$3603,2,0)) | G40: =IF(OR(D40="",E40="",F40=""),"",IF(C40<>"",IF(ISERROR(VLOOKUP($A$10,[1]POA!$A$2:$D$25,2,0)),"",VLOOKUP($A$10,[1]POA!$A$2:$D$25,2,0)),"")) | H40: =IF(OR(D40="",E40="",F40=""),"",IF(C40<>"",F40/(G40*E40),"")) | I40: =IF(OR(C40="",D40="",E40=""),"",IF(AND(H40>0,H40<=Experiencia1),[1]Puntajes!$D$4,IF(AND(H40>Experiencia1,H40<=Experiencia2),[1]Puntajes!$D$5,IF(AND(H40>Experiencia2,H40<=Experiencia3),[1]Puntajes!$D$6,IF(H40>Experiencia3,[1]Puntajes!$D$7,0)))))
D41: =IF(ISERROR(VLOOKUP(C41,'[1]Cap Financiera y Organizacional'!$A$12:$X$62743,2,0)),"",VLOOKUP(C41,'[1]Cap Financiera y Organizacional'!$A$12:$X$3603,2,0)) | G41: =IF(OR(D41="",E41="",F41=""),"",IF(C41<>"",IF(ISERROR(VLOOKUP($A$10,[1]POA!$A$2:$D$25,2,0)),"",VLOOKUP($A$10,[1]POA!$A$2:$D$25,2,0)),"")) | H41: =IF(OR(D41="",E41="",F41=""),"",IF(C41<>"",F41/(G41*E41),"")) | I41: =IF(OR(C41="",D41="",E41=""),"",IF(AND(H41>0,H41<=Experiencia1),[1]Puntajes!$D$4,IF(AND(H41>Experiencia1,H41<=Experiencia2),[1]Puntajes!$D$5,IF(AND(H41>Experiencia2,H41<=Experiencia3),[1]Puntajes!$D$6,IF(H41>Experiencia3,[1]Puntajes!$D$7,0)))))
C42: 4 | E42: =+E43+E44 -> 0 | G42: =IF(OR(D42="",E42="",F42=""),"",IF(C42<>"",IF(ISERROR(VLOOKUP($A$10,[1]POA!$A$2:$D$25,2,0)),"",VLOOKUP($A$10,[1]POA!$A$2:$D$25,2,0)),"")) | H42: =IF(OR(D42="",E42="",F42=""),"",IF(C43="",IF(C42<>"",F42/G42,""),"")) | I42: =IF(C43="",IF(F42="","",IF(AND(H42>0,H42<=Experiencia1),[3]Puntajes!$D$4,IF(AND(H42>Experiencia1,H42<=Experiencia2),[3]Puntajes!$D$5,IF(AND(H42>Experiencia2,H42<=Experiencia3),[3]Puntajes!$D$6,IF(H42>Experiencia3,[3]Puntajes!$D$7,0))))),"")
C43: 4.1 | G43: =IF(OR(D43="",E43="",F43=""),"",IF(C43<>"",IF(ISERROR(VLOOKUP($A$10,[1]POA!$A$2:$D$25,2,0)),"",VLOOKUP($A$10,[1]POA!$A$2:$D$25,2,0)),"")) | H43: =IF(OR(D43="",E43="",F43=""),"",IF(C43<>"",F43/(G43*E43),"")) | I43: =IF(OR(C43="",D43="",E43=""),"",IF(AND(H43>0,H43<=Experiencia1),[1]Puntajes!$D$4,IF(AND(H43>Experiencia1,H43<=Experiencia2),[1]Puntajes!$D$5,IF(AND(H43>Experiencia2,H43<=Experiencia3),[1]Puntajes!$D$6,IF(H43>Experiencia3,[1]Puntajes!$D$7,0)))))
D44: =IF(ISERROR(VLOOKUP(C44,'[1]Cap Financiera y Organizacional'!$A$12:$X$62743,2,0)),"",VLOOKUP(C44,'[1]Cap Financiera y Organizacional'!$A$12:$X$3603,2,0)) | G44: =IF(OR(D44="",E44="",F44=""),"",IF(C44<>"",IF(ISERROR(VLOOKUP($A$10,[1]POA!$A$2:$D$25,2,0)),"",VLOOKUP($A$10,[1]POA!$A$2:$D$25,2,0)),"")) | H44: =IF(OR(D44="",E44="",F44=""),"",IF(C44<>"",F44/(G44*E44),""))
C45: 5 | D45: =IF(ISERROR(VLOOKUP(C45,'[1]Cap Financiera y Organizacional'!$A$12:$X$62743,2,0)),"",VLOOKUP(C45,'[1]Cap Financiera y Organizacional'!$A$12:$X$3603,2,0)) -> 0 | E45: =+E46+E47 -> 0 | G45: =IF(OR(D45="",E45="",F45=""),"",IF(C46="",IF(C45<>"",IF(ISERROR(VLOOKUP($A$10,[3]POA!$A$2:$D$25,2,0)),"",VLOOKUP($A$10,[3]POA!$A$2:$D$25,2,0)),""),"")) | H45: =IF(OR(D45="",E45="",F45=""),"",IF(C46="",IF(C45<>"",F45/G45,""),"")) | I45: =IF(C46="",IF(F45="","",IF(AND(H45>0,H45<=Experiencia1),[3]Puntajes!$D$4,IF(AND(H45>Experiencia1,H45<=Experiencia2),[3]Puntajes!$D$5,IF(AND(H45>Experiencia2,H45<=Experiencia3),[3]Puntajes!$D$6,IF(H45>Experiencia3,[3]Puntajes!$D$7,0))))),"")
C46: 5.1 | D46: =IF(ISERROR(VLOOKUP(C46,'[1]Cap Financiera y Organizacional'!$A$12:$X$62743,2,0)),"",VLOOKUP(C46,'[1]Cap Financiera y Organizacional'!$A$12:$X$3603,2,0)) -> 0 | G46: =IF(OR(D46="",E46="",F46=""),"",IF(C46<>"",IF(ISERROR(VLOOKUP($A$10,[1]POA!$A$2:$D$25,2,0)),"",VLOOKUP($A$10,[1]POA!$A$2:$D$25,2,0)),"")) | H46: =IF(OR(D46="",E46="",F46=""),"",IF(C46<>"",F46/(G46*E46),"")) | I46: =IF(OR(C46="",D46="",E46=""),"",IF(AND(H46>0,H46<=Experiencia1),[1]Puntajes!$D$4,IF(AND(H46>Experiencia1,H46<=Experiencia2),[1]Puntajes!$D$5,IF(AND(H46>Experiencia2,H46<=Experiencia3),[1]Puntajes!$D$6,IF(H46>Experiencia3,[1]Puntajes!$D$7,0)))))
D47: =IF(ISERROR(VLOOKUP(C47,'[1]Cap Financiera y Organizacional'!$A$12:$X$62743,2,0)),"",VLOOKUP(C47,'[1]Cap Financiera y Organizacional'!$A$12:$X$3603,2,0)) | G47: =IF(OR(D47="",E47="",F47=""),"",IF(C47<>"",IF(ISERROR(VLOOKUP($A$10,[1]POA!$A$2:$D$25,2,0)),"",VLOOKUP($A$10,[1]POA!$A$2:$D$25,2,0)),"")) | H47: =IF(OR(D47="",E47="",F47=""),"",IF(C47<>"",F47/(G47*E47),""))
C48: 6 | D48: =IF(ISERROR(VLOOKUP(C48,'[1]Cap Financiera y Organizacional'!$A$12:$X$62743,2,0)),"",VLOOKUP(C48,'[1]Cap Financiera y Organizacional'!$A$12:$X$3603,2,0)) -> 0 | E48: =+E49+E50 -> 0 | G48: =IF(OR(D48="",E48="",F48=""),"",IF(C49="",IF(C48<>"",IF(ISERROR(VLOOKUP($A$10,[3]POA!$A$2:$D$25,2,0)),"",VLOOKUP($A$10,[3]POA!$A$2:$D$25,2,0)),""),"")) | H48: =IF(OR(D48="",E48="",F48=""),"",IF(C49="",IF(C48<>"",F48/G48,""),"")) | I48: =IF(C49="",IF(F48="","",IF(AND(H48>0,H48<=Experiencia1),[3]Puntajes!$D$4,IF(AND(H48>Experiencia1,H48<=Experiencia2),[3]Puntajes!$D$5,IF(AND(H48>Experiencia2,H48<=Experiencia3),[3]Puntajes!$D$6,IF(H48>Experiencia3,[3]Puntajes!$D$7,0))))),"") | J48: =IF(ISERROR(VLOOKUP(I48,'[1]Cap Financiera y Organizacional'!$A$12:$X$62743,2,0)),"",VLOOKUP(I48,'[1]Cap Financiera y Organizacional'!$A$12:$X$3603,2,0))
C49: 6.1 | D49: =IF(ISERROR(VLOOKUP(C49,'[1]Cap Financiera y Organizacional'!$A$12:$X$62743,2,0)),"",VLOOKUP(C49,'[1]Cap Financiera y Organizacional'!$A$12:$X$3603,2,0)) -> 0 | G49: =IF(OR(D49="",E49="",F49=""),"",IF(C49<>"",IF(ISERROR(VLOOKUP($A$10,[1]POA!$A$2:$D$25,2,0)),"",VLOOKUP($A$10,[1]POA!$A$2:$D$25,2,0)),"")) | H49: =IF(OR(D49="",E49="",F49=""),"",IF(C49<>"",F49/(G49*E49),"")) | I49: =IF(OR(C49="",D49="",E49=""),"",IF(AND(H49>0,H49<=Experiencia1),[1]Puntajes!$D$4,IF(AND(H49>Experiencia1,H49<=Experiencia2),[1]Puntajes!$D$5,IF(AND(H49>Experiencia2,H49<=Experiencia3),[1]Puntajes!$D$6,IF(H49>Experiencia3,[1]Puntajes!$D$7,0)))))
D50: =IF(ISERROR(VLOOKUP(C50,'[1]Cap Financiera y Organizacional'!$A$12:$X$62743,2,0)),"",VLOOKUP(C50,'[1]Cap Financiera y Organizacional'!$A$12:$X$3603,2,0)) | G50: =IF(OR(D50="",E50="",F50=""),"",IF(C50<>"",IF(ISERROR(VLOOKUP($A$10,[1]POA!$A$2:$D$25,2,0)),"",VLOOKUP($A$10,[1]POA!$A$2:$D$25,2,0)),"")) | H50: =IF(OR(D50="",E50="",F50=""),"",IF(C50<>"",F50/(G50*E50),"")) | I50: =IF(OR(C50="",D50="",E50=""),"",IF(AND(H50>0,H50<=Experiencia1),[1]Puntajes!$D$4,IF(AND(H50>Experiencia1,H50<=Experiencia2),[1]Puntajes!$D$5,IF(AND(H50>Experiencia2,H50<=Experiencia3),[1]Puntajes!$D$6,IF(H50>Experiencia3,[1]Puntajes!$D$7,0)))))
C51: 7 | D51: =IF(ISERROR(VLOOKUP(C51,'[1]Cap Financiera y Organizacional'!$A$12:$X$62743,2,0)),"",VLOOKUP(C51,'[1]Cap Financiera y Organizacional'!$A$12:$X$3603,2,0)) -> 0 | E51: =+E52+E53 -> 0 | G51: =IF(OR(D51="",E51="",F51=""),"",IF(C52="",IF(C51<>"",IF(ISERROR(VLOOKUP($A$10,[3]POA!$A$2:$D$25,2,0)),"",VLOOKUP($A$10,[3]POA!$A$2:$D$25,2,0)),""),"")) | H51: =IF(OR(D51="",E51="",F51=""),"",IF(C52="",IF(C51<>"",F51/G51,""),"")) | I51: =IF(C52="",IF(F51="","",IF(AND(H51>0,H51<=Experiencia1),[3]Puntajes!$D$4,IF(AND(H51>Experiencia1,H51<=Experiencia2),[3]Puntajes!$D$5,IF(AND(H51>Experiencia2,H51<=Experiencia3),[3]Puntajes!$D$6,IF(H51>Experiencia3,[3]Puntajes!$D$7,0))))),"")
C52: 7.1 | D52: =IF(ISERROR(VLOOKUP(C52,'[1]Cap Financiera y Organizacional'!$A$12:$X$62743,2,0)),"",VLOOKUP(C52,'[1]Cap Financiera y Organizacional'!$A$12:$X$3603,2,0)) -> 0 | G52: =IF(OR(D52="",E52="",F52=""),"",IF(C52<>"",IF(ISERROR(VLOOKUP($A$10,[1]POA!$A$2:$D$25,2,0)),"",VLOOKUP($A$10,[1]POA!$A$2:$D$25,2,0)),"")) | H52: =IF(OR(D52="",E52="",F52=""),"",IF(C52<>"",F52/(G52*E52),"")) | I52: =IF(OR(C52="",D52="",E52=""),"",IF(AND(H52>0,H52<=Experiencia1),[1]Puntajes!$D$4,IF(AND(H52>Experiencia1,H52<=Experiencia2),[1]Puntajes!$D$5,IF(AND(H52>Experiencia2,H52<=Experiencia3),[1]Puntajes!$D$6,IF(H52>Experiencia3,[1]Puntajes!$D$7,0)))))
D53: =IF(ISERROR(VLOOKUP(C53,'[1]Cap Financiera y Organizacional'!$A$12:$X$62743,2,0)),"",VLOOKUP(C53,'[1]Cap Financiera y Organizacional'!$A$12:$X$3603,2,0)) | G53: =IF(OR(D53="",E53="",F53=""),"",IF(C53<>"",IF(ISERROR(VLOOKUP($A$10,[1]POA!$A$2:$D$25,2,0)),"",VLOOKUP($A$10,[1]POA!$A$2:$D$25,2,0)),"")) | H53: =IF(OR(D53="",E53="",F53=""),"",IF(C53<>"",F53/(G53*E53),"")) | I53: =IF(OR(C53="",D53="",E53=""),"",IF(AND(H53>0,H53<=Experiencia1),[1]Puntajes!$D$4,IF(AND(H53>Experiencia1,H53<=Experiencia2),[1]Puntajes!$D$5,IF(AND(H53>Experiencia2,H53<=Experiencia3),[1]Puntajes!$D$6,IF(H53>Experiencia3,[1]Puntajes!$D$7,0)))))
C54: 8 | D54: =IF(ISERROR(VLOOKUP(C54,'[1]Cap Financiera y Organizacional'!$A$12:$X$62743,2,0)),"",VLOOKUP(C54,'[1]Cap Financiera y Organizacional'!$A$12:$X$3603,2,0)) -> 0 | E54: =+E55+E56+E57 -> 0 | G54: =IF(OR(D54="",E54="",F54=""),"",IF(C55="",IF(C54<>"",IF(ISERROR(VLOOKUP($A$10,[3]POA!$A$2:$D$25,2,0)),"",VLOOKUP($A$10,[3]POA!$A$2:$D$25,2,0)),""),"")) | H54: =IF(OR(D54="",E54="",F54=""),"",IF(C55="",IF(C54<>"",F54/G54,""),"")) | I54: =IF(C55="",IF(F54="","",IF(AND(H54>0,H54<=Experiencia1),[3]Puntajes!$D$4,IF(AND(H54>Experiencia1,H54<=Experiencia2),[3]Puntajes!$D$5,IF(AND(H54>Experiencia2,H54<=Experiencia3),[3]Puntajes!$D$6,IF(H54>Experiencia3,[3]Puntajes!$D$7,0))))),"")
C55: 8.1 | D55: =IF(ISERROR(VLOOKUP(C55,'[1]Cap Financiera y Organizacional'!$A$12:$X$62743,2,0)),"",VLOOKUP(C55,'[1]Cap Financiera y Organizacional'!$A$12:$X$3603,2,0)) -> 0 | G55: =IF(OR(D55="",E55="",F55=""),"",IF(C55<>"",IF(ISERROR(VLOOKUP($A$10,[1]POA!$A$2:$D$25,2,0)),"",VLOOKUP($A$10,[1]POA!$A$2:$D$25,2,0)),"")) | H55: =IF(OR(D55="",E55="",F55=""),"",IF(C55<>"",F55/(G55*E55),"")) | I55: =IF(OR(C55="",D55="",E55=""),"",IF(AND(H55>0,H55<=Experiencia1),[1]Puntajes!$D$4,IF(AND(H55>Experiencia1,H55<=Experiencia2),[1]Puntajes!$D$5,IF(AND(H55>Experiencia2,H55<=Experiencia3),[1]Puntajes!$D$6,IF(H55>Experiencia3,[1]Puntajes!$D$7,0)))))
D87: =IF(ISERROR(VLOOKUP(C87,'[3]Capacidad Financiera'!$B$12:$X$62720,2,0)),"",VLOOKUP(C87,'[3]Capacidad Financiera'!$B$12:$X$3580,2,0)) | E87: =IF(ISERROR(VLOOKUP(C87,'[3]Capacidad Financiera'!$B$12:$X$62720,3,0)),"",VLOOKUP(C87,'[3]Capacidad Financiera'!$B$12:$X$62720,3,0)) | G87: =IF(OR(D87="",E87="",F87=""),"",IF(C88="",IF(C87<>"",IF(ISERROR(VLOOKUP($A$10,[3]POA!$A$2:$D$25,2,0)),"",VLOOKUP($A$10,[3]POA!$A$2:$D$25,2,0)),""),"")) | H87: =IF(OR(D87="",E87="",F87=""),"",IF(C88="",IF(C87<>"",F87/G87,""),"")) | I87: =IF(C88="",IF(F87="","",IF(AND(H87>0,H87<=Experiencia1),[3]Puntajes!$D$4,IF(AND(H87>Experiencia1,H87<=Experiencia2),[3]Puntajes!$D$5,IF(AND(H87>Experiencia2,H87<=Experiencia3),[3]Puntajes!$D$6,IF(H87>Experiencia3,[3]Puntajes!$D$7,0))))),"")
D88: =IF(ISERROR(VLOOKUP(C88,'[3]Capacidad Financiera'!$B$12:$X$62720,2,0)),"",VLOOKUP(C88,'[3]Capacidad Financiera'!$B$12:$X$3580,2,0)) | E88: =IF(ISERROR(VLOOKUP(C88,'[3]Capacidad Financiera'!$B$12:$X$62720,3,0)),"",VLOOKUP(C88,'[3]Capacidad Financiera'!$B$12:$X$62720,3,0)) | G88: =IF(OR(D88="",E88="",F88=""),"",IF(C88<>"",IF(ISERROR(VLOOKUP($A$10,[3]POA!$A$2:$D$25,2,0)),"",VLOOKUP($A$10,[3]POA!$A$2:$D$25,2,0)),"")) | H88: =IF(OR(D88="",E88="",F88=""),"",IF(C88<>"",F88/(G88*E88),"")) | I88: =IF(OR(D88="",E88="",F88=""),"",IF(AND(H88>0,H88<=Experiencia1),[3]Puntajes!$D$4,IF(AND(H88>Experiencia1,H88<=Experiencia2),[3]Puntajes!$D$5,IF(AND(H88>Experiencia2,H88<=Experiencia3),[3]Puntajes!$D$6,IF(H88>Experiencia3,[3]Puntajes!$D$7,0)))))
D89: =IF(ISERROR(VLOOKUP(C89,'[3]Capacidad Financiera'!$B$12:$X$62720,2,0)),"",VLOOKUP(C89,'[3]Capacidad Financiera'!$B$12:$X$3580,2,0)) | E89: =IF(ISERROR(VLOOKUP(C89,'[3]Capacidad Financiera'!$B$12:$X$62720,3,0)),"",VLOOKUP(C89,'[3]Capacidad Financiera'!$B$12:$X$62720,3,0)) | G89: =IF(OR(D89="",E89="",F89=""),"",IF(C89<>"",IF(ISERROR(VLOOKUP($A$10,[3]POA!$A$2:$D$25,2,0)),"",VLOOKUP($A$10,[3]POA!$A$2:$D$25,2,0)),"")) | H89: =IF(OR(D89="",E89="",F89=""),"",IF(C89<>"",F89/(G89*E89),"")) | I89: =IF(OR(D89="",E89="",F89=""),"",IF(AND(H89>0,H89<=Experiencia1),[3]Puntajes!$D$4,IF(AND(H89>Experiencia1,H89<=Experiencia2),[3]Puntajes!$D$5,IF(AND(H89>Experiencia2,H89<=Experiencia3),[3]Puntajes!$D$6,IF(H89>Experiencia3,[3]Puntajes!$D$7,0)))))
D90: =IF(ISERROR(VLOOKUP(C90,'[3]Capacidad Financiera'!$B$12:$X$62720,2,0)),"",VLOOKUP(C90,'[3]Capacidad Financiera'!$B$12:$X$3580,2,0)) | E90: =IF(ISERROR(VLOOKUP(C90,'[3]Capacidad Financiera'!$B$12:$X$62720,3,0)),"",VLOOKUP(C90,'[3]Capacidad Financiera'!$B$12:$X$62720,3,0)) | G90: =IF(OR(D90="",E90="",F90=""),"",IF(C90<>"",IF(ISERROR(VLOOKUP($A$10,[3]POA!$A$2:$D$25,2,0)),"",VLOOKUP($A$10,[3]POA!$A$2:$D$25,2,0)),"")) | H90: =IF(OR(D90="",E90="",F90=""),"",IF(C90<>"",F90/(G90*E90),"")) | I90: =IF(OR(D90="",E90="",F90=""),"",IF(AND(H90>0,H90<=Experiencia1),[3]Puntajes!$D$4,IF(AND(H90>Experiencia1,H90<=Experiencia2),[3]Puntajes!$D$5,IF(AND(H90>Experiencia2,H90<=Experiencia3),[3]Puntajes!$D$6,IF(H90>Experiencia3,[3]Puntajes!$D$7,0)))))
D91: =IF(ISERROR(VLOOKUP(C91,'[3]Capacidad Financiera'!$B$12:$X$62720,2,0)),"",VLOOKUP(C91,'[3]Capacidad Financiera'!$B$12:$X$3580,2,0)) | E91: =IF(ISERROR(VLOOKUP(C91,'[3]Capacidad Financiera'!$B$12:$X$62720,3,0)),"",VLOOKUP(C91,'[3]Capacidad Financiera'!$B$12:$X$62720,3,0)) | G91: =IF(OR(D91="",E91="",F91=""),"",IF(C91<>"",IF(ISERROR(VLOOKUP($A$10,[3]POA!$A$2:$D$25,2,0)),"",VLOOKUP($A$10,[3]POA!$A$2:$D$25,2,0)),"")) | H91: =IF(OR(D91="",E91="",F91=""),"",IF(C91<>"",F91/(G91*E91),"")) | I91: =IF(OR(D91="",E91="",F91=""),"",IF(AND(H91>0,H91<=Experiencia1),[3]Puntajes!$D$4,IF(AND(H91>Experiencia1,H91<=Experiencia2),[3]Puntajes!$D$5,IF(AND(H91>Experiencia2,H91<=Experiencia3),[3]Puntajes!$D$6,IF(H91>Experiencia3,[3]Puntajes!$D$7,0)))))
D92: =IF(ISERROR(VLOOKUP(C92,'[3]Capacidad Financiera'!$B$12:$X$62720,2,0)),"",VLOOKUP(C92,'[3]Capacidad Financiera'!$B$12:$X$3580,2,0)) | E92: =IF(ISERROR(VLOOKUP(C92,'[3]Capacidad Financiera'!$B$12:$X$62720,3,0)),"",VLOOKUP(C92,'[3]Capacidad Financiera'!$B$12:$X$62720,3,0)) | G92: =IF(OR(D92="",E92="",F92=""),"",IF(C92<>"",IF(ISERROR(VLOOKUP($A$10,[3]POA!$A$2:$D$25,2,0)),"",VLOOKUP($A$10,[3]POA!$A$2:$D$25,2,0)),"")) | H92: =IF(OR(D92="",E92="",F92=""),"",IF(C92<>"",F92/(G92*E92),"")) | I92: =IF(OR(D92="",E92="",F92=""),"",IF(AND(H92>0,H92<=Experiencia1),[3]Puntajes!$D$4,IF(AND(H92>Experiencia1,H92<=Experiencia2),[3]Puntajes!$D$5,IF(AND(H92>Experiencia2,H92<=Experiencia3),[3]Puntajes!$D$6,IF(H92>Experiencia3,[3]Puntajes!$D$7,0)))))
D93: =IF(ISERROR(VLOOKUP(C93,'[3]Capacidad Financiera'!$B$12:$X$62720,2,0)),"",VLOOKUP(C93,'[3]Capacidad Financiera'!$B$12:$X$3580,2,0)) | E93: =IF(ISERROR(VLOOKUP(C93,'[3]Capacidad Financiera'!$B$12:$X$62720,3,0)),"",VLOOKUP(C93,'[3]Capacidad Financiera'!$B$12:$X$62720,3,0)) | G93: =IF(OR(D93="",E93="",F93=""),"",IF(C93<>"",IF(ISERROR(VLOOKUP($A$10,[3]POA!$A$2:$D$25,2,0)),"",VLOOKUP($A$10,[3]POA!$A$2:$D$25,2,0)),"")) | H93: =IF(OR(D93="",E93="",F93=""),"",IF(C93<>"",F93/(G93*E93),"")) | I93: =IF(OR(D93="",E93="",F93=""),"",IF(AND(H93>0,H93<=Experiencia1),[3]Puntajes!$D$4,IF(AND(H93>Experiencia1,H93<=Experiencia2),[3]Puntajes!$D$5,IF(AND(H93>Experiencia2,H93<=Experiencia3),[3]Puntajes!$D$6,IF(H93>Experiencia3,[3]Puntajes!$D$7,0)))))
D94: =IF(ISERROR(VLOOKUP(C94,'[3]Capacidad Financiera'!$B$12:$X$62720,2,0)),"",VLOOKUP(C94,'[3]Capacidad Financiera'!$B$12:$X$3580,2,0)) | E94: =IF(ISERROR(VLOOKUP(C94,'[3]Capacidad Financiera'!$B$12:$X$62720,3,0)),"",VLOOKUP(C94,'[3]Capacidad Financiera'!$B$12:$X$62720,3,0)) | G94: =IF(OR(D94="",E94="",F94=""),"",IF(C94<>"",IF(ISERROR(VLOOKUP($A$10,[3]POA!$A$2:$D$25,2,0)),"",VLOOKUP($A$10,[3]POA!$A$2:$D$25,2,0)),"")) | H94: =IF(OR(D94="",E94="",F94=""),"",IF(C94<>"",F94/(G94*E94),"")) | I94: =IF(OR(D94="",E94="",F94=""),"",IF(AND(H94>0,H94<=Experiencia1),[3]Puntajes!$D$4,IF(AND(H94>Experiencia1,H94<=Experiencia2),[3]Puntajes!$D$5,IF(AND(H94>Experiencia2,H94<=Experiencia3),[3]Puntajes!$D$6,IF(H94>Experiencia3,[3]Puntajes!$D$7,0)))))
D95: =IF(ISERROR(VLOOKUP(C95,'[3]Capacidad Financiera'!$B$12:$X$62720,2,0)),"",VLOOKUP(C95,'[3]Capacidad Financiera'!$B$12:$X$3580,2,0)) | E95: =IF(ISERROR(VLOOKUP(C95,'[3]Capacidad Financiera'!$B$12:$X$62720,3,0)),"",VLOOKUP(C95,'[3]Capacidad Financiera'!$B$12:$X$62720,3,0)) | G95: =IF(OR(D95="",E95="",F95=""),"",IF(C95<>"",IF(ISERROR(VLOOKUP($A$10,[3]POA!$A$2:$D$25,2,0)),"",VLOOKUP($A$10,[3]POA!$A$2:$D$25,2,0)),"")) | H95: =IF(OR(D95="",E95="",F95=""),"",IF(C95<>"",F95/(G95*E95),"")) | I95: =IF(OR(D95="",E95="",F95=""),"",IF(AND(H95>0,H95<=Experiencia1),[3]Puntajes!$D$4,IF(AND(H95>Experiencia1,H95<=Experiencia2),[3]Puntajes!$D$5,IF(AND(H95>Experiencia2,H95<=Experiencia3),[3]Puntajes!$D$6,IF(H95>Experiencia3,[3]Puntajes!$D$7,0)))))
D96: =IF(ISERROR(VLOOKUP(C96,'[3]Capacidad Financiera'!$B$12:$X$62720,2,0)),"",VLOOKUP(C96,'[3]Capacidad Financiera'!$B$12:$X$3580,2,0)) | E96: =IF(ISERROR(VLOOKUP(C96,'[3]Capacidad Financiera'!$B$12:$X$62720,3,0)),"",VLOOKUP(C96,'[3]Capacidad Financiera'!$B$12:$X$62720,3,0)) | G96: =IF(OR(D96="",E96="",F96=""),"",IF(C96<>"",IF(ISERROR(VLOOKUP($A$10,[3]POA!$A$2:$D$25,2,0)),"",VLOOKUP($A$10,[3]POA!$A$2:$D$25,2,0)),"")) | H96: =IF(OR(D96="",E96="",F96=""),"",IF(C96<>"",F96/(G96*E96),"")) | I96: =IF(OR(D96="",E96="",F96=""),"",IF(AND(H96>0,H96<=Experiencia1),[3]Puntajes!$D$4,IF(AND(H96>Experiencia1,H96<=Experiencia2),[3]Puntajes!$D$5,IF(AND(H96>Experiencia2,H96<=Experiencia3),[3]Puntajes!$D$6,IF(H96>Experiencia3,[3]Puntajes!$D$7,0)))))
D97: =IF(ISERROR(VLOOKUP(C97,'[3]Capacidad Financiera'!$B$12:$X$62720,2,0)),"",VLOOKUP(C97,'[3]Capacidad Financiera'!$B$12:$X$3580,2,0)) | E97: =IF(ISERROR(VLOOKUP(C97,'[3]Capacidad Financiera'!$B$12:$X$62720,3,0)),"",VLOOKUP(C97,'[3]Capacidad Financiera'!$B$12:$X$62720,3,0)) | G97: =IF(OR(D97="",E97="",F97=""),"",IF(C97<>"",IF(ISERROR(VLOOKUP($A$10,[3]POA!$A$2:$D$25,2,0)),"",VLOOKUP($A$10,[3]POA!$A$2:$D$25,2,0)),"")) | H97: =IF(OR(D97="",E97="",F97=""),"",IF(C97<>"",F97/(G97*E97),"")) | I97: =IF(OR(D97="",E97="",F97=""),"",IF(AND(H97>0,H97<=Experiencia1),[3]Puntajes!$D$4,IF(AND(H97>Experiencia1,H97<=Experiencia2),[3]Puntajes!$D$5,IF(AND(H97>Experiencia2,H97<=Experiencia3),[3]Puntajes!$D$6,IF(H97>Experiencia3,[3]Puntajes!$D$7,0)))))
D98: =IF(ISERROR(VLOOKUP(C98,'[3]Capacidad Financiera'!$B$12:$X$62720,2,0)),"",VLOOKUP(C98,'[3]Capacidad Financiera'!$B$12:$X$3580,2,0)) | E98: =IF(ISERROR(VLOOKUP(C98,'[3]Capacidad Financiera'!$B$12:$X$62720,3,0)),"",VLOOKUP(C98,'[3]Capacidad Financiera'!$B$12:$X$62720,3,0)) | G98: =IF(OR(D98="",E98="",F98=""),"",IF(C99="",IF(C98<>"",IF(ISERROR(VLOOKUP($A$10,[3]POA!$A$2:$D$25,2,0)),"",VLOOKUP($A$10,[3]POA!$A$2:$D$25,2,0)),""),"")) | H98: =IF(OR(D98="",E98="",F98=""),"",IF(C99="",IF(C98<>"",F98/G98,""),"")) | I98: =IF(C99="",IF(F98="","",IF(AND(H98>0,H98<=Experiencia1),[3]Puntajes!$D$4,IF(AND(H98>Experiencia1,H98<=Experiencia2),[3]Puntajes!$D$5,IF(AND(H98>Experiencia2,H98<=Experiencia3),[3]Puntajes!$D$6,IF(H98>Experiencia3,[3]Puntajes!$D$7,0))))),"")
D99: =IF(ISERROR(VLOOKUP(C99,'[3]Capacidad Financiera'!$B$12:$X$62720,2,0)),"",VLOOKUP(C99,'[3]Capacidad Financiera'!$B$12:$X$3580,2,0)) | E99: =IF(ISERROR(VLOOKUP(C99,'[3]Capacidad Financiera'!$B$12:$X$62720,3,0)),"",VLOOKUP(C99,'[3]Capacidad Financiera'!$B$12:$X$62720,3,0)) | G99: =IF(OR(D99="",E99="",F99=""),"",IF(C99<>"",IF(ISERROR(VLOOKUP($A$10,[3]POA!$A$2:$D$25,2,0)),"",VLOOKUP($A$10,[3]POA!$A$2:$D$25,2,0)),"")) | H99: =IF(OR(D99="",E99="",F99=""),"",IF(C99<>"",F99/(G99*E99),"")) | I99: =IF(OR(D99="",E99="",F99=""),"",IF(AND(H99>0,H99<=Experiencia1),[3]Puntajes!$D$4,IF(AND(H99>Experiencia1,H99<=Experiencia2),[3]Puntajes!$D$5,IF(AND(H99>Experiencia2,H99<=Experiencia3),[3]Puntajes!$D$6,IF(H99>Experiencia3,[3]Puntajes!$D$7,0)))))
D100: =IF(ISERROR(VLOOKUP(C100,'[3]Capacidad Financiera'!$B$12:$X$62720,2,0)),"",VLOOKUP(C100,'[3]Capacidad Financiera'!$B$12:$X$3580,2,0)) | E100: =IF(ISERROR(VLOOKUP(C100,'[3]Capacidad Financiera'!$B$12:$X$62720,3,0)),"",VLOOKUP(C100,'[3]Capacidad Financiera'!$B$12:$X$62720,3,0)) | G100: =IF(OR(D100="",E100="",F100=""),"",IF(C100<>"",IF(ISERROR(VLOOKUP($A$10,[3]POA!$A$2:$D$25,2,0)),"",VLOOKUP($A$10,[3]POA!$A$2:$D$25,2,0)),"")) | H100: =IF(OR(D100="",E100="",F100=""),"",IF(C100<>"",F100/(G100*E100),"")) | I100: =IF(OR(D100="",E100="",F100=""),"",IF(AND(H100>0,H100<=Experiencia1),[3]Puntajes!$D$4,IF(AND(H100>Experiencia1,H100<=Experiencia2),[3]Puntajes!$D$5,IF(AND(H100>Experiencia2,H100<=Experiencia3),[3]Puntajes!$D$6,IF(H100>Experiencia3,[3]Puntajes!$D$7,0)))))
D101: =IF(ISERROR(VLOOKUP(C101,'[3]Capacidad Financiera'!$B$12:$X$62720,2,0)),"",VLOOKUP(C101,'[3]Capacidad Financiera'!$B$12:$X$3580,2,0)) | E101: =IF(ISERROR(VLOOKUP(C101,'[3]Capacidad Financiera'!$B$12:$X$62720,3,0)),"",VLOOKUP(C101,'[3]Capacidad Financiera'!$B$12:$X$62720,3,0)) | G101: =IF(OR(D101="",E101="",F101=""),"",IF(C101<>"",IF(ISERROR(VLOOKUP($A$10,[3]POA!$A$2:$D$25,2,0)),"",VLOOKUP($A$10,[3]POA!$A$2:$D$25,2,0)),"")) | H101: =IF(OR(D101="",E101="",F101=""),"",IF(C101<>"",F101/(G101*E101),"")) | I101: =IF(OR(D101="",E101="",F101=""),"",IF(AND(H101>0,H101<=Experiencia1),[3]Puntajes!$D$4,IF(AND(H101>Experiencia1,H101<=Experiencia2),[3]Puntajes!$D$5,IF(AND(H101>Experiencia2,H101<=Experiencia3),[3]Puntajes!$D$6,IF(H101>Experiencia3,[3]Puntajes!$D$7,0)))))
D102: =IF(ISERROR(VLOOKUP(C102,'[3]Capacidad Financiera'!$B$12:$X$62720,2,0)),"",VLOOKUP(C102,'[3]Capacidad Financiera'!$B$12:$X$3580,2,0)) | E102: =IF(ISERROR(VLOOKUP(C102,'[3]Capacidad Financiera'!$B$12:$X$62720,3,0)),"",VLOOKUP(C102,'[3]Capacidad Financiera'!$B$12:$X$62720,3,0)) | G102: =IF(OR(D102="",E102="",F102=""),"",IF(C102<>"",IF(ISERROR(VLOOKUP($A$10,[3]POA!$A$2:$D$25,2,0)),"",VLOOKUP($A$10,[3]POA!$A$2:$D$25,2,0)),"")) | H102: =IF(OR(D102="",E102="",F102=""),"",IF(C102<>"",F102/(G102*E102),"")) | I102: =IF(OR(D102="",E102="",F102=""),"",IF(AND(H102>0,H102<=Experiencia1),[3]Puntajes!$D$4,IF(AND(H102>Experiencia1,H102<=Experiencia2),[3]Puntajes!$D$5,IF(AND(H102>Experiencia2,H102<=Experiencia3),[3]Puntajes!$D$6,IF(H102>Experiencia3,[3]Puntajes!$D$7,0)))))
D103: =IF(ISERROR(VLOOKUP(C103,'[3]Capacidad Financiera'!$B$12:$X$62720,2,0)),"",VLOOKUP(C103,'[3]Capacidad Financiera'!$B$12:$X$3580,2,0)) | E103: =IF(ISERROR(VLOOKUP(C103,'[3]Capacidad Financiera'!$B$12:$X$62720,3,0)),"",VLOOKUP(C103,'[3]Capacidad Financiera'!$B$12:$X$62720,3,0)) | G103: =IF(OR(D103="",E103="",F103=""),"",IF(C103<>"",IF(ISERROR(VLOOKUP($A$10,[3]POA!$A$2:$D$25,2,0)),"",VLOOKUP($A$10,[3]POA!$A$2:$D$25,2,0)),"")) | H103: =IF(OR(D103="",E103="",F103=""),"",IF(C103<>"",F103/(G103*E103),"")) | I103: =IF(OR(D103="",E103="",F103=""),"",IF(AND(H103>0,H103<=Experiencia1),[3]Puntajes!$D$4,IF(AND(H103>Experiencia1,H103<=Experiencia2),[3]Puntajes!$D$5,IF(AND(H103>Experiencia2,H103<=Experiencia3),[3]Puntajes!$D$6,IF(H103>Experiencia3,[3]Puntajes!$D$7,0)))))
D104: =IF(ISERROR(VLOOKUP(C104,'[3]Capacidad Financiera'!$B$12:$X$62720,2,0)),"",VLOOKUP(C104,'[3]Capacidad Financiera'!$B$12:$X$3580,2,0)) | E104: =IF(ISERROR(VLOOKUP(C104,'[3]Capacidad Financiera'!$B$12:$X$62720,3,0)),"",VLOOKUP(C104,'[3]Capacidad Financiera'!$B$12:$X$62720,3,0)) | G104: =IF(OR(D104="",E104="",F104=""),"",IF(C104<>"",IF(ISERROR(VLOOKUP($A$10,[3]POA!$A$2:$D$25,2,0)),"",VLOOKUP($A$10,[3]POA!$A$2:$D$25,2,0)),"")) | H104: =IF(OR(D104="",E104="",F104=""),"",IF(C104<>"",F104/(G104*E104),"")) | I104: =IF(OR(D104="",E104="",F104=""),"",IF(AND(H104>0,H104<=Experiencia1),[3]Puntajes!$D$4,IF(AND(H104>Experiencia1,H104<=Experiencia2),[3]Puntajes!$D$5,IF(AND(H104>Experiencia2,H104<=Experiencia3),[3]Puntajes!$D$6,IF(H104>Experiencia3,[3]Puntajes!$D$7,0)))))
D105: =IF(ISERROR(VLOOKUP(C105,'[3]Capacidad Financiera'!$B$12:$X$62720,2,0)),"",VLOOKUP(C105,'[3]Capacidad Financiera'!$B$12:$X$3580,2,0)) | E105: =IF(ISERROR(VLOOKUP(C105,'[3]Capacidad Financiera'!$B$12:$X$62720,3,0)),"",VLOOKUP(C105,'[3]Capacidad Financiera'!$B$12:$X$62720,3,0)) | G105: =IF(OR(D105="",E105="",F105=""),"",IF(C105<>"",IF(ISERROR(VLOOKUP($A$10,[3]POA!$A$2:$D$25,2,0)),"",VLOOKUP($A$10,[3]POA!$A$2:$D$25,2,0)),"")) | H105: =IF(OR(D105="",E105="",F105=""),"",IF(C105<>"",F105/(G105*E105),"")) | I105: =IF(OR(D105="",E105="",F105=""),"",IF(AND(H105>0,H105<=Experiencia1),[3]Puntajes!$D$4,IF(AND(H105>Experiencia1,H105<=Experiencia2),[3]Puntajes!$D$5,IF(AND(H105>Experiencia2,H105<=Experiencia3),[3]Puntajes!$D$6,IF(H105>Experiencia3,[3]Puntajes!$D$7,0)))))
D106: =IF(ISERROR(VLOOKUP(C106,'[3]Capacidad Financiera'!$B$12:$X$62720,2,0)),"",VLOOKUP(C106,'[3]Capacidad Financiera'!$B$12:$X$3580,2,0)) | E106: =IF(ISERROR(VLOOKUP(C106,'[3]Capacidad Financiera'!$B$12:$X$62720,3,0)),"",VLOOKUP(C106,'[3]Capacidad Financiera'!$B$12:$X$62720,3,0)) | G106: =IF(OR(D106="",E106="",F106=""),"",IF(C106<>"",IF(ISERROR(VLOOKUP($A$10,[3]POA!$A$2:$D$25,2,0)),"",VLOOKUP($A$10,[3]POA!$A$2:$D$25,2,0)),"")) | H106: =IF(OR(D106="",E106="",F106=""),"",IF(C106<>"",F106/(G106*E106),"")) | I106: =IF(OR(D106="",E106="",F106=""),"",IF(AND(H106>0,H106<=Experiencia1),[3]Puntajes!$D$4,IF(AND(H106>Experiencia1,H106<=Experiencia2),[3]Puntajes!$D$5,IF(AND(H106>Experiencia2,H106<=Experiencia3),[3]Puntajes!$D$6,IF(H106>Experiencia3,[3]Puntajes!$D$7,0)))))
D107: =IF(ISERROR(VLOOKUP(C107,'[3]Capacidad Financiera'!$B$12:$X$62720,2,0)),"",VLOOKUP(C107,'[3]Capacidad Financiera'!$B$12:$X$3580,2,0)) | E107: =IF(ISERROR(VLOOKUP(C107,'[3]Capacidad Financiera'!$B$12:$X$62720,3,0)),"",VLOOKUP(C107,'[3]Capacidad Financiera'!$B$12:$X$62720,3,0)) | G107: =IF(OR(D107="",E107="",F107=""),"",IF(C107<>"",IF(ISERROR(VLOOKUP($A$10,[3]POA!$A$2:$D$25,2,0)),"",VLOOKUP($A$10,[3]POA!$A$2:$D$25,2,0)),"")) | H107: =IF(OR(D107="",E107="",F107=""),"",IF(C107<>"",F107/(G107*E107),"")) | I107: =IF(OR(D107="",E107="",F107=""),"",IF(AND(H107>0,H107<=Experiencia1),[3]Puntajes!$D$4,IF(AND(H107>Experiencia1,H107<=Experiencia2),[3]Puntajes!$D$5,IF(AND(H107>Experiencia2,H107<=Experiencia3),[3]Puntajes!$D$6,IF(H107>Experiencia3,[3]Puntajes!$D$7,0)))))
D108: =IF(ISERROR(VLOOKUP(C108,'[3]Capacidad Financiera'!$B$12:$X$62720,2,0)),"",VLOOKUP(C108,'[3]Capacidad Financiera'!$B$12:$X$3580,2,0)) | E108: =IF(ISERROR(VLOOKUP(C108,'[3]Capacidad Financiera'!$B$12:$X$62720,3,0)),"",VLOOKUP(C108,'[3]Capacidad Financiera'!$B$12:$X$62720,3,0)) | G108: =IF(OR(D108="",E108="",F108=""),"",IF(C108<>"",IF(ISERROR(VLOOKUP($A$10,[3]POA!$A$2:$D$25,2,0)),"",VLOOKUP($A$10,[3]POA!$A$2:$D$25,2,0)),"")) | H108: =IF(OR(D108="",E108="",F108=""),"",IF(C108<>"",F108/(G108*E108),"")) | I108: =IF(OR(D108="",E108="",F108=""),"",IF(AND(H108>0,H108<=Experiencia1),[3]Puntajes!$D$4,IF(AND(H108>Experiencia1,H108<=Experiencia2),[3]Puntajes!$D$5,IF(AND(H108>Experiencia2,H108<=Experiencia3),[3]Puntajes!$D$6,IF(H108>Experiencia3,[3]Puntajes!$D$7,0)))))
D109: =IF(ISERROR(VLOOKUP(C109,'[3]Capacidad Financiera'!$B$12:$X$62720,2,0)),"",VLOOKUP(C109,'[3]Capacidad Financiera'!$B$12:$X$3580,2,0)) | E109: =IF(ISERROR(VLOOKUP(C109,'[3]Capacidad Financiera'!$B$12:$X$62720,3,0)),"",VLOOKUP(C109,'[3]Capacidad Financiera'!$B$12:$X$62720,3,0)) | G109: =IF(OR(D109="",E109="",F109=""),"",IF(C110="",IF(C109<>"",IF(ISERROR(VLOOKUP($A$10,[3]POA!$A$2:$D$25,2,0)),"",VLOOKUP($A$10,[3]POA!$A$2:$D$25,2,0)),""),"")) | H109: =IF(OR(D109="",E109="",F109=""),"",IF(C110="",IF(C109<>"",F109/G109,""),"")) | I109: =IF(C110="",IF(F109="","",IF(AND(H109>0,H109<=Experiencia1),[3]Puntajes!$D$4,IF(AND(H109>Experiencia1,H109<=Experiencia2),[3]Puntajes!$D$5,IF(AND(H109>Experiencia2,H109<=Experiencia3),[3]Puntajes!$D$6,IF(H109>Experiencia3,[3]Puntajes!$D$7,0))))),"")
D110: =IF(ISERROR(VLOOKUP(C110,'[3]Capacidad Financiera'!$B$12:$X$62720,2,0)),"",VLOOKUP(C110,'[3]Capacidad Financiera'!$B$12:$X$3580,2,0)) | E110: =IF(ISERROR(VLOOKUP(C110,'[3]Capacidad Financiera'!$B$12:$X$62720,3,0)),"",VLOOKUP(C110,'[3]Capacidad Financiera'!$B$12:$X$62720,3,0)) | G110: =IF(OR(D110="",E110="",F110=""),"",IF(C110<>"",IF(ISERROR(VLOOKUP($A$10,[3]POA!$A$2:$D$25,2,0)),"",VLOOKUP($A$10,[3]POA!$A$2:$D$25,2,0)),"")) | H110: =IF(OR(D110="",E110="",F110=""),"",IF(C110<>"",F110/(G110*E110),"")) | I110: =IF(OR(D110="",E110="",F110=""),"",IF(AND(H110>0,H110<=Experiencia1),[3]Puntajes!$D$4,IF(AND(H110>Experiencia1,H110<=Experiencia2),[3]Puntajes!$D$5,IF(AND(H110>Experiencia2,H110<=Experiencia3),[3]Puntajes!$D$6,IF(H110>Experiencia3,[3]Puntajes!$D$7,0)))))
D111: =IF(ISERROR(VLOOKUP(C111,'[3]Capacidad Financiera'!$B$12:$X$62720,2,0)),"",VLOOKUP(C111,'[3]Capacidad Financiera'!$B$12:$X$3580,2,0)) | E111: =IF(ISERROR(VLOOKUP(C111,'[3]Capacidad Financiera'!$B$12:$X$62720,3,0)),"",VLOOKUP(C111,'[3]Capacidad Financiera'!$B$12:$X$62720,3,0)) | G111: =IF(OR(D111="",E111="",F111=""),"",IF(C111<>"",IF(ISERROR(VLOOKUP($A$10,[3]POA!$A$2:$D$25,2,0)),"",VLOOKUP($A$10,[3]POA!$A$2:$D$25,2,0)),"")) | H111: =IF(OR(D111="",E111="",F111=""),"",IF(C111<>"",F111/(G111*E111),"")) | I111: =IF(OR(D111="",E111="",F111=""),"",IF(AND(H111>0,H111<=Experiencia1),[3]Puntajes!$D$4,IF(AND(H111>Experiencia1,H111<=Experiencia2),[3]Puntajes!$D$5,IF(AND(H111>Experiencia2,H111<=Experiencia3),[3]Puntajes!$D$6,IF(H111>Experiencia3,[3]Puntajes!$D$7,0)))))
D112: =IF(ISERROR(VLOOKUP(C112,'[3]Capacidad Financiera'!$B$12:$X$62720,2,0)),"",VLOOKUP(C112,'[3]Capacidad Financiera'!$B$12:$X$3580,2,0)) | E112: =IF(ISERROR(VLOOKUP(C112,'[3]Capacidad Financiera'!$B$12:$X$62720,3,0)),"",VLOOKUP(C112,'[3]Capacidad Financiera'!$B$12:$X$62720,3,0)) | G112: =IF(OR(D112="",E112="",F112=""),"",IF(C112<>"",IF(ISERROR(VLOOKUP($A$10,[3]POA!$A$2:$D$25,2,0)),"",VLOOKUP($A$10,[3]POA!$A$2:$D$25,2,0)),"")) | H112: =IF(OR(D112="",E112="",F112=""),"",IF(C112<>"",F112/(G112*E112),"")) | I112: =IF(OR(D112="",E112="",F112=""),"",IF(AND(H112>0,H112<=Experiencia1),[3]Puntajes!$D$4,IF(AND(H112>Experiencia1,H112<=Experiencia2),[3]Puntajes!$D$5,IF(AND(H112>Experiencia2,H112<=Experiencia3),[3]Puntajes!$D$6,IF(H112>Experiencia3,[3]Puntajes!$D$7,0)))))
D113: =IF(ISERROR(VLOOKUP(C113,'[3]Capacidad Financiera'!$B$12:$X$62720,2,0)),"",VLOOKUP(C113,'[3]Capacidad Financiera'!$B$12:$X$3580,2,0)) | E113: =IF(ISERROR(VLOOKUP(C113,'[3]Capacidad Financiera'!$B$12:$X$62720,3,0)),"",VLOOKUP(C113,'[3]Capacidad Financiera'!$B$12:$X$62720,3,0)) | G113: =IF(OR(D113="",E113="",F113=""),"",IF(C113<>"",IF(ISERROR(VLOOKUP($A$10,[3]POA!$A$2:$D$25,2,0)),"",VLOOKUP($A$10,[3]POA!$A$2:$D$25,2,0)),"")) | H113: =IF(OR(D113="",E113="",F113=""),"",IF(C113<>"",F113/(G113*E113),"")) | I113: =IF(OR(D113="",E113="",F113=""),"",IF(AND(H113>0,H113<=Experiencia1),[3]Puntajes!$D$4,IF(AND(H113>Experiencia1,H113<=Experiencia2),[3]Puntajes!$D$5,IF(AND(H113>Experiencia2,H113<=Experiencia3),[3]Puntajes!$D$6,IF(H113>Experiencia3,[3]Puntajes!$D$7,0)))))
D114: =IF(ISERROR(VLOOKUP(C114,'[3]Capacidad Financiera'!$B$12:$X$62720,2,0)),"",VLOOKUP(C114,'[3]Capacidad Financiera'!$B$12:$X$3580,2,0)) | E114: =IF(ISERROR(VLOOKUP(C114,'[3]Capacidad Financiera'!$B$12:$X$62720,3,0)),"",VLOOKUP(C114,'[3]Capacidad Financiera'!$B$12:$X$62720,3,0)) | G114: =IF(OR(D114="",E114="",F114=""),"",IF(C114<>"",IF(ISERROR(VLOOKUP($A$10,[3]POA!$A$2:$D$25,2,0)),"",VLOOKUP($A$10,[3]POA!$A$2:$D$25,2,0)),"")) | H114: =IF(OR(D114="",E114="",F114=""),"",IF(C114<>"",F114/(G114*E114),"")) | I114: =IF(OR(D114="",E114="",F114=""),"",IF(AND(H114>0,H114<=Experiencia1),[3]Puntajes!$D$4,IF(AND(H114>Experiencia1,H114<=Experiencia2),[3]Puntajes!$D$5,IF(AND(H114>Experiencia2,H114<=Experiencia3),[3]Puntajes!$D$6,IF(H114>Experiencia3,[3]Puntajes!$D$7,0)))))
D115: =IF(ISERROR(VLOOKUP(C115,'[3]Capacidad Financiera'!$B$12:$X$62720,2,0)),"",VLOOKUP(C115,'[3]Capacidad Financiera'!$B$12:$X$3580,2,0)) | E115: =IF(ISERROR(VLOOKUP(C115,'[3]Capacidad Financiera'!$B$12:$X$62720,3,0)),"",VLOOKUP(C115,'[3]Capacidad Financiera'!$B$12:$X$62720,3,0)) | G115: =IF(OR(D115="",E115="",F115=""),"",IF(C115<>"",IF(ISERROR(VLOOKUP($A$10,[3]POA!$A$2:$D$25,2,0)),"",VLOOKUP($A$10,[3]POA!$A$2:$D$25,2,0)),"")) | H115: =IF(OR(D115="",E115="",F115=""),"",IF(C115<>"",F115/(G115*E115),"")) | I115: =IF(OR(D115="",E115="",F115=""),"",IF(AND(H115>0,H115<=Experiencia1),[3]Puntajes!$D$4,IF(AND(H115>Experiencia1,H115<=Experiencia2),[3]Puntajes!$D$5,IF(AND(H115>Experiencia2,H115<=Experiencia3),[3]Puntajes!$D$6,IF(H115>Experiencia3,[3]Puntajes!$D$7,0)))))
D116: =IF(ISERROR(VLOOKUP(C116,'[3]Capacidad Financiera'!$B$12:$X$62720,2,0)),"",VLOOKUP(C116,'[3]Capacidad Financiera'!$B$12:$X$3580,2,0)) | E116: =IF(ISERROR(VLOOKUP(C116,'[3]Capacidad Financiera'!$B$12:$X$62720,3,0)),"",VLOOKUP(C116,'[3]Capacidad Financiera'!$B$12:$X$62720,3,0)) | G116: =IF(OR(D116="",E116="",F116=""),"",IF(C116<>"",IF(ISERROR(VLOOKUP($A$10,[3]POA!$A$2:$D$25,2,0)),"",VLOOKUP($A$10,[3]POA!$A$2:$D$25,2,0)),"")) | H116: =IF(OR(D116="",E116="",F116=""),"",IF(C116<>"",F116/(G116*E116),"")) | I116: =IF(OR(D116="",E116="",F116=""),"",IF(AND(H116>0,H116<=Experiencia1),[3]Puntajes!$D$4,IF(AND(H116>Experiencia1,H116<=Experiencia2),[3]Puntajes!$D$5,IF(AND(H116>Experiencia2,H116<=Experiencia3),[3]Puntajes!$D$6,IF(H116>Experiencia3,[3]Puntajes!$D$7,0)))))
D117: =IF(ISERROR(VLOOKUP(C117,'[3]Capacidad Financiera'!$B$12:$X$62720,2,0)),"",VLOOKUP(C117,'[3]Capacidad Financiera'!$B$12:$X$3580,2,0)) | E117: =IF(ISERROR(VLOOKUP(C117,'[3]Capacidad Financiera'!$B$12:$X$62720,3,0)),"",VLOOKUP(C117,'[3]Capacidad Financiera'!$B$12:$X$62720,3,0)) | G117: =IF(OR(D117="",E117="",F117=""),"",IF(C117<>"",IF(ISERROR(VLOOKUP($A$10,[3]POA!$A$2:$D$25,2,0)),"",VLOOKUP($A$10,[3]POA!$A$2:$D$25,2,0)),"")) | H117: =IF(OR(D117="",E117="",F117=""),"",IF(C117<>"",F117/(G117*E117),"")) | I117: =IF(OR(D117="",E117="",F117=""),"",IF(AND(H117>0,H117<=Experiencia1),[3]Puntajes!$D$4,IF(AND(H117>Experiencia1,H117<=Experiencia2),[3]Puntajes!$D$5,IF(AND(H117>Experiencia2,H117<=Experiencia3),[3]Puntajes!$D$6,IF(H117>Experiencia3,[3]Puntajes!$D$7,0)))))
D118: =IF(ISERROR(VLOOKUP(C118,'[3]Capacidad Financiera'!$B$12:$X$62720,2,0)),"",VLOOKUP(C118,'[3]Capacidad Financiera'!$B$12:$X$3580,2,0)) | E118: =IF(ISERROR(VLOOKUP(C118,'[3]Capacidad Financiera'!$B$12:$X$62720,3,0)),"",VLOOKUP(C118,'[3]Capacidad Financiera'!$B$12:$X$62720,3,0)) | G118: =IF(OR(D118="",E118="",F118=""),"",IF(C118<>"",IF(ISERROR(VLOOKUP($A$10,[3]POA!$A$2:$D$25,2,0)),"",VLOOKUP($A$10,[3]POA!$A$2:$D$25,2,0)),"")) | H118: =IF(OR(D118="",E118="",F118=""),"",IF(C118<>"",F118/(G118*E118),"")) | I118: =IF(OR(D118="",E118="",F118=""),"",IF(AND(H118>0,H118<=Experiencia1),[3]Puntajes!$D$4,IF(AND(H118>Experiencia1,H118<=Experiencia2),[3]Puntajes!$D$5,IF(AND(H118>Experiencia2,H118<=Experiencia3),[3]Puntajes!$D$6,IF(H118>Experiencia3,[3]Puntajes!$D$7,0)))))
D119: =IF(ISERROR(VLOOKUP(C119,'[3]Capacidad Financiera'!$B$12:$X$62720,2,0)),"",VLOOKUP(C119,'[3]Capacidad Financiera'!$B$12:$X$3580,2,0)) | E119: =IF(ISERROR(VLOOKUP(C119,'[3]Capacidad Financiera'!$B$12:$X$62720,3,0)),"",VLOOKUP(C119,'[3]Capacidad Financiera'!$B$12:$X$62720,3,0)) | G119: =IF(OR(D119="",E119="",F119=""),"",IF(C119<>"",IF(ISERROR(VLOOKUP($A$10,[3]POA!$A$2:$D$25,2,0)),"",VLOOKUP($A$10,[3]POA!$A$2:$D$25,2,0)),"")) | H119: =IF(OR(D119="",E119="",F119=""),"",IF(C119<>"",F119/(G119*E119),"")) | I119: =IF(OR(D119="",E119="",F119=""),"",IF(AND(H119>0,H119<=Experiencia1),[3]Puntajes!$D$4,IF(AND(H119>Experiencia1,H119<=Experiencia2),[3]Puntajes!$D$5,IF(AND(H119>Experiencia2,H119<=Experiencia3),[3]Puntajes!$D$6,IF(H119>Experiencia3,[3]Puntajes!$D$7,0)))))
D120: =IF(ISERROR(VLOOKUP(C120,'[3]Capacidad Financiera'!$B$12:$X$62720,2,0)),"",VLOOKUP(C120,'[3]Capacidad Financiera'!$B$12:$X$3580,2,0)) | E120: =IF(ISERROR(VLOOKUP(C120,'[3]Capacidad Financiera'!$B$12:$X$62720,3,0)),"",VLOOKUP(C120,'[3]Capacidad Financiera'!$B$12:$X$62720,3,0)) | G120: =IF(OR(D120="",E120="",F120=""),"",IF(C121="",IF(C120<>"",IF(ISERROR(VLOOKUP($A$10,[3]POA!$A$2:$D$25,2,0)),"",VLOOKUP($A$10,[3]POA!$A$2:$D$25,2,0)),""),"")) | H120: =IF(OR(D120="",E120="",F120=""),"",IF(C121="",IF(C120<>"",F120/G120,""),"")) | I120: =IF(C121="",IF(F120="","",IF(AND(H120>0,H120<=Experiencia1),[3]Puntajes!$D$4,IF(AND(H120>Experiencia1,H120<=Experiencia2),[3]Puntajes!$D$5,IF(AND(H120>Experiencia2,H120<=Experiencia3),[3]Puntajes!$D$6,IF(H120>Experiencia3,[3]Puntajes!$D$7,0))))),"")
D121: =IF(ISERROR(VLOOKUP(C121,'[3]Capacidad Financiera'!$B$12:$X$62720,2,0)),"",VLOOKUP(C121,'[3]Capacidad Financiera'!$B$12:$X$3580,2,0)) | E121: =IF(ISERROR(VLOOKUP(C121,'[3]Capacidad Financiera'!$B$12:$X$62720,3,0)),"",VLOOKUP(C121,'[3]Capacidad Financiera'!$B$12:$X$62720,3,0)) | G121: =IF(OR(D121="",E121="",F121=""),"",IF(C121<>"",IF(ISERROR(VLOOKUP($A$10,[3]POA!$A$2:$D$25,2,0)),"",VLOOKUP($A$10,[3]POA!$A$2:$D$25,2,0)),"")) | H121: =IF(OR(D121="",E121="",F121=""),"",IF(C121<>"",F121/(G121*E121),"")) | I121: =IF(OR(D121="",E121="",F121=""),"",IF(AND(H121>0,H121<=Experiencia1),[3]Puntajes!$D$4,IF(AND(H121>Experiencia1,H121<=Experiencia2),[3]Puntajes!$D$5,IF(AND(H121>Experiencia2,H121<=Experiencia3),[3]Puntajes!$D$6,IF(H121>Experiencia3,[3]Puntajes!$D$7,0)))))
D122: =IF(ISERROR(VLOOKUP(C122,'[3]Capacidad Financiera'!$B$12:$X$62720,2,0)),"",VLOOKUP(C122,'[3]Capacidad Financiera'!$B$12:$X$3580,2,0)) | E122: =IF(ISERROR(VLOOKUP(C122,'[3]Capacidad Financiera'!$B$12:$X$62720,3,0)),"",VLOOKUP(C122,'[3]Capacidad Financiera'!$B$12:$X$62720,3,0)) | G122: =IF(OR(D122="",E122="",F122=""),"",IF(C122<>"",IF(ISERROR(VLOOKUP($A$10,[3]POA!$A$2:$D$25,2,0)),"",VLOOKUP($A$10,[3]POA!$A$2:$D$25,2,0)),"")) | H122: =IF(OR(D122="",E122="",F122=""),"",IF(C122<>"",F122/(G122*E122),"")) | I122: =IF(OR(D122="",E122="",F122=""),"",IF(AND(H122>0,H122<=Experiencia1),[3]Puntajes!$D$4,IF(AND(H122>Experiencia1,H122<=Experiencia2),[3]Puntajes!$D$5,IF(AND(H122>Experiencia2,H122<=Experiencia3),[3]Puntajes!$D$6,IF(H122>Experiencia3,[3]Puntajes!$D$7,0)))))
D123: =IF(ISERROR(VLOOKUP(C123,'[3]Capacidad Financiera'!$B$12:$X$62720,2,0)),"",VLOOKUP(C123,'[3]Capacidad Financiera'!$B$12:$X$3580,2,0)) | E123: =IF(ISERROR(VLOOKUP(C123,'[3]Capacidad Financiera'!$B$12:$X$62720,3,0)),"",VLOOKUP(C123,'[3]Capacidad Financiera'!$B$12:$X$62720,3,0)) | G123: =IF(OR(D123="",E123="",F123=""),"",IF(C123<>"",IF(ISERROR(VLOOKUP($A$10,[3]POA!$A$2:$D$25,2,0)),"",VLOOKUP($A$10,[3]POA!$A$2:$D$25,2,0)),"")) | H123: =IF(OR(D123="",E123="",F123=""),"",IF(C123<>"",F123/(G123*E123),"")) | I123: =IF(OR(D123="",E123="",F123=""),"",IF(AND(H123>0,H123<=Experiencia1),[3]Puntajes!$D$4,IF(AND(H123>Experiencia1,H123<=Experiencia2),[3]Puntajes!$D$5,IF(AND(H123>Experiencia2,H123<=Experiencia3),[3]Puntajes!$D$6,IF(H123>Experiencia3,[3]Puntajes!$D$7,0)))))
D124: =IF(ISERROR(VLOOKUP(C124,'[3]Capacidad Financiera'!$B$12:$X$62720,2,0)),"",VLOOKUP(C124,'[3]Capacidad Financiera'!$B$12:$X$3580,2,0)) | E124: =IF(ISERROR(VLOOKUP(C124,'[3]Capacidad Financiera'!$B$12:$X$62720,3,0)),"",VLOOKUP(C124,'[3]Capacidad Financiera'!$B$12:$X$62720,3,0)) | G124: =IF(OR(D124="",E124="",F124=""),"",IF(C124<>"",IF(ISERROR(VLOOKUP($A$10,[3]POA!$A$2:$D$25,2,0)),"",VLOOKUP($A$10,[3]POA!$A$2:$D$25,2,0)),"")) | H124: =IF(OR(D124="",E124="",F124=""),"",IF(C124<>"",F124/(G124*E124),"")) | I124: =IF(OR(D124="",E124="",F124=""),"",IF(AND(H124>0,H124<=Experiencia1),[3]Puntajes!$D$4,IF(AND(H124>Experiencia1,H124<=Experiencia2),[3]Puntajes!$D$5,IF(AND(H124>Experiencia2,H124<=Experiencia3),[3]Puntajes!$D$6,IF(H124>Experiencia3,[3]Puntajes!$D$7,0)))))
D125: =IF(ISERROR(VLOOKUP(C125,'[3]Capacidad Financiera'!$B$12:$X$62720,2,0)),"",VLOOKUP(C125,'[3]Capacidad Financiera'!$B$12:$X$3580,2,0)) | E125: =IF(ISERROR(VLOOKUP(C125,'[3]Capacidad Financiera'!$B$12:$X$62720,3,0)),"",VLOOKUP(C125,'[3]Capacidad Financiera'!$B$12:$X$62720,3,0)) | G125: =IF(OR(D125="",E125="",F125=""),"",IF(C125<>"",IF(ISERROR(VLOOKUP($A$10,[3]POA!$A$2:$D$25,2,0)),"",VLOOKUP($A$10,[3]POA!$A$2:$D$25,2,0)),"")) | H125: =IF(OR(D125="",E125="",F125=""),"",IF(C125<>"",F125/(G125*E125),"")) | I125: =IF(OR(D125="",E125="",F125=""),"",IF(AND(H125>0,H125<=Experiencia1),[3]Puntajes!$D$4,IF(AND(H125>Experiencia1,H125<=Experiencia2),[3]Puntajes!$D$5,IF(AND(H125>Experiencia2,H125<=Experiencia3),[3]Puntajes!$D$6,IF(H125>Experiencia3,[3]Puntajes!$D$7,0)))))
D126: =IF(ISERROR(VLOOKUP(C126,'[3]Capacidad Financiera'!$B$12:$X$62720,2,0)),"",VLOOKUP(C126,'[3]Capacidad Financiera'!$B$12:$X$3580,2,0)) | E126: =IF(ISERROR(VLOOKUP(C126,'[3]Capacidad Financiera'!$B$12:$X$62720,3,0)),"",VLOOKUP(C126,'[3]Capacidad Financiera'!$B$12:$X$62720,3,0)) | G126: =IF(OR(D126="",E126="",F126=""),"",IF(C126<>"",IF(ISERROR(VLOOKUP($A$10,[3]POA!$A$2:$D$25,2,0)),"",VLOOKUP($A$10,[3]POA!$A$2:$D$25,2,0)),"")) | H126: =IF(OR(D126="",E126="",F126=""),"",IF(C126<>"",F126/(G126*E126),"")) | I126: =IF(OR(D126="",E126="",F126=""),"",IF(AND(H126>0,H126<=Experiencia1),[3]Puntajes!$D$4,IF(AND(H126>Experiencia1,H126<=Experiencia2),[3]Puntajes!$D$5,IF(AND(H126>Experiencia2,H126<=Experiencia3),[3]Puntajes!$D$6,IF(H126>Experiencia3,[3]Puntajes!$D$7,0)))))
D127: =IF(ISERROR(VLOOKUP(C127,'[3]Capacidad Financiera'!$B$12:$X$62720,2,0)),"",VLOOKUP(C127,'[3]Capacidad Financiera'!$B$12:$X$3580,2,0)) | E127: =IF(ISERROR(VLOOKUP(C127,'[3]Capacidad Financiera'!$B$12:$X$62720,3,0)),"",VLOOKUP(C127,'[3]Capacidad Financiera'!$B$12:$X$62720,3,0)) | G127: =IF(OR(D127="",E127="",F127=""),"",IF(C127<>"",IF(ISERROR(VLOOKUP($A$10,[3]POA!$A$2:$D$25,2,0)),"",VLOOKUP($A$10,[3]POA!$A$2:$D$25,2,0)),"")) | H127: =IF(OR(D127="",E127="",F127=""),"",IF(C127<>"",F127/(G127*E127),"")) | I127: =IF(OR(D127="",E127="",F127=""),"",IF(AND(H127>0,H127<=Experiencia1),[3]Puntajes!$D$4,IF(AND(H127>Experiencia1,H127<=Experiencia2),[3]Puntajes!$D$5,IF(AND(H127>Experiencia2,H127<=Experiencia3),[3]Puntajes!$D$6,IF(H127>Experiencia3,[3]Puntajes!$D$7,0)))))
D128: =IF(ISERROR(VLOOKUP(C128,'[3]Capacidad Financiera'!$B$12:$X$62720,2,0)),"",VLOOKUP(C128,'[3]Capacidad Financiera'!$B$12:$X$3580,2,0)) | E128: =IF(ISERROR(VLOOKUP(C128,'[3]Capacidad Financiera'!$B$12:$X$62720,3,0)),"",VLOOKUP(C128,'[3]Capacidad Financiera'!$B$12:$X$62720,3,0)) | G128: =IF(OR(D128="",E128="",F128=""),"",IF(C128<>"",IF(ISERROR(VLOOKUP($A$10,[3]POA!$A$2:$D$25,2,0)),"",VLOOKUP($A$10,[3]POA!$A$2:$D$25,2,0)),"")) | H128: =IF(OR(D128="",E128="",F128=""),"",IF(C128<>"",F128/(G128*E128),"")) | I128: =IF(OR(D128="",E128="",F128=""),"",IF(AND(H128>0,H128<=Experiencia1),[3]Puntajes!$D$4,IF(AND(H128>Experiencia1,H128<=Experiencia2),[3]Puntajes!$D$5,IF(AND(H128>Experiencia2,H128<=Experiencia3),[3]Puntajes!$D$6,IF(H128>Experiencia3,[3]Puntajes!$D$7,0)))))
D129: =IF(ISERROR(VLOOKUP(C129,'[3]Capacidad Financiera'!$B$12:$X$62720,2,0)),"",VLOOKUP(C129,'[3]Capacidad Financiera'!$B$12:$X$3580,2,0)) | E129: =IF(ISERROR(VLOOKUP(C129,'[3]Capacidad Financiera'!$B$12:$X$62720,3,0)),"",VLOOKUP(C129,'[3]Capacidad Financiera'!$B$12:$X$62720,3,0)) | G129: =IF(OR(D129="",E129="",F129=""),"",IF(C129<>"",IF(ISERROR(VLOOKUP($A$10,[3]POA!$A$2:$D$25,2,0)),"",VLOOKUP($A$10,[3]POA!$A$2:$D$25,2,0)),"")) | H129: =IF(OR(D129="",E129="",F129=""),"",IF(C129<>"",F129/(G129*E129),"")) | I129: =IF(OR(D129="",E129="",F129=""),"",IF(AND(H129>0,H129<=Experiencia1),[3]Puntajes!$D$4,IF(AND(H129>Experiencia1,H129<=Experiencia2),[3]Puntajes!$D$5,IF(AND(H129>Experiencia2,H129<=Experiencia3),[3]Puntajes!$D$6,IF(H129>Experiencia3,[3]Puntajes!$D$7,0)))))
D130: =IF(ISERROR(VLOOKUP(C130,'[3]Capacidad Financiera'!$B$12:$X$62720,2,0)),"",VLOOKUP(C130,'[3]Capacidad Financiera'!$B$12:$X$3580,2,0)) | E130: =IF(ISERROR(VLOOKUP(C130,'[3]Capacidad Financiera'!$B$12:$X$62720,3,0)),"",VLOOKUP(C130,'[3]Capacidad Financiera'!$B$12:$X$62720,3,0)) | G130: =IF(OR(D130="",E130="",F130=""),"",IF(C130<>"",IF(ISERROR(VLOOKUP($A$10,[3]POA!$A$2:$D$25,2,0)),"",VLOOKUP($A$10,[3]POA!$A$2:$D$25,2,0)),"")) | H130: =IF(OR(D130="",E130="",F130=""),"",IF(C130<>"",F130/(G130*E130),"")) | I130: =IF(OR(D130="",E130="",F130=""),"",IF(AND(H130>0,H130<=Experiencia1),[3]Puntajes!$D$4,IF(AND(H130>Experiencia1,H130<=Experiencia2),[3]Puntajes!$D$5,IF(AND(H130>Experiencia2,H130<=Experiencia3),[3]Puntajes!$D$6,IF(H130>Experiencia3,[3]Puntajes!$D$7,0)))))
D131: =IF(ISERROR(VLOOKUP(C131,'[3]Capacidad Financiera'!$B$12:$X$62720,2,0)),"",VLOOKUP(C131,'[3]Capacidad Financiera'!$B$12:$X$3580,2,0)) | E131: =IF(ISERROR(VLOOKUP(C131,'[3]Capacidad Financiera'!$B$12:$X$62720,3,0)),"",VLOOKUP(C131,'[3]Capacidad Financiera'!$B$12:$X$62720,3,0)) | G131: =IF(OR(D131="",E131="",F131=""),"",IF(C132="",IF(C131<>"",IF(ISERROR(VLOOKUP($A$10,[3]POA!$A$2:$D$25,2,0)),"",VLOOKUP($A$10,[3]POA!$A$2:$D$25,2,0)),""),"")) | H131: =IF(OR(D131="",E131="",F131=""),"",IF(C132="",IF(C131<>"",F131/G131,""),"")) | I131: =IF(C132="",IF(F131="","",IF(AND(H131>0,H131<=Experiencia1),[3]Puntajes!$D$4,IF(AND(H131>Experiencia1,H131<=Experiencia2),[3]Puntajes!$D$5,IF(AND(H131>Experiencia2,H131<=Experiencia3),[3]Puntajes!$D$6,IF(H131>Experiencia3,[3]Puntajes!$D$7,0))))),"")
D132: =IF(ISERROR(VLOOKUP(C132,'[3]Capacidad Financiera'!$B$12:$X$62720,2,0)),"",VLOOKUP(C132,'[3]Capacidad Financiera'!$B$12:$X$3580,2,0)) | E132: =IF(ISERROR(VLOOKUP(C132,'[3]Capacidad Financiera'!$B$12:$X$62720,3,0)),"",VLOOKUP(C132,'[3]Capacidad Financiera'!$B$12:$X$62720,3,0)) | G132: =IF(OR(D132="",E132="",F132=""),"",IF(C132<>"",IF(ISERROR(VLOOKUP($A$10,[3]POA!$A$2:$D$25,2,0)),"",VLOOKUP($A$10,[3]POA!$A$2:$D$25,2,0)),"")) | H132: =IF(OR(D132="",E132="",F132=""),"",IF(C132<>"",F132/(G132*E132),"")) | I132: =IF(OR(D132="",E132="",F132=""),"",IF(AND(H132>0,H132<=Experiencia1),[3]Puntajes!$D$4,IF(AND(H132>Experiencia1,H132<=Experiencia2),[3]Puntajes!$D$5,IF(AND(H132>Experiencia2,H132<=Experiencia3),[3]Puntajes!$D$6,IF(H132>Experiencia3,[3]Puntajes!$D$7,0)))))
D133: =IF(ISERROR(VLOOKUP(C133,'[3]Capacidad Financiera'!$B$12:$X$62720,2,0)),"",VLOOKUP(C133,'[3]Capacidad Financiera'!$B$12:$X$3580,2,0)) | E133: =IF(ISERROR(VLOOKUP(C133,'[3]Capacidad Financiera'!$B$12:$X$62720,3,0)),"",VLOOKUP(C133,'[3]Capacidad Financiera'!$B$12:$X$62720,3,0)) | G133: =IF(OR(D133="",E133="",F133=""),"",IF(C133<>"",IF(ISERROR(VLOOKUP($A$10,[3]POA!$A$2:$D$25,2,0)),"",VLOOKUP($A$10,[3]POA!$A$2:$D$25,2,0)),"")) | H133: =IF(OR(D133="",E133="",F133=""),"",IF(C133<>"",F133/(G133*E133),"")) | I133: =IF(OR(D133="",E133="",F133=""),"",IF(AND(H133>0,H133<=Experiencia1),[3]Puntajes!$D$4,IF(AND(H133>Experiencia1,H133<=Experiencia2),[3]Puntajes!$D$5,IF(AND(H133>Experiencia2,H133<=Experiencia3),[3]Puntajes!$D$6,IF(H133>Experiencia3,[3]Puntajes!$D$7,0)))))
...

Sheet Puntaje CF
C2: ='Puntaje Exp'!C2 -> INSTITUTO NACIONAL DE VIAS
C3: ='Puntaje Exp'!C3 -> DIRECCIÓN TERRITORIAL CASANARE
C4: ='Puntaje Exp'!C4 -> SA-MC-DT-CAS-004-2023
C5: PUNTAJE POR CAPACIDAD FINANCIERA
C7: OFERTA | D7: PROPONENTE | E7: ACTIVOS CORRIENTES (A) | F7: PASIVOS CORRIENTES (B) | G7: ÍNDICE DE LIQUIDEZ (A) / (B) = (C) | H7: PUNTAJE POR CAPACIDAD FINANCIERA
H8: Rangos: Mayor a 0 y Menor o Igual a 0,5 = 20 Puntos Mayor a 0,5 y Menor o Igual a 0,75 = 25 Puntos Mayor a 0,75 y Menor o Igual a 1,00 = 30 Puntos Mayor a 1,00 y Menor o Igual a 1,5 = 35 Puntos Mayor a 1,5 y Mayores = 40 Puntos
C9: 1 | D9: =+PROPONENTE!B14 -> JUAN BERNARDO CAÑON PARRA
C10: 1.1 | D10: =+D9 -> JUAN BERNARDO CAÑON PARRA | E10: =+'Cap Financiera y Organizacional'!C12 -> 1236289083 | F10: =+'Cap Financiera y Organizacional'!E12 -> 10164399 | G10: =IF(OR(D10="",E10="",F10=""),"",IF(OR(E10=0,F10=0),0,E10/F10)) -> 121.62933 | H10: =IF(OR(D10="",E10="",F10=""),"",IF(AND(G10>0,G10<=0.5),Puntajes!$D$12,IF(AND(G10>0.5,G10<=0.75),Puntajes!$D$13,IF(AND(G10>0.75,G10<=1),Puntajes!$D$14,IF(AND(G10>1,G10<=1.5),Puntajes!$D$15,IF(G10>1.5,Puntajes!$D$16,0)))))) -> 40
E11: =IF(OR(C11="",D11=""),"",IF(ISERROR(VLOOKUP(D11,'[1]Cap Financiera y Organizacional'!$B$12:$X$62743,3,0)),"",VLOOKUP(D11,'[1]Cap Financiera y Organizacional'!$B$12:$X$62743,3,0))) | F11: =IF(OR(C11="",D11=""),"",IF(ISERROR(VLOOKUP(D11,'[1]Cap Financiera y Organizacional'!$B$12:$X$62743,5,0)),"",VLOOKUP(D11,'[1]Cap Financiera y Organizacional'!$B$12:$X$62743,5,0))) | G11: =IF(OR(D11="",E11="",F11=""),"",IF(OR(E11=0,F11=0),0,E11/F11)) | H11: =IF(OR(D11="",E11="",F11=""),"",IF(AND(G11>0,G11<=CapFinanciera1),[1]Puntajes!$D$12,IF(AND(G11>CapFinanciera1,G11<=CapFinanciera2),[1]Puntajes!$D$13,IF(AND(G11>CapFinanciera2,G11<=CapFinanciera3),[1]Puntajes!$D$14,IF(AND(G11>CapFinanciera3,G11<=CapFinanciera4),[1]Puntajes!$D$15,IF(G11>CapFinanciera4,[1]Puntajes!$D$16,0))))))
D12: =IF(ISERROR(VLOOKUP(C12,'[1]Cap Financiera y Organizacional'!$A$12:$X$62743,2,0)),"",VLOOKUP(C12,'[1]Cap Financiera y Organizacional'!$A$12:$X$3603,2,0)) | E12: =IF(OR(C12="",D12=""),"",IF(ISERROR(VLOOKUP(D12,'[1]Cap Financiera y Organizacional'!$B$12:$X$62743,3,0)),"",VLOOKUP(D12,'[1]Cap Financiera y Organizacional'!$B$12:$X$62743,3,0))) | F12: =IF(OR(C12="",D12=""),"",IF(ISERROR(VLOOKUP(D12,'[1]Cap Financiera y Organizacional'!$B$12:$X$62743,5,0)),"",VLOOKUP(D12,'[1]Cap Financiera y Organizacional'!$B$12:$X$62743,5,0))) | G12: =IF(OR(D12="",E12="",F12=""),"",IF(OR(E12=0,F12=0),0,E12/F12)) | H12: =IF(OR(D12="",E12="",F12=""),"",IF(AND(G12>0,G12<=CapFinanciera1),[1]Puntajes!$D$12,IF(AND(G12>CapFinanciera1,G12<=CapFinanciera2),[1]Puntajes!$D$13,IF(AND(G12>CapFinanciera2,G12<=CapFinanciera3),[1]Puntajes!$D$14,IF(AND(G12>CapFinanciera3,G12<=CapFinanciera4),[1]Puntajes!$D$15,IF(G12>CapFinanciera4,[1]Puntajes!$D$16,0))))))
D13: =IF(ISERROR(VLOOKUP(C13,'[1]Cap Financiera y Organizacional'!$A$12:$X$62743,2,0)),"",VLOOKUP(C13,'[1]Cap Financiera y Organizacional'!$A$12:$X$3603,2,0)) | E13: =IF(OR(C13="",D13=""),"",IF(ISERROR(VLOOKUP(D13,'[1]Cap Financiera y Organizacional'!$B$12:$X$62743,3,0)),"",VLOOKUP(D13,'[1]Cap Financiera y Organizacional'!$B$12:$X$62743,3,0))) | F13: =IF(OR(C13="",D13=""),"",IF(ISERROR(VLOOKUP(D13,'[1]Cap Financiera y Organizacional'!$B$12:$X$62743,5,0)),"",VLOOKUP(D13,'[1]Cap Financiera y Organizacional'!$B$12:$X$62743,5,0))) | G13: =IF(OR(D13="",E13="",F13=""),"",IF(OR(E13=0,F13=0),0,E13/F13)) | H13: =IF(OR(D13="",E13="",F13=""),"",IF(AND(G13>0,G13<=CapFinanciera1),[1]Puntajes!$D$12,IF(AND(G13>CapFinanciera1,G13<=CapFinanciera2),[1]Puntajes!$D$13,IF(AND(G13>CapFinanciera2,G13<=CapFinanciera3),[1]Puntajes!$D$14,IF(AND(G13>CapFinanciera3,G13<=CapFinanciera4),[1]Puntajes!$D$15,IF(G13>CapFinanciera4,[1]Puntajes!$D$16,0))))))
D14: =IF(ISERROR(VLOOKUP(C14,'[1]Cap Financiera y Organizacional'!$A$12:$X$62743,2,0)),"",VLOOKUP(C14,'[1]Cap Financiera y Organizacional'!$A$12:$X$3603,2,0)) | E14: =IF(OR(C14="",D14=""),"",IF(ISERROR(VLOOKUP(D14,'[1]Cap Financiera y Organizacional'!$B$12:$X$62743,3,0)),"",VLOOKUP(D14,'[1]Cap Financiera y Organizacional'!$B$12:$X$62743,3,0))) | F14: =IF(OR(C14="",D14=""),"",IF(ISERROR(VLOOKUP(D14,'[1]Cap Financiera y Organizacional'!$B$12:$X$62743,5,0)),"",VLOOKUP(D14,'[1]Cap Financiera y Organizacional'!$B$12:$X$62743,5,0))) | G14: =IF(OR(D14="",E14="",F14=""),"",IF(OR(E14=0,F14=0),0,E14/F14)) | H14: =IF(OR(D14="",E14="",F14=""),"",IF(AND(G14>0,G14<=CapFinanciera1),[1]Puntajes!$D$12,IF(AND(G14>CapFinanciera1,G14<=CapFinanciera2),[1]Puntajes!$D$13,IF(AND(G14>CapFinanciera2,G14<=CapFinanciera3),[1]Puntajes!$D$14,IF(AND(G14>CapFinanciera3,G14<=CapFinanciera4),[1]Puntajes!$D$15,IF(G14>CapFinanciera4,[1]Puntajes!$D$16,0))))))
D15: =IF(ISERROR(VLOOKUP(C15,'[1]Cap Financiera y Organizacional'!$A$12:$X$62743,2,0)),"",VLOOKUP(C15,'[1]Cap Financiera y Organizacional'!$A$12:$X$3603,2,0)) | E15: =IF(OR(C15="",D15=""),"",IF(ISERROR(VLOOKUP(D15,'[1]Cap Financiera y Organizacional'!$B$12:$X$62743,3,0)),"",VLOOKUP(D15,'[1]Cap Financiera y Organizacional'!$B$12:$X$62743,3,0))) | F15: =IF(OR(C15="",D15=""),"",IF(ISERROR(VLOOKUP(D15,'[1]Cap Financiera y Organizacional'!$B$12:$X$62743,5,0)),"",VLOOKUP(D15,'[1]Cap Financiera y Organizacional'!$B$12:$X$62743,5,0))) | G15: =IF(OR(D15="",E15="",F15=""),"",IF(OR(E15=0,F15=0),0,E15/F15)) | H15: =IF(OR(D15="",E15="",F15=""),"",IF(AND(G15>0,G15<=CapFinanciera1),[1]Puntajes!$D$12,IF(AND(G15>CapFinanciera1,G15<=CapFinanciera2),[1]Puntajes!$D$13,IF(AND(G15>CapFinanciera2,G15<=CapFinanciera3),[1]Puntajes!$D$14,IF(AND(G15>CapFinanciera3,G15<=CapFinanciera4),[1]Puntajes!$D$15,IF(G15>CapFinanciera4,[1]Puntajes!$D$16,0))))))
D16: =IF(ISERROR(VLOOKUP(C16,'[1]Cap Financiera y Organizacional'!$A$12:$X$62743,2,0)),"",VLOOKUP(C16,'[1]Cap Financiera y Organizacional'!$A$12:$X$3603,2,0)) | E16: =IF(OR(C16="",D16=""),"",IF(ISERROR(VLOOKUP(D16,'[1]Cap Financiera y Organizacional'!$B$12:$X$62743,3,0)),"",VLOOKUP(D16,'[1]Cap Financiera y Organizacional'!$B$12:$X$62743,3,0))) | F16: =IF(OR(C16="",D16=""),"",IF(ISERROR(VLOOKUP(D16,'[1]Cap Financiera y Organizacional'!$B$12:$X$62743,5,0)),"",VLOOKUP(D16,'[1]Cap Financiera y Organizacional'!$B$12:$X$62743,5,0))) | G16: =IF(OR(D16="",E16="",F16=""),"",IF(OR(E16=0,F16=0),0,E16/F16)) | H16: =IF(OR(D16="",E16="",F16=""),"",IF(AND(G16>0,G16<=CapFinanciera1),[1]Puntajes!$D$12,IF(AND(G16>CapFinanciera1,G16<=CapFinanciera2),[1]Puntajes!$D$13,IF(AND(G16>CapFinanciera2,G16<=CapFinanciera3),[1]Puntajes!$D$14,IF(AND(G16>CapFinanciera3,G16<=CapFinanciera4),[1]Puntajes!$D$15,IF(G16>CapFinanciera4,[1]Puntajes!$D$16,0))))))
D17: =IF(ISERROR(VLOOKUP(C17,'[1]Cap Financiera y Organizacional'!$A$12:$X$62743,2,0)),"",VLOOKUP(C17,'[1]Cap Financiera y Organizacional'!$A$12:$X$3603,2,0)) | E17: =IF(OR(C17="",D17=""),"",IF(ISERROR(VLOOKUP(D17,'[1]Cap Financiera y Organizacional'!$B$12:$X$62743,3,0)),"",VLOOKUP(D17,'[1]Cap Financiera y Organizacional'!$B$12:$X$62743,3,0))) | F17: =IF(OR(C17="",D17=""),"",IF(ISERROR(VLOOKUP(D17,'[1]Cap Financiera y Organizacional'!$B$12:$X$62743,5,0)),"",VLOOKUP(D17,'[1]Cap Financiera y Organizacional'!$B$12:$X$62743,5,0))) | G17: =IF(OR(D17="",E17="",F17=""),"",IF(OR(E17=0,F17=0),0,E17/F17)) | H17: =IF(OR(D17="",E17="",F17=""),"",IF(AND(G17>0,G17<=CapFinanciera1),[1]Puntajes!$D$12,IF(AND(G17>CapFinanciera1,G17<=CapFinanciera2),[1]Puntajes!$D$13,IF(AND(G17>CapFinanciera2,G17<=CapFinanciera3),[1]Puntajes!$D$14,IF(AND(G17>CapFinanciera3,G17<=CapFinanciera4),[1]Puntajes!$D$15,IF(G17>CapFinanciera4,[1]Puntajes!$D$16,0))))))
D18: =IF(ISERROR(VLOOKUP(C18,'[1]Cap Financiera y Organizacional'!$A$12:$X$62743,2,0)),"",VLOOKUP(C18,'[1]Cap Financiera y Organizacional'!$A$12:$X$3603,2,0)) | E18: =IF(OR(C18="",D18=""),"",IF(ISERROR(VLOOKUP(D18,'[1]Cap Financiera y Organizacional'!$B$12:$X$62743,3,0)),"",VLOOKUP(D18,'[1]Cap Financiera y Organizacional'!$B$12:$X$62743,3,0))) | F18: =IF(OR(C18="",D18=""),"",IF(ISERROR(VLOOKUP(D18,'[1]Cap Financiera y Organizacional'!$B$12:$X$62743,5,0)),"",VLOOKUP(D18,'[1]Cap Financiera y Organizacional'!$B$12:$X$62743,5,0))) | G18: =IF(OR(D18="",E18="",F18=""),"",IF(OR(E18=0,F18=0),0,E18/F18)) | H18: =IF(OR(D18="",E18="",F18=""),"",IF(AND(G18>0,G18<=CapFinanciera1),[1]Puntajes!$D$12,IF(AND(G18>CapFinanciera1,G18<=CapFinanciera2),[1]Puntajes!$D$13,IF(AND(G18>CapFinanciera2,G18<=CapFinanciera3),[1]Puntajes!$D$14,IF(AND(G18>CapFinanciera3,G18<=CapFinanciera4),[1]Puntajes!$D$15,IF(G18>CapFinanciera4,[1]Puntajes!$D$16,0))))))
D19: =IF(ISERROR(VLOOKUP(C19,'[1]Cap Financiera y Organizacional'!$A$12:$X$62743,2,0)),"",VLOOKUP(C19,'[1]Cap Financiera y Organizacional'!$A$12:$X$3603,2,0)) | E19: =IF(OR(C19="",D19=""),"",IF(ISERROR(VLOOKUP(D19,'[1]Cap Financiera y Organizacional'!$B$13:$X$62743,3,0)),"",VLOOKUP(D19,'[1]Cap Financiera y Organizacional'!$B$13:$X$62743,3,0))) | F19: =IF(OR(C19="",D19=""),"",IF(ISERROR(VLOOKUP(D19,'[1]Cap Financiera y Organizacional'!$B$13:$X$62743,5,0)),"",VLOOKUP(D19,'[1]Cap Financiera y Organizacional'!$B$13:$X$62743,5,0))) | G19: =IF(OR(D19="",E19="",F19=""),"",IF(OR(E19=0,F19=0),0,E19/F19)) | H19: =IF(OR(D19="",E19="",F19=""),"",IF(AND(G19>0,G19<=CapFinanciera1),[1]Puntajes!$D$12,IF(AND(G19>CapFinanciera1,G19<=CapFinanciera2),[1]Puntajes!$D$13,IF(AND(G19>CapFinanciera2,G19<=CapFinanciera3),[1]Puntajes!$D$14,IF(AND(G19>CapFinanciera3,G19<=CapFinanciera4),[1]Puntajes!$D$15,IF(G19>CapFinanciera4,[1]Puntajes!$D$16,0))))))
C20: 2
C21: 2.1 | G21: =IF(OR(D21="",E21="",F21=""),"",IF(OR(E21=0,F21=0),0,E21/F21)) | H21: =IF(OR(D21="",E21="",F21=""),"",IF(AND(G21>0,G21<=CapFinanciera1),[1]Puntajes!$D$12,IF(AND(G21>CapFinanciera1,G21<=CapFinanciera2),[1]Puntajes!$D$13,IF(AND(G21>CapFinanciera2,G21<=CapFinanciera3),[1]Puntajes!$D$14,IF(AND(G21>CapFinanciera3,G21<=CapFinanciera4),[1]Puntajes!$D$15,IF(G21>CapFinanciera4,[1]Puntajes!$D$16,0))))))
D22: =IF(ISERROR(VLOOKUP(C22,'[1]Cap Financiera y Organizacional'!$A$12:$X$62743,2,0)),"",VLOOKUP(C22,'[1]Cap Financiera y Organizacional'!$A$12:$X$3603,2,0)) | E22: =IF(OR(C22="",D22=""),"",IF(ISERROR(VLOOKUP(D22,'[1]Cap Financiera y Organizacional'!$B$12:$X$62743,3,0)),"",VLOOKUP(D22,'[1]Cap Financiera y Organizacional'!$B$12:$X$62743,3,0))) | F22: =IF(OR(C22="",D22=""),"",IF(ISERROR(VLOOKUP(D22,'[1]Cap Financiera y Organizacional'!$B$12:$X$62743,5,0)),"",VLOOKUP(D22,'[1]Cap Financiera y Organizacional'!$B$12:$X$62743,5,0))) | G22: =IF(OR(D22="",E22="",F22=""),"",IF(OR(E22=0,F22=0),0,E22/F22)) | H22: =IF(OR(D22="",E22="",F22=""),"",IF(AND(G22>0,G22<=CapFinanciera1),[1]Puntajes!$D$12,IF(AND(G22>CapFinanciera1,G22<=CapFinanciera2),[1]Puntajes!$D$13,IF(AND(G22>CapFinanciera2,G22<=CapFinanciera3),[1]Puntajes!$D$14,IF(AND(G22>CapFinanciera3,G22<=CapFinanciera4),[1]Puntajes!$D$15,IF(G22>CapFinanciera4,[1]Puntajes!$D$16,0))))))
D23: =IF(ISERROR(VLOOKUP(C23,'[1]Cap Financiera y Organizacional'!$A$12:$X$62743,2,0)),"",VLOOKUP(C23,'[1]Cap Financiera y Organizacional'!$A$12:$X$3603,2,0)) | E23: =IF(OR(C23="",D23=""),"",IF(ISERROR(VLOOKUP(D23,'[1]Cap Financiera y Organizacional'!$B$12:$X$62743,3,0)),"",VLOOKUP(D23,'[1]Cap Financiera y Organizacional'!$B$12:$X$62743,3,0))) | F23: =IF(OR(C23="",D23=""),"",IF(ISERROR(VLOOKUP(D23,'[1]Cap Financiera y Organizacional'!$B$12:$X$62743,5,0)),"",VLOOKUP(D23,'[1]Cap Financiera y Organizacional'!$B$12:$X$62743,5,0))) | G23: =IF(OR(D23="",E23="",F23=""),"",IF(OR(E23=0,F23=0),0,E23/F23)) | H23: =IF(OR(D23="",E23="",F23=""),"",IF(AND(G23>0,G23<=CapFinanciera1),[1]Puntajes!$D$12,IF(AND(G23>CapFinanciera1,G23<=CapFinanciera2),[1]Puntajes!$D$13,IF(AND(G23>CapFinanciera2,G23<=CapFinanciera3),[1]Puntajes!$D$14,IF(AND(G23>CapFinanciera3,G23<=CapFinanciera4),[1]Puntajes!$D$15,IF(G23>CapFinanciera4,[1]Puntajes!$D$16,0))))))
D24: =IF(ISERROR(VLOOKUP(C24,'[1]Cap Financiera y Organizacional'!$A$12:$X$62743,2,0)),"",VLOOKUP(C24,'[1]Cap Financiera y Organizacional'!$A$12:$X$3603,2,0)) | E24: =IF(OR(C24="",D24=""),"",IF(ISERROR(VLOOKUP(D24,'[1]Cap Financiera y Organizacional'!$B$12:$X$62743,3,0)),"",VLOOKUP(D24,'[1]Cap Financiera y Organizacional'!$B$12:$X$62743,3,0))) | F24: =IF(OR(C24="",D24=""),"",IF(ISERROR(VLOOKUP(D24,'[1]Cap Financiera y Organizacional'!$B$12:$X$62743,5,0)),"",VLOOKUP(D24,'[1]Cap Financiera y Organizacional'!$B$12:$X$62743,5,0))) | G24: =IF(OR(D24="",E24="",F24=""),"",IF(OR(E24=0,F24=0),0,E24/F24)) | H24: =IF(OR(D24="",E24="",F24=""),"",IF(AND(G24>0,G24<=CapFinanciera1),[1]Puntajes!$D$12,IF(AND(G24>CapFinanciera1,G24<=CapFinanciera2),[1]Puntajes!$D$13,IF(AND(G24>CapFinanciera2,G24<=CapFinanciera3),[1]Puntajes!$D$14,IF(AND(G24>CapFinanciera3,G24<=CapFinanciera4),[1]Puntajes!$D$15,IF(G24>CapFinanciera4,[1]Puntajes!$D$16,0))))))
D25: =IF(ISERROR(VLOOKUP(C25,'[1]Cap Financiera y Organizacional'!$A$12:$X$62743,2,0)),"",VLOOKUP(C25,'[1]Cap Financiera y Organizacional'!$A$12:$X$3603,2,0)) | E25: =IF(OR(C25="",D25=""),"",IF(ISERROR(VLOOKUP(D25,'[1]Cap Financiera y Organizacional'!$B$12:$X$62743,3,0)),"",VLOOKUP(D25,'[1]Cap Financiera y Organizacional'!$B$12:$X$62743,3,0))) | F25: =IF(OR(C25="",D25=""),"",IF(ISERROR(VLOOKUP(D25,'[1]Cap Financiera y Organizacional'!$B$12:$X$62743,5,0)),"",VLOOKUP(D25,'[1]Cap Financiera y Organizacional'!$B$12:$X$62743,5,0))) | G25: =IF(OR(D25="",E25="",F25=""),"",IF(OR(E25=0,F25=0),0,E25/F25)) | H25: =IF(OR(D25="",E25="",F25=""),"",IF(AND(G25>0,G25<=CapFinanciera1),[1]Puntajes!$D$12,IF(AND(G25>CapFinanciera1,G25<=CapFinanciera2),[1]Puntajes!$D$13,IF(AND(G25>CapFinanciera2,G25<=CapFinanciera3),[1]Puntajes!$D$14,IF(AND(G25>CapFinanciera3,G25<=CapFinanciera4),[1]Puntajes!$D$15,IF(G25>CapFinanciera4,[1]Puntajes!$D$16,0))))))
D26: =IF(ISERROR(VLOOKUP(C26,'[1]Cap Financiera y Organizacional'!$A$12:$X$62743,2,0)),"",VLOOKUP(C26,'[1]Cap Financiera y Organizacional'!$A$12:$X$3603,2,0)) | E26: =IF(OR(C26="",D26=""),"",IF(ISERROR(VLOOKUP(D26,'[1]Cap Financiera y Organizacional'!$B$12:$X$62743,3,0)),"",VLOOKUP(D26,'[1]Cap Financiera y Organizacional'!$B$12:$X$62743,3,0))) | F26: =IF(OR(C26="",D26=""),"",IF(ISERROR(VLOOKUP(D26,'[1]Cap Financiera y Organizacional'!$B$12:$X$62743,5,0)),"",VLOOKUP(D26,'[1]Cap Financiera y Organizacional'!$B$12:$X$62743,5,0))) | G26: =IF(OR(D26="",E26="",F26=""),"",IF(OR(E26=0,F26=0),0,E26/F26)) | H26: =IF(OR(D26="",E26="",F26=""),"",IF(AND(G26>0,G26<=CapFinanciera1),[1]Puntajes!$D$12,IF(AND(G26>CapFinanciera1,G26<=CapFinanciera2),[1]Puntajes!$D$13,IF(AND(G26>CapFinanciera2,G26<=CapFinanciera3),[1]Puntajes!$D$14,IF(AND(G26>CapFinanciera3,G26<=CapFinanciera4),[1]Puntajes!$D$15,IF(G26>CapFinanciera4,[1]Puntajes!$D$16,0))))))
D27: =IF(ISERROR(VLOOKUP(C27,'[1]Cap Financiera y Organizacional'!$A$12:$X$62743,2,0)),"",VLOOKUP(C27,'[1]Cap Financiera y Organizacional'!$A$12:$X$3603,2,0)) | E27: =IF(OR(C27="",D27=""),"",IF(ISERROR(VLOOKUP(D27,'[1]Cap Financiera y Organizacional'!$B$12:$X$62743,3,0)),"",VLOOKUP(D27,'[1]Cap Financiera y Organizacional'!$B$12:$X$62743,3,0))) | F27: =IF(OR(C27="",D27=""),"",IF(ISERROR(VLOOKUP(D27,'[1]Cap Financiera y Organizacional'!$B$12:$X$62743,5,0)),"",VLOOKUP(D27,'[1]Cap Financiera y Organizacional'!$B$12:$X$62743,5,0))) | G27: =IF(OR(D27="",E27="",F27=""),"",IF(OR(E27=0,F27=0),0,E27/F27)) | H27: =IF(OR(D27="",E27="",F27=""),"",IF(AND(G27>0,G27<=CapFinanciera1),[1]Puntajes!$D$12,IF(AND(G27>CapFinanciera1,G27<=CapFinanciera2),[1]Puntajes!$D$13,IF(AND(G27>CapFinanciera2,G27<=CapFinanciera3),[1]Puntajes!$D$14,IF(AND(G27>CapFinanciera3,G27<=CapFinanciera4),[1]Puntajes!$D$15,IF(G27>CapFinanciera4,[1]Puntajes!$D$16,0))))))
D28: =IF(ISERROR(VLOOKUP(C28,'[1]Cap Financiera y Organizacional'!$A$12:$X$62743,2,0)),"",VLOOKUP(C28,'[1]Cap Financiera y Organizacional'!$A$12:$X$3603,2,0)) | E28: =IF(OR(C28="",D28=""),"",IF(ISERROR(VLOOKUP(D28,'[1]Cap Financiera y Organizacional'!$B$12:$X$62743,3,0)),"",VLOOKUP(D28,'[1]Cap Financiera y Organizacional'!$B$12:$X$62743,3,0))) | F28: =IF(OR(C28="",D28=""),"",IF(ISERROR(VLOOKUP(D28,'[1]Cap Financiera y Organizacional'!$B$12:$X$62743,5,0)),"",VLOOKUP(D28,'[1]Cap Financiera y Organizacional'!$B$12:$X$62743,5,0))) | G28: =IF(OR(D28="",E28="",F28=""),"",IF(OR(E28=0,F28=0),0,E28/F28)) | H28: =IF(OR(D28="",E28="",F28=""),"",IF(AND(G28>0,G28<=CapFinanciera1),[1]Puntajes!$D$12,IF(AND(G28>CapFinanciera1,G28<=CapFinanciera2),[1]Puntajes!$D$13,IF(AND(G28>CapFinanciera2,G28<=CapFinanciera3),[1]Puntajes!$D$14,IF(AND(G28>CapFinanciera3,G28<=CapFinanciera4),[1]Puntajes!$D$15,IF(G28>CapFinanciera4,[1]Puntajes!$D$16,0))))))
D29: =IF(ISERROR(VLOOKUP(C29,'[1]Cap Financiera y Organizacional'!$A$12:$X$62743,2,0)),"",VLOOKUP(C29,'[1]Cap Financiera y Organizacional'!$A$12:$X$3603,2,0)) | E29: =IF(OR(C29="",D29=""),"",IF(ISERROR(VLOOKUP(D29,'[1]Cap Financiera y Organizacional'!$B$12:$X$62743,3,0)),"",VLOOKUP(D29,'[1]Cap Financiera y Organizacional'!$B$12:$X$62743,3,0))) | F29: =IF(OR(C29="",D29=""),"",IF(ISERROR(VLOOKUP(D29,'[1]Cap Financiera y Organizacional'!$B$12:$X$62743,5,0)),"",VLOOKUP(D29,'[1]Cap Financiera y Organizacional'!$B$12:$X$62743,5,0))) | G29: =IF(OR(D29="",E29="",F29=""),"",IF(OR(E29=0,F29=0),0,E29/F29)) | H29: =IF(OR(D29="",E29="",F29=""),"",IF(AND(G29>0,G29<=CapFinanciera1),[1]Puntajes!$D$12,IF(AND(G29>CapFinanciera1,G29<=CapFinanciera2),[1]Puntajes!$D$13,IF(AND(G29>CapFinanciera2,G29<=CapFinanciera3),[1]Puntajes!$D$14,IF(AND(G29>CapFinanciera3,G29<=CapFinanciera4),[1]Puntajes!$D$15,IF(G29>CapFinanciera4,[1]Puntajes!$D$16,0))))))
D30: =IF(ISERROR(VLOOKUP(C30,'[1]Cap Financiera y Organizacional'!$A$12:$X$62743,2,0)),"",VLOOKUP(C30,'[1]Cap Financiera y Organizacional'!$A$12:$X$3603,2,0)) | E30: =IF(OR(C30="",D30=""),"",IF(ISERROR(VLOOKUP(D30,'[1]Cap Financiera y Organizacional'!$B$13:$X$62743,3,0)),"",VLOOKUP(D30,'[1]Cap Financiera y Organizacional'!$B$13:$X$62743,3,0))) | F30: =IF(OR(C30="",D30=""),"",IF(ISERROR(VLOOKUP(D30,'[1]Cap Financiera y Organizacional'!$B$13:$X$62743,5,0)),"",VLOOKUP(D30,'[1]Cap Financiera y Organizacional'!$B$13:$X$62743,5,0))) | G30: =IF(OR(D30="",E30="",F30=""),"",IF(OR(E30=0,F30=0),0,E30/F30)) | H30: =IF(OR(D30="",E30="",F30=""),"",IF(AND(G30>0,G30<=CapFinanciera1),[1]Puntajes!$D$12,IF(AND(G30>CapFinanciera1,G30<=CapFinanciera2),[1]Puntajes!$D$13,IF(AND(G30>CapFinanciera2,G30<=CapFinanciera3),[1]Puntajes!$D$14,IF(AND(G30>CapFinanciera3,G30<=CapFinanciera4),[1]Puntajes!$D$15,IF(G30>CapFinanciera4,[1]Puntajes!$D$16,0))))))
C31: 3
C32: 3.1 | E32: =IF(OR(C32="",D32=""),"",IF(ISERROR(VLOOKUP(D32,'[1]Cap Financiera y Organizacional'!$B$12:$X$62743,3,0)),"",VLOOKUP(D32,'[1]Cap Financiera y Organizacional'!$B$12:$X$62743,3,0))) | F32: =IF(OR(C32="",D32=""),"",IF(ISERROR(VLOOKUP(D32,'[1]Cap Financiera y Organizacional'!$B$12:$X$62743,5,0)),"",VLOOKUP(D32,'[1]Cap Financiera y Organizacional'!$B$12:$X$62743,5,0))) | G32: =IF(OR(D32="",E32="",F32=""),"",IF(OR(E32=0,F32=0),0,E32/F32)) | H32: =IF(OR(D32="",E32="",F32=""),"",IF(AND(G32>0,G32<=CapFinanciera1),[1]Puntajes!$D$12,IF(AND(G32>CapFinanciera1,G32<=CapFinanciera2),[1]Puntajes!$D$13,IF(AND(G32>CapFinanciera2,G32<=CapFinanciera3),[1]Puntajes!$D$14,IF(AND(G32>CapFinanciera3,G32<=CapFinanciera4),[1]Puntajes!$D$15,IF(G32>CapFinanciera4,[1]Puntajes!$D$16,0))))))
C33: 3.2 | E33: =IF(OR(C33="",D33=""),"",IF(ISERROR(VLOOKUP(D33,'[1]Cap Financiera y Organizacional'!$B$12:$X$62743,3,0)),"",VLOOKUP(D33,'[1]Cap Financiera y Organizacional'!$B$12:$X$62743,3,0))) | F33: =IF(OR(C33="",D33=""),"",IF(ISERROR(VLOOKUP(D33,'[1]Cap Financiera y Organizacional'!$B$12:$X$62743,5,0)),"",VLOOKUP(D33,'[1]Cap Financiera y Organizacional'!$B$12:$X$62743,5,0))) | G33: =IF(OR(D33="",E33="",F33=""),"",IF(OR(E33=0,F33=0),0,E33/F33)) | H33: =IF(OR(D33="",E33="",F33=""),"",IF(AND(G33>0,G33<=CapFinanciera1),[1]Puntajes!$D$12,IF(AND(G33>CapFinanciera1,G33<=CapFinanciera2),[1]Puntajes!$D$13,IF(AND(G33>CapFinanciera2,G33<=CapFinanciera3),[1]Puntajes!$D$14,IF(AND(G33>CapFinanciera3,G33<=CapFinanciera4),[1]Puntajes!$D$15,IF(G33>CapFinanciera4,[1]Puntajes!$D$16,0))))))
D34: =IF(ISERROR(VLOOKUP(C34,'[1]Cap Financiera y Organizacional'!$A$12:$X$62743,2,0)),"",VLOOKUP(C34,'[1]Cap Financiera y Organizacional'!$A$12:$X$3603,2,0)) | E34: =IF(OR(C34="",D34=""),"",IF(ISERROR(VLOOKUP(D34,'[1]Cap Financiera y Organizacional'!$B$12:$X$62743,3,0)),"",VLOOKUP(D34,'[1]Cap Financiera y Organizacional'!$B$12:$X$62743,3,0))) | F34: =IF(OR(C34="",D34=""),"",IF(ISERROR(VLOOKUP(D34,'[1]Cap Financiera y Organizacional'!$B$12:$X$62743,5,0)),"",VLOOKUP(D34,'[1]Cap Financiera y Organizacional'!$B$12:$X$62743,5,0))) | G34: =IF(OR(D34="",E34="",F34=""),"",IF(OR(E34=0,F34=0),0,E34/F34)) | H34: =IF(OR(D34="",E34="",F34=""),"",IF(AND(G34>0,G34<=CapFinanciera1),[1]Puntajes!$D$12,IF(AND(G34>CapFinanciera1,G34<=CapFinanciera2),[1]Puntajes!$D$13,IF(AND(G34>CapFinanciera2,G34<=CapFinanciera3),[1]Puntajes!$D$14,IF(AND(G34>CapFinanciera3,G34<=CapFinanciera4),[1]Puntajes!$D$15,IF(G34>CapFinanciera4,[1]Puntajes!$D$16,0))))))
D35: =IF(ISERROR(VLOOKUP(C35,'[1]Cap Financiera y Organizacional'!$A$12:$X$62743,2,0)),"",VLOOKUP(C35,'[1]Cap Financiera y Organizacional'!$A$12:$X$3603,2,0)) | E35: =IF(OR(C35="",D35=""),"",IF(ISERROR(VLOOKUP(D35,'[1]Cap Financiera y Organizacional'!$B$12:$X$62743,3,0)),"",VLOOKUP(D35,'[1]Cap Financiera y Organizacional'!$B$12:$X$62743,3,0))) | F35: =IF(OR(C35="",D35=""),"",IF(ISERROR(VLOOKUP(D35,'[1]Cap Financiera y Organizacional'!$B$12:$X$62743,5,0)),"",VLOOKUP(D35,'[1]Cap Financiera y Organizacional'!$B$12:$X$62743,5,0))) | G35: =IF(OR(D35="",E35="",F35=""),"",IF(OR(E35=0,F35=0),0,E35/F35)) | H35: =IF(OR(D35="",E35="",F35=""),"",IF(AND(G35>0,G35<=CapFinanciera1),[1]Puntajes!$D$12,IF(AND(G35>CapFinanciera1,G35<=CapFinanciera2),[1]Puntajes!$D$13,IF(AND(G35>CapFinanciera2,G35<=CapFinanciera3),[1]Puntajes!$D$14,IF(AND(G35>CapFinanciera3,G35<=CapFinanciera4),[1]Puntajes!$D$15,IF(G35>CapFinanciera4,[1]Puntajes!$D$16,0))))))
D36: =IF(ISERROR(VLOOKUP(C36,'[1]Cap Financiera y Organizacional'!$A$12:$X$62743,2,0)),"",VLOOKUP(C36,'[1]Cap Financiera y Organizacional'!$A$12:$X$3603,2,0)) | E36: =IF(OR(C36="",D36=""),"",IF(ISERROR(VLOOKUP(D36,'[1]Cap Financiera y Organizacional'!$B$12:$X$62743,3,0)),"",VLOOKUP(D36,'[1]Cap Financiera y Organizacional'!$B$12:$X$62743,3,0))) | F36: =IF(OR(C36="",D36=""),"",IF(ISERROR(VLOOKUP(D36,'[1]Cap Financiera y Organizacional'!$B$12:$X$62743,5,0)),"",VLOOKUP(D36,'[1]Cap Financiera y Organizacional'!$B$12:$X$62743,5,0))) | G36: =IF(OR(D36="",E36="",F36=""),"",IF(OR(E36=0,F36=0),0,E36/F36)) | H36: =IF(OR(D36="",E36="",F36=""),"",IF(AND(G36>0,G36<=CapFinanciera1),[1]Puntajes!$D$12,IF(AND(G36>CapFinanciera1,G36<=CapFinanciera2),[1]Puntajes!$D$13,IF(AND(G36>CapFinanciera2,G36<=CapFinanciera3),[1]Puntajes!$D$14,IF(AND(G36>CapFinanciera3,G36<=CapFinanciera4),[1]Puntajes!$D$15,IF(G36>CapFinanciera4,[1]Puntajes!$D$16,0))))))
D37: =IF(ISERROR(VLOOKUP(C37,'[1]Cap Financiera y Organizacional'!$A$12:$X$62743,2,0)),"",VLOOKUP(C37,'[1]Cap Financiera y Organizacional'!$A$12:$X$3603,2,0)) | E37: =IF(OR(C37="",D37=""),"",IF(ISERROR(VLOOKUP(D37,'[1]Cap Financiera y Organizacional'!$B$12:$X$62743,3,0)),"",VLOOKUP(D37,'[1]Cap Financiera y Organizacional'!$B$12:$X$62743,3,0))) | F37: =IF(OR(C37="",D37=""),"",IF(ISERROR(VLOOKUP(D37,'[1]Cap Financiera y Organizacional'!$B$12:$X$62743,5,0)),"",VLOOKUP(D37,'[1]Cap Financiera y Organizacional'!$B$12:$X$62743,5,0))) | G37: =IF(OR(D37="",E37="",F37=""),"",IF(OR(E37=0,F37=0),0,E37/F37)) | H37: =IF(OR(D37="",E37="",F37=""),"",IF(AND(G37>0,G37<=CapFinanciera1),[1]Puntajes!$D$12,IF(AND(G37>CapFinanciera1,G37<=CapFinanciera2),[1]Puntajes!$D$13,IF(AND(G37>CapFinanciera2,G37<=CapFinanciera3),[1]Puntajes!$D$14,IF(AND(G37>CapFinanciera3,G37<=CapFinanciera4),[1]Puntajes!$D$15,IF(G37>CapFinanciera4,[1]Puntajes!$D$16,0))))))
D38: =IF(ISERROR(VLOOKUP(C38,'[1]Cap Financiera y Organizacional'!$A$12:$X$62743,2,0)),"",VLOOKUP(C38,'[1]Cap Financiera y Organizacional'!$A$12:$X$3603,2,0)) | E38: =IF(OR(C38="",D38=""),"",IF(ISERROR(VLOOKUP(D38,'[1]Cap Financiera y Organizacional'!$B$12:$X$62743,3,0)),"",VLOOKUP(D38,'[1]Cap Financiera y Organizacional'!$B$12:$X$62743,3,0))) | F38: =IF(OR(C38="",D38=""),"",IF(ISERROR(VLOOKUP(D38,'[1]Cap Financiera y Organizacional'!$B$12:$X$62743,5,0)),"",VLOOKUP(D38,'[1]Cap Financiera y Organizacional'!$B$12:$X$62743,5,0))) | G38: =IF(OR(D38="",E38="",F38=""),"",IF(OR(E38=0,F38=0),0,E38/F38)) | H38: =IF(OR(D38="",E38="",F38=""),"",IF(AND(G38>0,G38<=CapFinanciera1),[1]Puntajes!$D$12,IF(AND(G38>CapFinanciera1,G38<=CapFinanciera2),[1]Puntajes!$D$13,IF(AND(G38>CapFinanciera2,G38<=CapFinanciera3),[1]Puntajes!$D$14,IF(AND(G38>CapFinanciera3,G38<=CapFinanciera4),[1]Puntajes!$D$15,IF(G38>CapFinanciera4,[1]Puntajes!$D$16,0))))))
D39: =IF(ISERROR(VLOOKUP(C39,'[1]Cap Financiera y Organizacional'!$A$12:$X$62743,2,0)),"",VLOOKUP(C39,'[1]Cap Financiera y Organizacional'!$A$12:$X$3603,2,0)) | E39: =IF(OR(C39="",D39=""),"",IF(ISERROR(VLOOKUP(D39,'[1]Cap Financiera y Organizacional'!$B$12:$X$62743,3,0)),"",VLOOKUP(D39,'[1]Cap Financiera y Organizacional'!$B$12:$X$62743,3,0))) | F39: =IF(OR(C39="",D39=""),"",IF(ISERROR(VLOOKUP(D39,'[1]Cap Financiera y Organizacional'!$B$12:$X$62743,5,0)),"",VLOOKUP(D39,'[1]Cap Financiera y Organizacional'!$B$12:$X$62743,5,0))) | G39: =IF(OR(D39="",E39="",F39=""),"",IF(OR(E39=0,F39=0),0,E39/F39)) | H39: =IF(OR(D39="",E39="",F39=""),"",IF(AND(G39>0,G39<=CapFinanciera1),[1]Puntajes!$D$12,IF(AND(G39>CapFinanciera1,G39<=CapFinanciera2),[1]Puntajes!$D$13,IF(AND(G39>CapFinanciera2,G39<=CapFinanciera3),[1]Puntajes!$D$14,IF(AND(G39>CapFinanciera3,G39<=CapFinanciera4),[1]Puntajes!$D$15,IF(G39>CapFinanciera4,[1]Puntajes!$D$16,0))))))
D40: =IF(ISERROR(VLOOKUP(C40,'[1]Cap Financiera y Organizacional'!$A$12:$X$62743,2,0)),"",VLOOKUP(C40,'[1]Cap Financiera y Organizacional'!$A$12:$X$3603,2,0)) | E40: =IF(OR(C40="",D40=""),"",IF(ISERROR(VLOOKUP(D40,'[1]Cap Financiera y Organizacional'!$B$12:$X$62743,3,0)),"",VLOOKUP(D40,'[1]Cap Financiera y Organizacional'!$B$12:$X$62743,3,0))) | F40: =IF(OR(C40="",D40=""),"",IF(ISERROR(VLOOKUP(D40,'[1]Cap Financiera y Organizacional'!$B$12:$X$62743,5,0)),"",VLOOKUP(D40,'[1]Cap Financiera y Organizacional'!$B$12:$X$62743,5,0))) | G40: =IF(OR(D40="",E40="",F40=""),"",IF(OR(E40=0,F40=0),0,E40/F40)) | H40: =IF(OR(D40="",E40="",F40=""),"",IF(AND(G40>0,G40<=CapFinanciera1),[1]Puntajes!$D$12,IF(AND(G40>CapFinanciera1,G40<=CapFinanciera2),[1]Puntajes!$D$13,IF(AND(G40>CapFinanciera2,G40<=CapFinanciera3),[1]Puntajes!$D$14,IF(AND(G40>CapFinanciera3,G40<=CapFinanciera4),[1]Puntajes!$D$15,IF(G40>CapFinanciera4,[1]Puntajes!$D$16,0))))))
D41: =IF(ISERROR(VLOOKUP(C41,'[1]Cap Financiera y Organizacional'!$A$12:$X$62743,2,0)),"",VLOOKUP(C41,'[1]Cap Financiera y Organizacional'!$A$12:$X$3603,2,0)) | E41: =IF(OR(C41="",D41=""),"",IF(ISERROR(VLOOKUP(D41,'[1]Cap Financiera y Organizacional'!$B$13:$X$62743,3,0)),"",VLOOKUP(D41,'[1]Cap Financiera y Organizacional'!$B$13:$X$62743,3,0))) | F41: =IF(OR(C41="",D41=""),"",IF(ISERROR(VLOOKUP(D41,'[1]Cap Financiera y Organizacional'!$B$13:$X$62743,5,0)),"",VLOOKUP(D41,'[1]Cap Financiera y Organizacional'!$B$13:$X$62743,5,0))) | G41: =IF(OR(D41="",E41="",F41=""),"",IF(OR(E41=0,F41=0),0,E41/F41)) | H41: =IF(OR(D41="",E41="",F41=""),"",IF(AND(G41>0,G41<=CapFinanciera1),[1]Puntajes!$D$12,IF(AND(G41>CapFinanciera1,G41<=CapFinanciera2),[1]Puntajes!$D$13,IF(AND(G41>CapFinanciera2,G41<=CapFinanciera3),[1]Puntajes!$D$14,IF(AND(G41>CapFinanciera3,G41<=CapFinanciera4),[1]Puntajes!$D$15,IF(G41>CapFinanciera4,[1]Puntajes!$D$16,0))))))
C42: 4
C43: 4.1 | E43: =IF(OR(C43="",D43=""),"",IF(ISERROR(VLOOKUP(D43,'[1]Cap Financiera y Organizacional'!$B$12:$X$62743,3,0)),"",VLOOKUP(D43,'[1]Cap Financiera y Organizacional'!$B$12:$X$62743,3,0))) | F43: =IF(OR(C43="",D43=""),"",IF(ISERROR(VLOOKUP(D43,'[1]Cap Financiera y Organizacional'!$B$12:$X$62743,5,0)),"",VLOOKUP(D43,'[1]Cap Financiera y Organizacional'!$B$12:$X$62743,5,0))) | G43: =IF(OR(D43="",E43="",F43=""),"",IF(OR(E43=0,F43=0),0,E43/F43)) | H43: =IF(OR(D43="",E43="",F43=""),"",IF(AND(G43>0,G43<=CapFinanciera1),[1]Puntajes!$D$12,IF(AND(G43>CapFinanciera1,G43<=CapFinanciera2),[1]Puntajes!$D$13,IF(AND(G43>CapFinanciera2,G43<=CapFinanciera3),[1]Puntajes!$D$14,IF(AND(G43>CapFinanciera3,G43<=CapFinanciera4),[1]Puntajes!$D$15,IF(G43>CapFinanciera4,[1]Puntajes!$D$16,0))))))
D44: =IF(ISERROR(VLOOKUP(C44,'[1]Cap Financiera y Organizacional'!$A$12:$X$62743,2,0)),"",VLOOKUP(C44,'[1]Cap Financiera y Organizacional'!$A$12:$X$3603,2,0)) | E44: =IF(OR(C44="",D44=""),"",IF(ISERROR(VLOOKUP(D44,'[1]Cap Financiera y Organizacional'!$B$12:$X$62743,3,0)),"",VLOOKUP(D44,'[1]Cap Financiera y Organizacional'!$B$12:$X$62743,3,0))) | F44: =IF(OR(C44="",D44=""),"",IF(ISERROR(VLOOKUP(D44,'[1]Cap Financiera y Organizacional'!$B$12:$X$62743,5,0)),"",VLOOKUP(D44,'[1]Cap Financiera y Organizacional'!$B$12:$X$62743,5,0))) | G44: =IF(OR(D44="",E44="",F44=""),"",IF(OR(E44=0,F44=0),0,E44/F44)) | H44: =IF(OR(D44="",E44="",F44=""),"",IF(AND(G44>0,G44<=CapFinanciera1),[1]Puntajes!$D$12,IF(AND(G44>CapFinanciera1,G44<=CapFinanciera2),[1]Puntajes!$D$13,IF(AND(G44>CapFinanciera2,G44<=CapFinanciera3),[1]Puntajes!$D$14,IF(AND(G44>CapFinanciera3,G44<=CapFinanciera4),[1]Puntajes!$D$15,IF(G44>CapFinanciera4,[1]Puntajes!$D$16,0))))))
D45: =IF(ISERROR(VLOOKUP(C45,'[1]Cap Financiera y Organizacional'!$A$12:$X$62743,2,0)),"",VLOOKUP(C45,'[1]Cap Financiera y Organizacional'!$A$12:$X$3603,2,0)) | E45: =IF(OR(C45="",D45=""),"",IF(ISERROR(VLOOKUP(D45,'[1]Cap Financiera y Organizacional'!$B$12:$X$62743,3,0)),"",VLOOKUP(D45,'[1]Cap Financiera y Organizacional'!$B$12:$X$62743,3,0))) | F45: =IF(OR(C45="",D45=""),"",IF(ISERROR(VLOOKUP(D45,'[1]Cap Financiera y Organizacional'!$B$12:$X$62743,5,0)),"",VLOOKUP(D45,'[1]Cap Financiera y Organizacional'!$B$12:$X$62743,5,0))) | G45: =IF(OR(D45="",E45="",F45=""),"",IF(OR(E45=0,F45=0),0,E45/F45)) | H45: =IF(OR(D45="",E45="",F45=""),"",IF(AND(G45>0,G45<=CapFinanciera1),[1]Puntajes!$D$12,IF(AND(G45>CapFinanciera1,G45<=CapFinanciera2),[1]Puntajes!$D$13,IF(AND(G45>CapFinanciera2,G45<=CapFinanciera3),[1]Puntajes!$D$14,IF(AND(G45>CapFinanciera3,G45<=CapFinanciera4),[1]Puntajes!$D$15,IF(G45>CapFinanciera4,[1]Puntajes!$D$16,0))))))
D46: =IF(ISERROR(VLOOKUP(C46,'[1]Cap Financiera y Organizacional'!$A$12:$X$62743,2,0)),"",VLOOKUP(C46,'[1]Cap Financiera y Organizacional'!$A$12:$X$3603,2,0)) | E46: =IF(OR(C46="",D46=""),"",IF(ISERROR(VLOOKUP(D46,'[1]Cap Financiera y Organizacional'!$B$12:$X$62743,3,0)),"",VLOOKUP(D46,'[1]Cap Financiera y Organizacional'!$B$12:$X$62743,3,0))) | F46: =IF(OR(C46="",D46=""),"",IF(ISERROR(VLOOKUP(D46,'[1]Cap Financiera y Organizacional'!$B$12:$X$62743,5,0)),"",VLOOKUP(D46,'[1]Cap Financiera y Organizacional'!$B$12:$X$62743,5,0))) | G46: =IF(OR(D46="",E46="",F46=""),"",IF(OR(E46=0,F46=0),0,E46/F46)) | H46: =IF(OR(D46="",E46="",F46=""),"",IF(AND(G46>0,G46<=CapFinanciera1),[1]Puntajes!$D$12,IF(AND(G46>CapFinanciera1,G46<=CapFinanciera2),[1]Puntajes!$D$13,IF(AND(G46>CapFinanciera2,G46<=CapFinanciera3),[1]Puntajes!$D$14,IF(AND(G46>CapFinanciera3,G46<=CapFinanciera4),[1]Puntajes!$D$15,IF(G46>CapFinanciera4,[1]Puntajes!$D$16,0))))))
D47: =IF(ISERROR(VLOOKUP(C47,'[1]Cap Financiera y Organizacional'!$A$12:$X$62743,2,0)),"",VLOOKUP(C47,'[1]Cap Financiera y Organizacional'!$A$12:$X$3603,2,0)) | E47: =IF(OR(C47="",D47=""),"",IF(ISERROR(VLOOKUP(D47,'[1]Cap Financiera y Organizacional'!$B$12:$X$62743,3,0)),"",VLOOKUP(D47,'[1]Cap Financiera y Organizacional'!$B$12:$X$62743,3,0))) | F47: =IF(OR(C47="",D47=""),"",IF(ISERROR(VLOOKUP(D47,'[1]Cap Financiera y Organizacional'!$B$12:$X$62743,5,0)),"",VLOOKUP(D47,'[1]Cap Financiera y Organizacional'!$B$12:$X$62743,5,0))) | G47: =IF(OR(D47="",E47="",F47=""),"",IF(OR(E47=0,F47=0),0,E47/F47)) | H47: =IF(OR(D47="",E47="",F47=""),"",IF(AND(G47>0,G47<=CapFinanciera1),[1]Puntajes!$D$12,IF(AND(G47>CapFinanciera1,G47<=CapFinanciera2),[1]Puntajes!$D$13,IF(AND(G47>CapFinanciera2,G47<=CapFinanciera3),[1]Puntajes!$D$14,IF(AND(G47>CapFinanciera3,G47<=CapFinanciera4),[1]Puntajes!$D$15,IF(G47>CapFinanciera4,[1]Puntajes!$D$16,0))))))
D48: =IF(ISERROR(VLOOKUP(C48,'[1]Cap Financiera y Organizacional'!$A$12:$X$62743,2,0)),"",VLOOKUP(C48,'[1]Cap Financiera y Organizacional'!$A$12:$X$3603,2,0)) | E48: =IF(OR(C48="",D48=""),"",IF(ISERROR(VLOOKUP(D48,'[1]Cap Financiera y Organizacional'!$B$12:$X$62743,3,0)),"",VLOOKUP(D48,'[1]Cap Financiera y Organizacional'!$B$12:$X$62743,3,0))) | F48: =IF(OR(C48="",D48=""),"",IF(ISERROR(VLOOKUP(D48,'[1]Cap Financiera y Organizacional'!$B$12:$X$62743,5,0)),"",VLOOKUP(D48,'[1]Cap Financiera y Organizacional'!$B$12:$X$62743,5,0))) | G48: =IF(OR(D48="",E48="",F48=""),"",IF(OR(E48=0,F48=0),0,E48/F48)) | H48: =IF(OR(D48="",E48="",F48=""),"",IF(AND(G48>0,G48<=CapFinanciera1),[1]Puntajes!$D$12,IF(AND(G48>CapFinanciera1,G48<=CapFinanciera2),[1]Puntajes!$D$13,IF(AND(G48>CapFinanciera2,G48<=CapFinanciera3),[1]Puntajes!$D$14,IF(AND(G48>CapFinanciera3,G48<=CapFinanciera4),[1]Puntajes!$D$15,IF(G48>CapFinanciera4,[1]Puntajes!$D$16,0))))))
D49: =IF(ISERROR(VLOOKUP(C49,'[1]Cap Financiera y Organizacional'!$A$12:$X$62743,2,0)),"",VLOOKUP(C49,'[1]Cap Financiera y Organizacional'!$A$12:$X$3603,2,0)) | E49: =IF(OR(C49="",D49=""),"",IF(ISERROR(VLOOKUP(D49,'[1]Cap Financiera y Organizacional'!$B$12:$X$62743,3,0)),"",VLOOKUP(D49,'[1]Cap Financiera y Organizacional'!$B$12:$X$62743,3,0))) | F49: =IF(OR(C49="",D49=""),"",IF(ISERROR(VLOOKUP(D49,'[1]Cap Financiera y Organizacional'!$B$12:$X$62743,5,0)),"",VLOOKUP(D49,'[1]Cap Financiera y Organizacional'!$B$12:$X$62743,5,0))) | G49: =IF(OR(D49="",E49="",F49=""),"",IF(OR(E49=0,F49=0),0,E49/F49)) | H49: =IF(OR(D49="",E49="",F49=""),"",IF(AND(G49>0,G49<=CapFinanciera1),[1]Puntajes!$D$12,IF(AND(G49>CapFinanciera1,G49<=CapFinanciera2),[1]Puntajes!$D$13,IF(AND(G49>CapFinanciera2,G49<=CapFinanciera3),[1]Puntajes!$D$14,IF(AND(G49>CapFinanciera3,G49<=CapFinanciera4),[1]Puntajes!$D$15,IF(G49>CapFinanciera4,[1]Puntajes!$D$16,0))))))
D50: =IF(ISERROR(VLOOKUP(C50,'[1]Cap Financiera y Organizacional'!$A$12:$X$62743,2,0)),"",VLOOKUP(C50,'[1]Cap Financiera y Organizacional'!$A$12:$X$3603,2,0)) | E50: =IF(OR(C50="",D50=""),"",IF(ISERROR(VLOOKUP(D50,'[1]Cap Financiera y Organizacional'!$B$12:$X$62743,3,0)),"",VLOOKUP(D50,'[1]Cap Financiera y Organizacional'!$B$12:$X$62743,3,0))) | F50: =IF(OR(C50="",D50=""),"",IF(ISERROR(VLOOKUP(D50,'[1]Cap Financiera y Organizacional'!$B$12:$X$62743,5,0)),"",VLOOKUP(D50,'[1]Cap Financiera y Organizacional'!$B$12:$X$62743,5,0))) | G50: =IF(OR(D50="",E50="",F50=""),"",IF(OR(E50=0,F50=0),0,E50/F50)) | H50: =IF(OR(D50="",E50="",F50=""),"",IF(AND(G50>0,G50<=CapFinanciera1),[1]Puntajes!$D$12,IF(AND(G50>CapFinanciera1,G50<=CapFinanciera2),[1]Puntajes!$D$13,IF(AND(G50>CapFinanciera2,G50<=CapFinanciera3),[1]Puntajes!$D$14,IF(AND(G50>CapFinanciera3,G50<=CapFinanciera4),[1]Puntajes!$D$15,IF(G50>CapFinanciera4,[1]Puntajes!$D$16,0))))))
D51: =IF(ISERROR(VLOOKUP(C51,'[1]Cap Financiera y Organizacional'!$A$12:$X$62743,2,0)),"",VLOOKUP(C51,'[1]Cap Financiera y Organizacional'!$A$12:$X$3603,2,0)) | E51: =IF(OR(C51="",D51=""),"",IF(ISERROR(VLOOKUP(D51,'[1]Cap Financiera y Organizacional'!$B$12:$X$62743,3,0)),"",VLOOKUP(D51,'[1]Cap Financiera y Organizacional'!$B$12:$X$62743,3,0))) | F51: =IF(OR(C51="",D51=""),"",IF(ISERROR(VLOOKUP(D51,'[1]Cap Financiera y Organizacional'!$B$12:$X$62743,5,0)),"",VLOOKUP(D51,'[1]Cap Financiera y Organizacional'!$B$12:$X$62743,5,0))) | G51: =IF(OR(D51="",E51="",F51=""),"",IF(OR(E51=0,F51=0),0,E51/F51)) | H51: =IF(OR(D51="",E51="",F51=""),"",IF(AND(G51>0,G51<=CapFinanciera1),[1]Puntajes!$D$12,IF(AND(G51>CapFinanciera1,G51<=CapFinanciera2),[1]Puntajes!$D$13,IF(AND(G51>CapFinanciera2,G51<=CapFinanciera3),[1]Puntajes!$D$14,IF(AND(G51>CapFinanciera3,G51<=CapFinanciera4),[1]Puntajes!$D$15,IF(G51>CapFinanciera4,[1]Puntajes!$D$16,0))))))
D52: =IF(ISERROR(VLOOKUP(C52,'[1]Cap Financiera y Organizacional'!$A$12:$X$62743,2,0)),"",VLOOKUP(C52,'[1]Cap Financiera y Organizacional'!$A$12:$X$3603,2,0)) | E52: =IF(OR(C52="",D52=""),"",IF(ISERROR(VLOOKUP(D52,'[1]Cap Financiera y Organizacional'!$B$13:$X$62743,3,0)),"",VLOOKUP(D52,'[1]Cap Financiera y Organizacional'!$B$13:$X$62743,3,0))) | F52: =IF(OR(C52="",D52=""),"",IF(ISERROR(VLOOKUP(D52,'[1]Cap Financiera y Organizacional'!$B$13:$X$62743,5,0)),"",VLOOKUP(D52,'[1]Cap Financiera y Organizacional'!$B$13:$X$62743,5,0))) | G52: =IF(OR(D52="",E52="",F52=""),"",IF(OR(E52=0,F52=0),0,E52/F52)) | H52: =IF(OR(D52="",E52="",F52=""),"",IF(AND(G52>0,G52<=CapFinanciera1),[1]Puntajes!$D$12,IF(AND(G52>CapFinanciera1,G52<=CapFinanciera2),[1]Puntajes!$D$13,IF(AND(G52>CapFinanciera2,G52<=CapFinanciera3),[1]Puntajes!$D$14,IF(AND(G52>CapFinanciera3,G52<=CapFinanciera4),[1]Puntajes!$D$15,IF(G52>CapFinanciera4,[1]Puntajes!$D$16,0))))))
C53: 5 | D53: =IF(ISERROR(VLOOKUP(C53,'[1]Cap Financiera y Organizacional'!$A$12:$X$62743,2,0)),"",VLOOKUP(C53,'[1]Cap Financiera y Organizacional'!$A$12:$X$3603,2,0)) -> 0
C54: 5.1 | D54: =IF(ISERROR(VLOOKUP(C54,'[1]Cap Financiera y Organizacional'!$A$12:$X$62743,2,0)),"",VLOOKUP(C54,'[1]Cap Financiera y Organizacional'!$A$12:$X$3603,2,0)) -> 0 | E54: =IF(OR(C54="",D54=""),"",IF(ISERROR(VLOOKUP(D54,'[1]Cap Financiera y Organizacional'!$B$12:$X$62743,3,0)),"",VLOOKUP(D54,'[1]Cap Financiera y Organizacional'!$B$12:$X$62743,3,0))) -> 0 | F54: =IF(OR(C54="",D54=""),"",IF(ISERROR(VLOOKUP(D54,'[1]Cap Financiera y Organizacional'!$B$12:$X$62743,5,0)),"",VLOOKUP(D54,'[1]Cap Financiera y Organizacional'!$B$12:$X$62743,5,0))) -> 0 | G54: =IF(OR(D54="",E54="",F54=""),"",IF(OR(E54=0,F54=0),0,E54/F54)) -> 0 | H54: =IF(OR(D54="",E54="",F54=""),"",IF(AND(G54>0,G54<=CapFinanciera1),[1]Puntajes!$D$12,IF(AND(G54>CapFinanciera1,G54<=CapFinanciera2),[1]Puntajes!$D$13,IF(AND(G54>CapFinanciera2,G54<=CapFinanciera3),[1]Puntajes!$D$14,IF(AND(G54>CapFinanciera3,G54<=CapFinanciera4),[1]Puntajes!$D$15,IF(G54>CapFinanciera4,[1]Puntajes!$D$16,0)))))) -> 0
D55: =IF(ISERROR(VLOOKUP(C55,'[1]Cap Financiera y Organizacional'!$A$12:$X$62743,2,0)),"",VLOOKUP(C55,'[1]Cap Financiera y Organizacional'!$A$12:$X$3603,2,0)) | E55: =IF(OR(C55="",D55=""),"",IF(ISERROR(VLOOKUP(D55,'[1]Cap Financiera y Organizacional'!$B$12:$X$62743,3,0)),"",VLOOKUP(D55,'[1]Cap Financiera y Organizacional'!$B$12:$X$62743,3,0))) | F55: =IF(OR(C55="",D55=""),"",IF(ISERROR(VLOOKUP(D55,'[1]Cap Financiera y Organizacional'!$B$12:$X$62743,5,0)),"",VLOOKUP(D55,'[1]Cap Financiera y Organizacional'!$B$12:$X$62743,5,0))) | G55: =IF(OR(D55="",E55="",F55=""),"",IF(OR(E55=0,F55=0),0,E55/F55)) | H55: =IF(OR(D55="",E55="",F55=""),"",IF(AND(G55>0,G55<=CapFinanciera1),[1]Puntajes!$D$12,IF(AND(G55>CapFinanciera1,G55<=CapFinanciera2),[1]Puntajes!$D$13,IF(AND(G55>CapFinanciera2,G55<=CapFinanciera3),[1]Puntajes!$D$14,IF(AND(G55>CapFinanciera3,G55<=CapFinanciera4),[1]Puntajes!$D$15,IF(G55>CapFinanciera4,[1]Puntajes!$D$16,0))))))
E56: =IF(OR(C56="",D56=""),"",IF(ISERROR(VLOOKUP(D56,'[1]Cap Financiera y Organizacional'!$B$12:$X$62743,3,0)),"",VLOOKUP(D56,'[1]Cap Financiera y Organizacional'!$B$12:$X$62743,3,0))) | F56: =IF(OR(C56="",D56=""),"",IF(ISERROR(VLOOKUP(D56,'[1]Cap Financiera y Organizacional'!$B$12:$X$62743,5,0)),"",VLOOKUP(D56,'[1]Cap Financiera y Organizacional'!$B$12:$X$62743,5,0)))
D57: =IF(ISERROR(VLOOKUP(C57,'[1]Cap Financiera y Organizacional'!$A$12:$X$62743,2,0)),"",VLOOKUP(C57,'[1]Cap Financiera y Organizacional'!$A$12:$X$3603,2,0)) | E57: =IF(OR(C57="",D57=""),"",IF(ISERROR(VLOOKUP(D57,'[1]Cap Financiera y Organizacional'!$B$12:$X$62743,3,0)),"",VLOOKUP(D57,'[1]Cap Financiera y Organizacional'!$B$12:$X$62743,3,0))) | F57: =IF(OR(C57="",D57=""),"",IF(ISERROR(VLOOKUP(D57,'[1]Cap Financiera y Organizacional'!$B$12:$X$62743,5,0)),"",VLOOKUP(D57,'[1]Cap Financiera y Organizacional'!$B$12:$X$62743,5,0))) | G57: =IF(OR(D57="",E57="",F57=""),"",IF(OR(E57=0,F57=0),0,E57/F57)) | H57: =IF(OR(D57="",E57="",F57=""),"",IF(AND(G57>0,G57<=CapFinanciera1),[1]Puntajes!$D$12,IF(AND(G57>CapFinanciera1,G57<=CapFinanciera2),[1]Puntajes!$D$13,IF(AND(G57>CapFinanciera2,G57<=CapFinanciera3),[1]Puntajes!$D$14,IF(AND(G57>CapFinanciera3,G57<=CapFinanciera4),[1]Puntajes!$D$15,IF(G57>CapFinanciera4,[1]Puntajes!$D$16,0))))))
D58: =IF(ISERROR(VLOOKUP(C58,'[1]Cap Financiera y Organizacional'!$A$12:$X$62743,2,0)),"",VLOOKUP(C58,'[1]Cap Financiera y Organizacional'!$A$12:$X$3603,2,0)) | E58: =IF(OR(C58="",D58=""),"",IF(ISERROR(VLOOKUP(D58,'[1]Cap Financiera y Organizacional'!$B$12:$X$62743,3,0)),"",VLOOKUP(D58,'[1]Cap Financiera y Organizacional'!$B$12:$X$62743,3,0))) | F58: =IF(OR(C58="",D58=""),"",IF(ISERROR(VLOOKUP(D58,'[1]Cap Financiera y Organizacional'!$B$12:$X$62743,5,0)),"",VLOOKUP(D58,'[1]Cap Financiera y Organizacional'!$B$12:$X$62743,5,0))) | G58: =IF(OR(D58="",E58="",F58=""),"",IF(OR(E58=0,F58=0),0,E58/F58)) | H58: =IF(OR(D58="",E58="",F58=""),"",IF(AND(G58>0,G58<=CapFinanciera1),[1]Puntajes!$D$12,IF(AND(G58>CapFinanciera1,G58<=CapFinanciera2),[1]Puntajes!$D$13,IF(AND(G58>CapFinanciera2,G58<=CapFinanciera3),[1]Puntajes!$D$14,IF(AND(G58>CapFinanciera3,G58<=CapFinanciera4),[1]Puntajes!$D$15,IF(G58>CapFinanciera4,[1]Puntajes!$D$16,0))))))
D59: =IF(ISERROR(VLOOKUP(C59,'[1]Cap Financiera y Organizacional'!$A$12:$X$62743,2,0)),"",VLOOKUP(C59,'[1]Cap Financiera y Organizacional'!$A$12:$X$3603,2,0)) | E59: =IF(OR(C59="",D59=""),"",IF(ISERROR(VLOOKUP(D59,'[1]Cap Financiera y Organizacional'!$B$12:$X$62743,3,0)),"",VLOOKUP(D59,'[1]Cap Financiera y Organizacional'!$B$12:$X$62743,3,0))) | F59: =IF(OR(C59="",D59=""),"",IF(ISERROR(VLOOKUP(D59,'[1]Cap Financiera y Organizacional'!$B$12:$X$62743,5,0)),"",VLOOKUP(D59,'[1]Cap Financiera y Organizacional'!$B$12:$X$62743,5,0))) | G59: =IF(OR(D59="",E59="",F59=""),"",IF(OR(E59=0,F59=0),0,E59/F59)) | H59: =IF(OR(D59="",E59="",F59=""),"",IF(AND(G59>0,G59<=CapFinanciera1),[1]Puntajes!$D$12,IF(AND(G59>CapFinanciera1,G59<=CapFinanciera2),[1]Puntajes!$D$13,IF(AND(G59>CapFinanciera2,G59<=CapFinanciera3),[1]Puntajes!$D$14,IF(AND(G59>CapFinanciera3,G59<=CapFinanciera4),[1]Puntajes!$D$15,IF(G59>CapFinanciera4,[1]Puntajes!$D$16,0))))))
D60: =IF(ISERROR(VLOOKUP(C60,'[1]Cap Financiera y Organizacional'!$A$12:$X$62743,2,0)),"",VLOOKUP(C60,'[1]Cap Financiera y Organizacional'!$A$12:$X$3603,2,0)) | E60: =IF(OR(C60="",D60=""),"",IF(ISERROR(VLOOKUP(D60,'[1]Cap Financiera y Organizacional'!$B$12:$X$62743,3,0)),"",VLOOKUP(D60,'[1]Cap Financiera y Organizacional'!$B$12:$X$62743,3,0))) | F60: =IF(OR(C60="",D60=""),"",IF(ISERROR(VLOOKUP(D60,'[1]Cap Financiera y Organizacional'!$B$12:$X$62743,5,0)),"",VLOOKUP(D60,'[1]Cap Financiera y Organizacional'!$B$12:$X$62743,5,0))) | G60: =IF(OR(D60="",E60="",F60=""),"",IF(OR(E60=0,F60=0),0,E60/F60)) | H60: =IF(OR(D60="",E60="",F60=""),"",IF(AND(G60>0,G60<=CapFinanciera1),[1]Puntajes!$D$12,IF(AND(G60>CapFinanciera1,G60<=CapFinanciera2),[1]Puntajes!$D$13,IF(AND(G60>CapFinanciera2,G60<=CapFinanciera3),[1]Puntajes!$D$14,IF(AND(G60>CapFinanciera3,G60<=CapFinanciera4),[1]Puntajes!$D$15,IF(G60>CapFinanciera4,[1]Puntajes!$D$16,0))))))
D61: =IF(ISERROR(VLOOKUP(C61,'[1]Cap Financiera y Organizacional'!$A$12:$X$62743,2,0)),"",VLOOKUP(C61,'[1]Cap Financiera y Organizacional'!$A$12:$X$3603,2,0)) | E61: =IF(OR(C61="",D61=""),"",IF(ISERROR(VLOOKUP(D61,'[1]Cap Financiera y Organizacional'!$B$12:$X$62743,3,0)),"",VLOOKUP(D61,'[1]Cap Financiera y Organizacional'!$B$12:$X$62743,3,0))) | F61: =IF(OR(C61="",D61=""),"",IF(ISERROR(VLOOKUP(D61,'[1]Cap Financiera y Organizacional'!$B$12:$X$62743,5,0)),"",VLOOKUP(D61,'[1]Cap Financiera y Organizacional'!$B$12:$X$62743,5,0))) | G61: =IF(OR(D61="",E61="",F61=""),"",IF(OR(E61=0,F61=0),0,E61/F61)) | H61: =IF(OR(D61="",E61="",F61=""),"",IF(AND(G61>0,G61<=CapFinanciera1),[1]Puntajes!$D$12,IF(AND(G61>CapFinanciera1,G61<=CapFinanciera2),[1]Puntajes!$D$13,IF(AND(G61>CapFinanciera2,G61<=CapFinanciera3),[1]Puntajes!$D$14,IF(AND(G61>CapFinanciera3,G61<=CapFinanciera4),[1]Puntajes!$D$15,IF(G61>CapFinanciera4,[1]Puntajes!$D$16,0))))))
D62: =IF(ISERROR(VLOOKUP(C62,'[1]Cap Financiera y Organizacional'!$A$12:$X$62743,2,0)),"",VLOOKUP(C62,'[1]Cap Financiera y Organizacional'!$A$12:$X$3603,2,0)) | E62: =IF(OR(C62="",D62=""),"",IF(ISERROR(VLOOKUP(D62,'[1]Cap Financiera y Organizacional'!$B$12:$X$62743,3,0)),"",VLOOKUP(D62,'[1]Cap Financiera y Organizacional'!$B$12:$X$62743,3,0))) | F62: =IF(OR(C62="",D62=""),"",IF(ISERROR(VLOOKUP(D62,'[1]Cap Financiera y Organizacional'!$B$12:$X$62743,5,0)),"",VLOOKUP(D62,'[1]Cap Financiera y Organizacional'!$B$12:$X$62743,5,0))) | G62: =IF(OR(D62="",E62="",F62=""),"",IF(OR(E62=0,F62=0),0,E62/F62)) | H62: =IF(OR(D62="",E62="",F62=""),"",IF(AND(G62>0,G62<=CapFinanciera1),[1]Puntajes!$D$12,IF(AND(G62>CapFinanciera1,G62<=CapFinanciera2),[1]Puntajes!$D$13,IF(AND(G62>CapFinanciera2,G62<=CapFinanciera3),[1]Puntajes!$D$14,IF(AND(G62>CapFinanciera3,G62<=CapFinanciera4),[1]Puntajes!$D$15,IF(G62>CapFinanciera4,[1]Puntajes!$D$16,0))))))
D63: =IF(ISERROR(VLOOKUP(C63,'[1]Cap Financiera y Organizacional'!$A$12:$X$62743,2,0)),"",VLOOKUP(C63,'[1]Cap Financiera y Organizacional'!$A$12:$X$3603,2,0)) | E63: =IF(OR(C63="",D63=""),"",IF(ISERROR(VLOOKUP(D63,'[1]Cap Financiera y Organizacional'!$B$13:$X$62743,3,0)),"",VLOOKUP(D63,'[1]Cap Financiera y Organizacional'!$B$13:$X$62743,3,0))) | F63: =IF(OR(C63="",D63=""),"",IF(ISERROR(VLOOKUP(D63,'[1]Cap Financiera y Organizacional'!$B$13:$X$62743,5,0)),"",VLOOKUP(D63,'[1]Cap Financiera y Organizacional'!$B$13:$X$62743,5,0))) | G63: =IF(OR(D63="",E63="",F63=""),"",IF(OR(E63=0,F63=0),0,E63/F63)) | H63: =IF(OR(D63="",E63="",F63=""),"",IF(AND(G63>0,G63<=CapFinanciera1),[1]Puntajes!$D$12,IF(AND(G63>CapFinanciera1,G63<=CapFinanciera2),[1]Puntajes!$D$13,IF(AND(G63>CapFinanciera2,G63<=CapFinanciera3),[1]Puntajes!$D$14,IF(AND(G63>CapFinanciera3,G63<=CapFinanciera4),[1]Puntajes!$D$15,IF(G63>CapFinanciera4,[1]Puntajes!$D$16,0))))))
C64: 6 | D64: =IF(ISERROR(VLOOKUP(C64,'[1]Cap Financiera y Organizacional'!$A$12:$X$62743,2,0)),"",VLOOKUP(C64,'[1]Cap Financiera y Organizacional'!$A$12:$X$3603,2,0)) -> 0
C65: 6.1 | D65: =IF(ISERROR(VLOOKUP(C65,'[1]Cap Financiera y Organizacional'!$A$12:$X$62743,2,0)),"",VLOOKUP(C65,'[1]Cap Financiera y Organizacional'!$A$12:$X$3603,2,0)) -> 0 | E65: =IF(OR(C65="",D65=""),"",IF(ISERROR(VLOOKUP(D65,'[1]Cap Financiera y Organizacional'!$B$12:$X$62743,3,0)),"",VLOOKUP(D65,'[1]Cap Financiera y Organizacional'!$B$12:$X$62743,3,0))) -> 0 | F65: =IF(OR(C65="",D65=""),"",IF(ISERROR(VLOOKUP(D65,'[1]Cap Financiera y Organizacional'!$B$12:$X$62743,5,0)),"",VLOOKUP(D65,'[1]Cap Financiera y Organizacional'!$B$12:$X$62743,5,0))) -> 0 | G65: =IF(OR(D65="",E65="",F65=""),"",IF(OR(E65=0,F65=0),0,E65/F65)) -> 0 | H65: =IF(OR(D65="",E65="",F65=""),"",IF(AND(G65>0,G65<=CapFinanciera1),[1]Puntajes!$D$12,IF(AND(G65>CapFinanciera1,G65<=CapFinanciera2),[1]Puntajes!$D$13,IF(AND(G65>CapFinanciera2,G65<=CapFinanciera3),[1]Puntajes!$D$14,IF(AND(G65>CapFinanciera3,G65<=CapFinanciera4),[1]Puntajes!$D$15,IF(G65>CapFinanciera4,[1]Puntajes!$D$16,0)))))) -> 0
D66: =IF(ISERROR(VLOOKUP(C66,'[1]Cap Financiera y Organizacional'!$A$12:$X$62743,2,0)),"",VLOOKUP(C66,'[1]Cap Financiera y Organizacional'!$A$12:$X$3603,2,0)) | E66: =IF(OR(C66="",D66=""),"",IF(ISERROR(VLOOKUP(D66,'[1]Cap Financiera y Organizacional'!$B$12:$X$62743,3,0)),"",VLOOKUP(D66,'[1]Cap Financiera y Organizacional'!$B$12:$X$62743,3,0))) | F66: =IF(OR(C66="",D66=""),"",IF(ISERROR(VLOOKUP(D66,'[1]Cap Financiera y Organizacional'!$B$12:$X$62743,5,0)),"",VLOOKUP(D66,'[1]Cap Financiera y Organizacional'!$B$12:$X$62743,5,0))) | G66: =IF(OR(D66="",E66="",F66=""),"",IF(OR(E66=0,F66=0),0,E66/F66)) | H66: =IF(OR(D66="",E66="",F66=""),"",IF(AND(G66>0,G66<=CapFinanciera1),[1]Puntajes!$D$12,IF(AND(G66>CapFinanciera1,G66<=CapFinanciera2),[1]Puntajes!$D$13,IF(AND(G66>CapFinanciera2,G66<=CapFinanciera3),[1]Puntajes!$D$14,IF(AND(G66>CapFinanciera3,G66<=CapFinanciera4),[1]Puntajes!$D$15,IF(G66>CapFinanciera4,[1]Puntajes!$D$16,0))))))
D67: =IF(ISERROR(VLOOKUP(C67,'[1]Cap Financiera y Organizacional'!$A$12:$X$62743,2,0)),"",VLOOKUP(C67,'[1]Cap Financiera y Organizacional'!$A$12:$X$3603,2,0)) | E67: =IF(OR(C67="",D67=""),"",IF(ISERROR(VLOOKUP(D67,'[1]Cap Financiera y Organizacional'!$B$12:$X$62743,3,0)),"",VLOOKUP(D67,'[1]Cap Financiera y Organizacional'!$B$12:$X$62743,3,0))) | F67: =IF(OR(C67="",D67=""),"",IF(ISERROR(VLOOKUP(D67,'[1]Cap Financiera y Organizacional'!$B$12:$X$62743,5,0)),"",VLOOKUP(D67,'[1]Cap Financiera y Organizacional'!$B$12:$X$62743,5,0))) | G67: =IF(OR(D67="",E67="",F67=""),"",IF(OR(E67=0,F67=0),0,E67/F67)) | H67: =IF(OR(D67="",E67="",F67=""),"",IF(AND(G67>0,G67<=CapFinanciera1),[1]Puntajes!$D$12,IF(AND(G67>CapFinanciera1,G67<=CapFinanciera2),[1]Puntajes!$D$13,IF(AND(G67>CapFinanciera2,G67<=CapFinanciera3),[1]Puntajes!$D$14,IF(AND(G67>CapFinanciera3,G67<=CapFinanciera4),[1]Puntajes!$D$15,IF(G67>CapFinanciera4,[1]Puntajes!$D$16,0))))))
D68: =IF(ISERROR(VLOOKUP(C68,'[1]Cap Financiera y Organizacional'!$A$12:$X$62743,2,0)),"",VLOOKUP(C68,'[1]Cap Financiera y Organizacional'!$A$12:$X$3603,2,0)) | E68: =IF(OR(C68="",D68=""),"",IF(ISERROR(VLOOKUP(D68,'[1]Cap Financiera y Organizacional'!$B$12:$X$62743,3,0)),"",VLOOKUP(D68,'[1]Cap Financiera y Organizacional'!$B$12:$X$62743,3,0))) | F68: =IF(OR(C68="",D68=""),"",IF(ISERROR(VLOOKUP(D68,'[1]Cap Financiera y Organizacional'!$B$12:$X$62743,5,0)),"",VLOOKUP(D68,'[1]Cap Financiera y Organizacional'!$B$12:$X$62743,5,0))) | G68: =IF(OR(D68="",E68="",F68=""),"",IF(OR(E68=0,F68=0),0,E68/F68)) | H68: =IF(OR(D68="",E68="",F68=""),"",IF(AND(G68>0,G68<=CapFinanciera1),[1]Puntajes!$D$12,IF(AND(G68>CapFinanciera1,G68<=CapFinanciera2),[1]Puntajes!$D$13,IF(AND(G68>CapFinanciera2,G68<=CapFinanciera3),[1]Puntajes!$D$14,IF(AND(G68>CapFinanciera3,G68<=CapFinanciera4),[1]Puntajes!$D$15,IF(G68>CapFinanciera4,[1]Puntajes!$D$16,0))))))
D69: =IF(ISERROR(VLOOKUP(C69,'[1]Cap Financiera y Organizacional'!$A$12:$X$62743,2,0)),"",VLOOKUP(C69,'[1]Cap Financiera y Organizacional'!$A$12:$X$3603,2,0)) | E69: =IF(OR(C69="",D69=""),"",IF(ISERROR(VLOOKUP(D69,'[1]Cap Financiera y Organizacional'!$B$12:$X$62743,3,0)),"",VLOOKUP(D69,'[1]Cap Financiera y Organizacional'!$B$12:$X$62743,3,0))) | F69: =IF(OR(C69="",D69=""),"",IF(ISERROR(VLOOKUP(D69,'[1]Cap Financiera y Organizacional'!$B$12:$X$62743,5,0)),"",VLOOKUP(D69,'[1]Cap Financiera y Organizacional'!$B$12:$X$62743,5,0))) | G69: =IF(OR(D69="",E69="",F69=""),"",IF(OR(E69=0,F69=0),0,E69/F69)) | H69: =IF(OR(D69="",E69="",F69=""),"",IF(AND(G69>0,G69<=CapFinanciera1),[1]Puntajes!$D$12,IF(AND(G69>CapFinanciera1,G69<=CapFinanciera2),[1]Puntajes!$D$13,IF(AND(G69>CapFinanciera2,G69<=CapFinanciera3),[1]Puntajes!$D$14,IF(AND(G69>CapFinanciera3,G69<=CapFinanciera4),[1]Puntajes!$D$15,IF(G69>CapFinanciera4,[1]Puntajes!$D$16,0))))))
D70: =IF(ISERROR(VLOOKUP(C70,'[1]Cap Financiera y Organizacional'!$A$12:$X$62743,2,0)),"",VLOOKUP(C70,'[1]Cap Financiera y Organizacional'!$A$12:$X$3603,2,0)) | E70: =IF(OR(C70="",D70=""),"",IF(ISERROR(VLOOKUP(D70,'[1]Cap Financiera y Organizacional'!$B$12:$X$62743,3,0)),"",VLOOKUP(D70,'[1]Cap Financiera y Organizacional'!$B$12:$X$62743,3,0))) | F70: =IF(OR(C70="",D70=""),"",IF(ISERROR(VLOOKUP(D70,'[1]Cap Financiera y Organizacional'!$B$12:$X$62743,5,0)),"",VLOOKUP(D70,'[1]Cap Financiera y Organizacional'!$B$12:$X$62743,5,0))) | G70: =IF(OR(D70="",E70="",F70=""),"",IF(OR(E70=0,F70=0),0,E70/F70)) | H70: =IF(OR(D70="",E70="",F70=""),"",IF(AND(G70>0,G70<=CapFinanciera1),[1]Puntajes!$D$12,IF(AND(G70>CapFinanciera1,G70<=CapFinanciera2),[1]Puntajes!$D$13,IF(AND(G70>CapFinanciera2,G70<=CapFinanciera3),[1]Puntajes!$D$14,IF(AND(G70>CapFinanciera3,G70<=CapFinanciera4),[1]Puntajes!$D$15,IF(G70>CapFinanciera4,[1]Puntajes!$D$16,0))))))
D71: =IF(ISERROR(VLOOKUP(C71,'[1]Cap Financiera y Organizacional'!$A$12:$X$62743,2,0)),"",VLOOKUP(C71,'[1]Cap Financiera y Organizacional'!$A$12:$X$3603,2,0)) | E71: =IF(OR(C71="",D71=""),"",IF(ISERROR(VLOOKUP(D71,'[1]Cap Financiera y Organizacional'!$B$12:$X$62743,3,0)),"",VLOOKUP(D71,'[1]Cap Financiera y Organizacional'!$B$12:$X$62743,3,0))) | F71: =IF(OR(C71="",D71=""),"",IF(ISERROR(VLOOKUP(D71,'[1]Cap Financiera y Organizacional'!$B$12:$X$62743,5,0)),"",VLOOKUP(D71,'[1]Cap Financiera y Organizacional'!$B$12:$X$62743,5,0))) | G71: =IF(OR(D71="",E71="",F71=""),"",IF(OR(E71=0,F71=0),0,E71/F71)) | H71: =IF(OR(D71="",E71="",F71=""),"",IF(AND(G71>0,G71<=CapFinanciera1),[1]Puntajes!$D$12,IF(AND(G71>CapFinanciera1,G71<=CapFinanciera2),[1]Puntajes!$D$13,IF(AND(G71>CapFinanciera2,G71<=CapFinanciera3),[1]Puntajes!$D$14,IF(AND(G71>CapFinanciera3,G71<=CapFinanciera4),[1]Puntajes!$D$15,IF(G71>CapFinanciera4,[1]Puntajes!$D$16,0))))))
D72: =IF(ISERROR(VLOOKUP(C72,'[1]Cap Financiera y Organizacional'!$A$12:$X$62743,2,0)),"",VLOOKUP(C72,'[1]Cap Financiera y Organizacional'!$A$12:$X$3603,2,0)) | E72: =IF(OR(C72="",D72=""),"",IF(ISERROR(VLOOKUP(D72,'[1]Cap Financiera y Organizacional'!$B$12:$X$62743,3,0)),"",VLOOKUP(D72,'[1]Cap Financiera y Organizacional'!$B$12:$X$62743,3,0))) | F72: =IF(OR(C72="",D72=""),"",IF(ISERROR(VLOOKUP(D72,'[1]Cap Financiera y Organizacional'!$B$12:$X$62743,5,0)),"",VLOOKUP(D72,'[1]Cap Financiera y Organizacional'!$B$12:$X$62743,5,0))) | G72: =IF(OR(D72="",E72="",F72=""),"",IF(OR(E72=0,F72=0),0,E72/F72)) | H72: =IF(OR(D72="",E72="",F72=""),"",IF(AND(G72>0,G72<=CapFinanciera1),[1]Puntajes!$D$12,IF(AND(G72>CapFinanciera1,G72<=CapFinanciera2),[1]Puntajes!$D$13,IF(AND(G72>CapFinanciera2,G72<=CapFinanciera3),[1]Puntajes!$D$14,IF(AND(G72>CapFinanciera3,G72<=CapFinanciera4),[1]Puntajes!$D$15,IF(G72>CapFinanciera4,[1]Puntajes!$D$16,0))))))
D73: =IF(ISERROR(VLOOKUP(C73,'[1]Cap Financiera y Organizacional'!$A$12:$X$62743,2,0)),"",VLOOKUP(C73,'[1]Cap Financiera y Organizacional'!$A$12:$X$3603,2,0)) | E73: =IF(OR(C73="",D73=""),"",IF(ISERROR(VLOOKUP(D73,'[1]Cap Financiera y Organizacional'!$B$12:$X$62743,3,0)),"",VLOOKUP(D73,'[1]Cap Financiera y Organizacional'!$B$12:$X$62743,3,0))) | F73: =IF(OR(C73="",D73=""),"",IF(ISERROR(VLOOKUP(D73,'[1]Cap Financiera y Organizacional'!$B$12:$X$62743,5,0)),"",VLOOKUP(D73,'[1]Cap Financiera y Organizacional'!$B$12:$X$62743,5,0))) | G73: =IF(OR(D73="",E73="",F73=""),"",IF(OR(E73=0,F73=0),0,E73/F73)) | H73: =IF(OR(D73="",E73="",F73=""),"",IF(AND(G73>0,G73<=CapFinanciera1),[1]Puntajes!$D$12,IF(AND(G73>CapFinanciera1,G73<=CapFinanciera2),[1]Puntajes!$D$13,IF(AND(G73>CapFinanciera2,G73<=CapFinanciera3),[1]Puntajes!$D$14,IF(AND(G73>CapFinanciera3,G73<=CapFinanciera4),[1]Puntajes!$D$15,IF(G73>CapFinanciera4,[1]Puntajes!$D$16,0))))))
D74: =IF(ISERROR(VLOOKUP(C74,'[1]Cap Financiera y Organizacional'!$A$12:$X$62743,2,0)),"",VLOOKUP(C74,'[1]Cap Financiera y Organizacional'!$A$12:$X$3603,2,0)) | E74: =IF(OR(C74="",D74=""),"",IF(ISERROR(VLOOKUP(D74,'[1]Cap Financiera y Organizacional'!$B$13:$X$62743,3,0)),"",VLOOKUP(D74,'[1]Cap Financiera y Organizacional'!$B$13:$X$62743,3,0))) | F74: =IF(OR(C74="",D74=""),"",IF(ISERROR(VLOOKUP(D74,'[1]Cap Financiera y Organizacional'!$B$13:$X$62743,5,0)),"",VLOOKUP(D74,'[1]Cap Financiera y Organizacional'!$B$13:$X$62743,5,0))) | G74: =IF(OR(D74="",E74="",F74=""),"",IF(OR(E74=0,F74=0),0,E74/F74)) | H74: =IF(OR(D74="",E74="",F74=""),"",IF(AND(G74>0,G74<=CapFinanciera1),[1]Puntajes!$D$12,IF(AND(G74>CapFinanciera1,G74<=CapFinanciera2),[1]Puntajes!$D$13,IF(AND(G74>CapFinanciera2,G74<=CapFinanciera3),[1]Puntajes!$D$14,IF(AND(G74>CapFinanciera3,G74<=CapFinanciera4),[1]Puntajes!$D$15,IF(G74>CapFinanciera4,[1]Puntajes!$D$16,0))))))
C75: 7 | D75: =IF(ISERROR(VLOOKUP(C75,'[1]Cap Financiera y Organizacional'!$A$12:$X$62743,2,0)),"",VLOOKUP(C75,'[1]Cap Financiera y Organizacional'!$A$12:$X$3603,2,0)) -> 0
C76: 7.1 | D76: =IF(ISERROR(VLOOKUP(C76,'[1]Cap Financiera y Organizacional'!$A$12:$X$62743,2,0)),"",VLOOKUP(C76,'[1]Cap Financiera y Organizacional'!$A$12:$X$3603,2,0)) -> 0 | E76: =IF(OR(C76="",D76=""),"",IF(ISERROR(VLOOKUP(D76,'[1]Cap Financiera y Organizacional'!$B$12:$X$62743,3,0)),"",VLOOKUP(D76,'[1]Cap Financiera y Organizacional'!$B$12:$X$62743,3,0))) -> 0 | F76: =IF(OR(C76="",D76=""),"",IF(ISERROR(VLOOKUP(D76,'[1]Cap Financiera y Organizacional'!$B$12:$X$62743,5,0)),"",VLOOKUP(D76,'[1]Cap Financiera y Organizacional'!$B$12:$X$62743,5,0))) -> 0 | G76: =IF(OR(D76="",E76="",F76=""),"",IF(OR(E76=0,F76=0),0,E76/F76)) -> 0 | H76: =IF(OR(D76="",E76="",F76=""),"",IF(AND(G76>0,G76<=CapFinanciera1),[1]Puntajes!$D$12,IF(AND(G76>CapFinanciera1,G76<=CapFinanciera2),[1]Puntajes!$D$13,IF(AND(G76>CapFinanciera2,G76<=CapFinanciera3),[1]Puntajes!$D$14,IF(AND(G76>CapFinanciera3,G76<=CapFinanciera4),[1]Puntajes!$D$15,IF(G76>CapFinanciera4,[1]Puntajes!$D$16,0)))))) -> 0
D77: =IF(ISERROR(VLOOKUP(C77,'[1]Cap Financiera y Organizacional'!$A$12:$X$62743,2,0)),"",VLOOKUP(C77,'[1]Cap Financiera y Organizacional'!$A$12:$X$3603,2,0)) | E77: =IF(OR(C77="",D77=""),"",IF(ISERROR(VLOOKUP(D77,'[1]Cap Financiera y Organizacional'!$B$12:$X$62743,3,0)),"",VLOOKUP(D77,'[1]Cap Financiera y Organizacional'!$B$12:$X$62743,3,0))) | F77: =IF(OR(C77="",D77=""),"",IF(ISERROR(VLOOKUP(D77,'[1]Cap Financiera y Organizacional'!$B$12:$X$62743,5,0)),"",VLOOKUP(D77,'[1]Cap Financiera y Organizacional'!$B$12:$X$62743,5,0))) | G77: =IF(OR(D77="",E77="",F77=""),"",IF(OR(E77=0,F77=0),0,E77/F77)) | H77: =IF(OR(D77="",E77="",F77=""),"",IF(AND(G77>0,G77<=CapFinanciera1),[1]Puntajes!$D$12,IF(AND(G77>CapFinanciera1,G77<=CapFinanciera2),[1]Puntajes!$D$13,IF(AND(G77>CapFinanciera2,G77<=CapFinanciera3),[1]Puntajes!$D$14,IF(AND(G77>CapFinanciera3,G77<=CapFinanciera4),[1]Puntajes!$D$15,IF(G77>CapFinanciera4,[1]Puntajes!$D$16,0))))))
E78: =IF(OR(C78="",D78=""),"",IF(ISERROR(VLOOKUP(D78,'[1]Cap Financiera y Organizacional'!$B$12:$X$62743,3,0)),"",VLOOKUP(D78,'[1]Cap Financiera y Organizacional'!$B$12:$X$62743,3,0))) | F78: =IF(OR(C78="",D78=""),"",IF(ISERROR(VLOOKUP(D78,'[1]Cap Financiera y Organizacional'!$B$12:$X$62743,5,0)),"",VLOOKUP(D78,'[1]Cap Financiera y Organizacional'!$B$12:$X$62743,5,0)))
D79: =IF(ISERROR(VLOOKUP(C79,'[1]Cap Financiera y Organizacional'!$A$12:$X$62743,2,0)),"",VLOOKUP(C79,'[1]Cap Financiera y Organizacional'!$A$12:$X$3603,2,0)) | E79: =IF(OR(C79="",D79=""),"",IF(ISERROR(VLOOKUP(D79,'[1]Cap Financiera y Organizacional'!$B$12:$X$62743,3,0)),"",VLOOKUP(D79,'[1]Cap Financiera y Organizacional'!$B$12:$X$62743,3,0))) | F79: =IF(OR(C79="",D79=""),"",IF(ISERROR(VLOOKUP(D79,'[1]Cap Financiera y Organizacional'!$B$12:$X$62743,5,0)),"",VLOOKUP(D79,'[1]Cap Financiera y Organizacional'!$B$12:$X$62743,5,0))) | G79: =IF(OR(D79="",E79="",F79=""),"",IF(OR(E79=0,F79=0),0,E79/F79)) | H79: =IF(OR(D79="",E79="",F79=""),"",IF(AND(G79>0,G79<=CapFinanciera1),[1]Puntajes!$D$12,IF(AND(G79>CapFinanciera1,G79<=CapFinanciera2),[1]Puntajes!$D$13,IF(AND(G79>CapFinanciera2,G79<=CapFinanciera3),[1]Puntajes!$D$14,IF(AND(G79>CapFinanciera3,G79<=CapFinanciera4),[1]Puntajes!$D$15,IF(G79>CapFinanciera4,[1]Puntajes!$D$16,0))))))
D80: =IF(ISERROR(VLOOKUP(C80,'[1]Cap Financiera y Organizacional'!$A$12:$X$62743,2,0)),"",VLOOKUP(C80,'[1]Cap Financiera y Organizacional'!$A$12:$X$3603,2,0)) | E80: =IF(OR(C80="",D80=""),"",IF(ISERROR(VLOOKUP(D80,'[1]Cap Financiera y Organizacional'!$B$12:$X$62743,3,0)),"",VLOOKUP(D80,'[1]Cap Financiera y Organizacional'!$B$12:$X$62743,3,0))) | F80: =IF(OR(C80="",D80=""),"",IF(ISERROR(VLOOKUP(D80,'[1]Cap Financiera y Organizacional'!$B$12:$X$62743,5,0)),"",VLOOKUP(D80,'[1]Cap Financiera y Organizacional'!$B$12:$X$62743,5,0))) | G80: =IF(OR(D80="",E80="",F80=""),"",IF(OR(E80=0,F80=0),0,E80/F80)) | H80: =IF(OR(D80="",E80="",F80=""),"",IF(AND(G80>0,G80<=CapFinanciera1),[1]Puntajes!$D$12,IF(AND(G80>CapFinanciera1,G80<=CapFinanciera2),[1]Puntajes!$D$13,IF(AND(G80>CapFinanciera2,G80<=CapFinanciera3),[1]Puntajes!$D$14,IF(AND(G80>CapFinanciera3,G80<=CapFinanciera4),[1]Puntajes!$D$15,IF(G80>CapFinanciera4,[1]Puntajes!$D$16,0))))))
D81: =IF(ISERROR(VLOOKUP(C81,'[1]Cap Financiera y Organizacional'!$A$12:$X$62743,2,0)),"",VLOOKUP(C81,'[1]Cap Financiera y Organizacional'!$A$12:$X$3603,2,0)) | E81: =IF(OR(C81="",D81=""),"",IF(ISERROR(VLOOKUP(D81,'[1]Cap Financiera y Organizacional'!$B$12:$X$62743,3,0)),"",VLOOKUP(D81,'[1]Cap Financiera y Organizacional'!$B$12:$X$62743,3,0))) | F81: =IF(OR(C81="",D81=""),"",IF(ISERROR(VLOOKUP(D81,'[1]Cap Financiera y Organizacional'!$B$12:$X$62743,5,0)),"",VLOOKUP(D81,'[1]Cap Financiera y Organizacional'!$B$12:$X$62743,5,0))) | G81: =IF(OR(D81="",E81="",F81=""),"",IF(OR(E81=0,F81=0),0,E81/F81)) | H81: =IF(OR(D81="",E81="",F81=""),"",IF(AND(G81>0,G81<=CapFinanciera1),[1]Puntajes!$D$12,IF(AND(G81>CapFinanciera1,G81<=CapFinanciera2),[1]Puntajes!$D$13,IF(AND(G81>CapFinanciera2,G81<=CapFinanciera3),[1]Puntajes!$D$14,IF(AND(G81>CapFinanciera3,G81<=CapFinanciera4),[1]Puntajes!$D$15,IF(G81>CapFinanciera4,[1]Puntajes!$D$16,0))))))
D82: =IF(ISERROR(VLOOKUP(C82,'[1]Cap Financiera y Organizacional'!$A$12:$X$62743,2,0)),"",VLOOKUP(C82,'[1]Cap Financiera y Organizacional'!$A$12:$X$3603,2,0)) | E82: =IF(OR(C82="",D82=""),"",IF(ISERROR(VLOOKUP(D82,'[1]Cap Financiera y Organizacional'!$B$12:$X$62743,3,0)),"",VLOOKUP(D82,'[1]Cap Financiera y Organizacional'!$B$12:$X$62743,3,0))) | F82: =IF(OR(C82="",D82=""),"",IF(ISERROR(VLOOKUP(D82,'[1]Cap Financiera y Organizacional'!$B$12:$X$62743,5,0)),"",VLOOKUP(D82,'[1]Cap Financiera y Organizacional'!$B$12:$X$62743,5,0))) | G82: =IF(OR(D82="",E82="",F82=""),"",IF(OR(E82=0,F82=0),0,E82/F82)) | H82: =IF(OR(D82="",E82="",F82=""),"",IF(AND(G82>0,G82<=CapFinanciera1),[1]Puntajes!$D$12,IF(AND(G82>CapFinanciera1,G82<=CapFinanciera2),[1]Puntajes!$D$13,IF(AND(G82>CapFinanciera2,G82<=CapFinanciera3),[1]Puntajes!$D$14,IF(AND(G82>CapFinanciera3,G82<=CapFinanciera4),[1]Puntajes!$D$15,IF(G82>CapFinanciera4,[1]Puntajes!$D$16,0))))))
D83: =IF(ISERROR(VLOOKUP(C83,'[1]Cap Financiera y Organizacional'!$A$12:$X$62743,2,0)),"",VLOOKUP(C83,'[1]Cap Financiera y Organizacional'!$A$12:$X$3603,2,0)) | E83: =IF(OR(C83="",D83=""),"",IF(ISERROR(VLOOKUP(D83,'[1]Cap Financiera y Organizacional'!$B$12:$X$62743,3,0)),"",VLOOKUP(D83,'[1]Cap Financiera y Organizacional'!$B$12:$X$62743,3,0))) | F83: =IF(OR(C83="",D83=""),"",IF(ISERROR(VLOOKUP(D83,'[1]Cap Financiera y Organizacional'!$B$12:$X$62743,5,0)),"",VLOOKUP(D83,'[1]Cap Financiera y Organizacional'!$B$12:$X$62743,5,0))) | G83: =IF(OR(D83="",E83="",F83=""),"",IF(OR(E83=0,F83=0),0,E83/F83)) | H83: =IF(OR(D83="",E83="",F83=""),"",IF(AND(G83>0,G83<=CapFinanciera1),[1]Puntajes!$D$12,IF(AND(G83>CapFinanciera1,G83<=CapFinanciera2),[1]Puntajes!$D$13,IF(AND(G83>CapFinanciera2,G83<=CapFinanciera3),[1]Puntajes!$D$14,IF(AND(G83>CapFinanciera3,G83<=CapFinanciera4),[1]Puntajes!$D$15,IF(G83>CapFinanciera4,[1]Puntajes!$D$16,0))))))
D84: =IF(ISERROR(VLOOKUP(C84,'[1]Cap Financiera y Organizacional'!$A$12:$X$62743,2,0)),"",VLOOKUP(C84,'[1]Cap Financiera y Organizacional'!$A$12:$X$3603,2,0)) | E84: =IF(OR(C84="",D84=""),"",IF(ISERROR(VLOOKUP(D84,'[1]Cap Financiera y Organizacional'!$B$12:$X$62743,3,0)),"",VLOOKUP(D84,'[1]Cap Financiera y Organizacional'!$B$12:$X$62743,3,0))) | F84: =IF(OR(C84="",D84=""),"",IF(ISERROR(VLOOKUP(D84,'[1]Cap Financiera y Organizacional'!$B$12:$X$62743,5,0)),"",VLOOKUP(D84,'[1]Cap Financiera y Organizacional'!$B$12:$X$62743,5,0))) | G84: =IF(OR(D84="",E84="",F84=""),"",IF(OR(E84=0,F84=0),0,E84/F84)) | H84: =IF(OR(D84="",E84="",F84=""),"",IF(AND(G84>0,G84<=CapFinanciera1),[1]Puntajes!$D$12,IF(AND(G84>CapFinanciera1,G84<=CapFinanciera2),[1]Puntajes!$D$13,IF(AND(G84>CapFinanciera2,G84<=CapFinanciera3),[1]Puntajes!$D$14,IF(AND(G84>CapFinanciera3,G84<=CapFinanciera4),[1]Puntajes!$D$15,IF(G84>CapFinanciera4,[1]Puntajes!$D$16,0))))))
D85: =IF(ISERROR(VLOOKUP(C85,'[1]Cap Financiera y Organizacional'!$A$12:$X$62743,2,0)),"",VLOOKUP(C85,'[1]Cap Financiera y Organizacional'!$A$12:$X$3603,2,0)) | E85: =IF(OR(C85="",D85=""),"",IF(ISERROR(VLOOKUP(D85,'[1]Cap Financiera y Organizacional'!$B$13:$X$62743,3,0)),"",VLOOKUP(D85,'[1]Cap Financiera y Organizacional'!$B$13:$X$62743,3,0))) | F85: =IF(OR(C85="",D85=""),"",IF(ISERROR(VLOOKUP(D85,'[1]Cap Financiera y Organizacional'!$B$13:$X$62743,5,0)),"",VLOOKUP(D85,'[1]Cap Financiera y Organizacional'!$B$13:$X$62743,5,0))) | G85: =IF(OR(D85="",E85="",F85=""),"",IF(OR(E85=0,F85=0),0,E85/F85)) | H85: =IF(OR(D85="",E85="",F85=""),"",IF(AND(G85>0,G85<=CapFinanciera1),[1]Puntajes!$D$12,IF(AND(G85>CapFinanciera1,G85<=CapFinanciera2),[1]Puntajes!$D$13,IF(AND(G85>CapFinanciera2,G85<=CapFinanciera3),[1]Puntajes!$D$14,IF(AND(G85>CapFinanciera3,G85<=CapFinanciera4),[1]Puntajes!$D$15,IF(G85>CapFinanciera4,[1]Puntajes!$D$16,0))))))
C86: 8 | D86: =IF(ISERROR(VLOOKUP(C86,'[1]Cap Financiera y Organizacional'!$A$12:$X$62743,2,0)),"",VLOOKUP(C86,'[1]Cap Financiera y Organizacional'!$A$12:$X$3603,2,0)) -> 0
C87: 8.1 | D87: =IF(ISERROR(VLOOKUP(C87,'[1]Cap Financiera y Organizacional'!$A$12:$X$62743,2,0)),"",VLOOKUP(C87,'[1]Cap Financiera y Organizacional'!$A$12:$X$3603,2,0)) -> 0 | E87: =IF(OR(C87="",D87=""),"",IF(ISERROR(VLOOKUP(D87,'[1]Cap Financiera y Organizacional'!$B$12:$X$62743,3,0)),"",VLOOKUP(D87,'[1]Cap Financiera y Organizacional'!$B$12:$X$62743,3,0))) -> 0 | F87: =IF(OR(C87="",D87=""),"",IF(ISERROR(VLOOKUP(D87,'[1]Cap Financiera y Organizacional'!$B$12:$X$62743,5,0)),"",VLOOKUP(D87,'[1]Cap Financiera y Organizacional'!$B$12:$X$62743,5,0))) -> 0 | G87: =IF(OR(D87="",E87="",F87=""),"",IF(OR(E87=0,F87=0),0,E87/F87)) -> 0 | H87: =IF(OR(D87="",E87="",F87=""),"",IF(AND(G87>0,G87<=CapFinanciera1),[1]Puntajes!$D$12,IF(AND(G87>CapFinanciera1,G87<=CapFinanciera2),[1]Puntajes!$D$13,IF(AND(G87>CapFinanciera2,G87<=CapFinanciera3),[1]Puntajes!$D$14,IF(AND(G87>CapFinanciera3,G87<=CapFinanciera4),[1]Puntajes!$D$15,IF(G87>CapFinanciera4,[1]Puntajes!$D$16,0)))))) -> 0
E88: =IF(OR(C88="",D88=""),"",IF(ISERROR(VLOOKUP(D88,'[1]Cap Financiera y Organizacional'!$B$12:$X$62743,3,0)),"",VLOOKUP(D88,'[1]Cap Financiera y Organizacional'!$B$12:$X$62743,3,0))) | F88: =IF(OR(C88="",D88=""),"",IF(ISERROR(VLOOKUP(D88,'[1]Cap Financiera y Organizacional'!$B$12:$X$62743,5,0)),"",VLOOKUP(D88,'[1]Cap Financiera y Organizacional'!$B$12:$X$62743,5,0)))
E89: =IF(OR(C89="",D89=""),"",IF(ISERROR(VLOOKUP(D89,'[1]Cap Financiera y Organizacional'!$B$12:$X$62743,3,0)),"",VLOOKUP(D89,'[1]Cap Financiera y Organizacional'!$B$12:$X$62743,3,0))) | F89: =IF(OR(C89="",D89=""),"",IF(ISERROR(VLOOKUP(D89,'[1]Cap Financiera y Organizacional'!$B$12:$X$62743,5,0)),"",VLOOKUP(D89,'[1]Cap Financiera y Organizacional'!$B$12:$X$62743,5,0)))
E90: =IF(OR(C90="",D90=""),"",IF(ISERROR(VLOOKUP(D90,'[1]Cap Financiera y Organizacional'!$B$12:$X$62743,3,0)),"",VLOOKUP(D90,'[1]Cap Financiera y Organizacional'!$B$12:$X$62743,3,0))) | F90: =IF(OR(C90="",D90=""),"",IF(ISERROR(VLOOKUP(D90,'[1]Cap Financiera y Organizacional'!$B$12:$X$62743,5,0)),"",VLOOKUP(D90,'[1]Cap Financiera y Organizacional'!$B$12:$X$62743,5,0)))
D91: =IF(ISERROR(VLOOKUP(C91,'[1]Cap Financiera y Organizacional'!$A$12:$X$62743,2,0)),"",VLOOKUP(C91,'[1]Cap Financiera y Organizacional'!$A$12:$X$3603,2,0)) | E91: =IF(OR(C91="",D91=""),"",IF(ISERROR(VLOOKUP(D91,'[1]Cap Financiera y Organizacional'!$B$12:$X$62743,3,0)),"",VLOOKUP(D91,'[1]Cap Financiera y Organizacional'!$B$12:$X$62743,3,0))) | F91: =IF(OR(C91="",D91=""),"",IF(ISERROR(VLOOKUP(D91,'[1]Cap Financiera y Organizacional'!$B$12:$X$62743,5,0)),"",VLOOKUP(D91,'[1]Cap Financiera y Organizacional'!$B$12:$X$62743,5,0))) | G91: =IF(OR(D91="",E91="",F91=""),"",IF(OR(E91=0,F91=0),0,E91/F91)) | H91: =IF(OR(D91="",E91="",F91=""),"",IF(AND(G91>0,G91<=CapFinanciera1),[1]Puntajes!$D$12,IF(AND(G91>CapFinanciera1,G91<=CapFinanciera2),[1]Puntajes!$D$13,IF(AND(G91>CapFinanciera2,G91<=CapFinanciera3),[1]Puntajes!$D$14,IF(AND(G91>CapFinanciera3,G91<=CapFinanciera4),[1]Puntajes!$D$15,IF(G91>CapFinanciera4,[1]Puntajes!$D$16,0))))))
D92: =IF(ISERROR(VLOOKUP(C92,'[1]Cap Financiera y Organizacional'!$A$12:$X$62743,2,0)),"",VLOOKUP(C92,'[1]Cap Financiera y Organizacional'!$A$12:$X$3603,2,0)) | E92: =IF(OR(C92="",D92=""),"",IF(ISERROR(VLOOKUP(D92,'[1]Cap Financiera y Organizacional'!$B$12:$X$62743,3,0)),"",VLOOKUP(D92,'[1]Cap Financiera y Organizacional'!$B$12:$X$62743,3,0))) | F92: =IF(OR(C92="",D92=""),"",IF(ISERROR(VLOOKUP(D92,'[1]Cap Financiera y Organizacional'!$B$12:$X$62743,5,0)),"",VLOOKUP(D92,'[1]Cap Financiera y Organizacional'!$B$12:$X$62743,5,0))) | G92: =IF(OR(D92="",E92="",F92=""),"",IF(OR(E92=0,F92=0),0,E92/F92)) | H92: =IF(OR(D92="",E92="",F92=""),"",IF(AND(G92>0,G92<=CapFinanciera1),[1]Puntajes!$D$12,IF(AND(G92>CapFinanciera1,G92<=CapFinanciera2),[1]Puntajes!$D$13,IF(AND(G92>CapFinanciera2,G92<=CapFinanciera3),[1]Puntajes!$D$14,IF(AND(G92>CapFinanciera3,G92<=CapFinanciera4),[1]Puntajes!$D$15,IF(G92>CapFinanciera4,[1]Puntajes!$D$16,0))))))
D93: =IF(ISERROR(VLOOKUP(C93,'[1]Cap Financiera y Organizacional'!$A$12:$X$62743,2,0)),"",VLOOKUP(C93,'[1]Cap Financiera y Organizacional'!$A$12:$X$3603,2,0)) | E93: =IF(OR(C93="",D93=""),"",IF(ISERROR(VLOOKUP(D93,'[1]Cap Financiera y Organizacional'!$B$12:$X$62743,3,0)),"",VLOOKUP(D93,'[1]Cap Financiera y Organizacional'!$B$12:$X$62743,3,0))) | F93: =IF(OR(C93="",D93=""),"",IF(ISERROR(VLOOKUP(D93,'[1]Cap Financiera y Organizacional'!$B$12:$X$62743,5,0)),"",VLOOKUP(D93,'[1]Cap Financiera y Organizacional'!$B$12:$X$62743,5,0))) | G93: =IF(OR(D93="",E93="",F93=""),"",IF(OR(E93=0,F93=0),0,E93/F93)) | H93: =IF(OR(D93="",E93="",F93=""),"",IF(AND(G93>0,G93<=CapFinanciera1),[1]Puntajes!$D$12,IF(AND(G93>CapFinanciera1,G93<=CapFinanciera2),[1]Puntajes!$D$13,IF(AND(G93>CapFinanciera2,G93<=CapFinanciera3),[1]Puntajes!$D$14,IF(AND(G93>CapFinanciera3,G93<=CapFinanciera4),[1]Puntajes!$D$15,IF(G93>CapFinanciera4,[1]Puntajes!$D$16,0))))))
D94: =IF(ISERROR(VLOOKUP(C94,'[1]Cap Financiera y Organizacional'!$A$12:$X$62743,2,0)),"",VLOOKUP(C94,'[1]Cap Financiera y Organizacional'!$A$12:$X$3603,2,0)) | E94: =IF(OR(C94="",D94=""),"",IF(ISERROR(VLOOKUP(D94,'[1]Cap Financiera y Organizacional'!$B$12:$X$62743,3,0)),"",VLOOKUP(D94,'[1]Cap Financiera y Organizacional'!$B$12:$X$62743,3,0))) | F94: =IF(OR(C94="",D94=""),"",IF(ISERROR(VLOOKUP(D94,'[1]Cap Financiera y Organizacional'!$B$12:$X$62743,5,0)),"",VLOOKUP(D94,'[1]Cap Financiera y Organizacional'!$B$12:$X$62743,5,0))) | G94: =IF(OR(D94="",E94="",F94=""),"",IF(OR(E94=0,F94=0),0,E94/F94)) | H94: =IF(OR(D94="",E94="",F94=""),"",IF(AND(G94>0,G94<=CapFinanciera1),[1]Puntajes!$D$12,IF(AND(G94>CapFinanciera1,G94<=CapFinanciera2),[1]Puntajes!$D$13,IF(AND(G94>CapFinanciera2,G94<=CapFinanciera3),[1]Puntajes!$D$14,IF(AND(G94>CapFinanciera3,G94<=CapFinanciera4),[1]Puntajes!$D$15,IF(G94>CapFinanciera4,[1]Puntajes!$D$16,0))))))
D95: =IF(ISERROR(VLOOKUP(C95,'[1]Cap Financiera y Organizacional'!$A$12:$X$62743,2,0)),"",VLOOKUP(C95,'[1]Cap Financiera y Organizacional'!$A$12:$X$3603,2,0)) | E95: =IF(OR(C95="",D95=""),"",IF(ISERROR(VLOOKUP(D95,'[1]Cap Financiera y Organizacional'!$B$12:$X$62743,3,0)),"",VLOOKUP(D95,'[1]Cap Financiera y Organizacional'!$B$12:$X$62743,3,0))) | F95: =IF(OR(C95="",D95=""),"",IF(ISERROR(VLOOKUP(D95,'[1]Cap Financiera y Organizacional'!$B$12:$X$62743,5,0)),"",VLOOKUP(D95,'[1]Cap Financiera y Organizacional'!$B$12:$X$62743,5,0))) | G95: =IF(OR(D95="",E95="",F95=""),"",IF(OR(E95=0,F95=0),0,E95/F95)) | H95: =IF(OR(D95="",E95="",F95=""),"",IF(AND(G95>0,G95<=CapFinanciera1),[1]Puntajes!$D$12,IF(AND(G95>CapFinanciera1,G95<=CapFinanciera2),[1]Puntajes!$D$13,IF(AND(G95>CapFinanciera2,G95<=CapFinanciera3),[1]Puntajes!$D$14,IF(AND(G95>CapFinanciera3,G95<=CapFinanciera4),[1]Puntajes!$D$15,IF(G95>CapFinanciera4,[1]Puntajes!$D$16,0))))))
D96: =IF(ISERROR(VLOOKUP(C96,'[1]Cap Financiera y Organizacional'!$A$12:$X$62743,2,0)),"",VLOOKUP(C96,'[1]Cap Financiera y Organizacional'!$A$12:$X$3603,2,0)) | E96: =IF(OR(C96="",D96=""),"",IF(ISERROR(VLOOKUP(D96,'[1]Cap Financiera y Organizacional'!$B$13:$X$62743,3,0)),"",VLOOKUP(D96,'[1]Cap Financiera y Organizacional'!$B$13:$X$62743,3,0))) | F96: =IF(OR(C96="",D96=""),"",IF(ISERROR(VLOOKUP(D96,'[1]Cap Financiera y Organizacional'!$B$13:$X$62743,5,0)),"",VLOOKUP(D96,'[1]Cap Financiera y Organizacional'!$B$13:$X$62743,5,0))) | G96: =IF(OR(D96="",E96="",F96=""),"",IF(OR(E96=0,F96=0),0,E96/F96)) | H96: =IF(OR(D96="",E96="",F96=""),"",IF(AND(G96>0,G96<=CapFinanciera1),[1]Puntajes!$D$12,IF(AND(G96>CapFinanciera1,G96<=CapFinanciera2),[1]Puntajes!$D$13,IF(AND(G96>CapFinanciera2,G96<=CapFinanciera3),[1]Puntajes!$D$14,IF(AND(G96>CapFinanciera3,G96<=CapFinanciera4),[1]Puntajes!$D$15,IF(G96>CapFinanciera4,[1]Puntajes!$D$16,0))))))
E98: =IF(OR(C98="",D98=""),"",IF(ISERROR(VLOOKUP(D98,'[1]Cap Financiera y Organizacional'!$B$12:$X$62743,3,0)),"",VLOOKUP(D98,'[1]Cap Financiera y Organizacional'!$B$12:$X$62743,3,0))) | F98: =IF(OR(C98="",D98=""),"",IF(ISERROR(VLOOKUP(D98,'[1]Cap Financiera y Organizacional'!$B$12:$X$62743,5,0)),"",VLOOKUP(D98,'[1]Cap Financiera y Organizacional'!$B$12:$X$62743,5,0)))
E99: =IF(OR(C99="",D99=""),"",IF(ISERROR(VLOOKUP(D99,'[1]Cap Financiera y Organizacional'!$B$12:$X$62743,3,0)),"",VLOOKUP(D99,'[1]Cap Financiera y Organizacional'!$B$12:$X$62743,3,0))) | F99: =IF(OR(C99="",D99=""),"",IF(ISERROR(VLOOKUP(D99,'[1]Cap Financiera y Organizacional'!$B$12:$X$62743,5,0)),"",VLOOKUP(D99,'[1]Cap Financiera y Organizacional'!$B$12:$X$62743,5,0)))
E100: =IF(OR(C100="",D100=""),"",IF(ISERROR(VLOOKUP(D100,'[1]Cap Financiera y Organizacional'!$B$12:$X$62743,3,0)),"",VLOOKUP(D100,'[1]Cap Financiera y Organizacional'!$B$12:$X$62743,3,0))) | F100: =IF(OR(C100="",D100=""),"",IF(ISERROR(VLOOKUP(D100,'[1]Cap Financiera y Organizacional'!$B$12:$X$62743,5,0)),"",VLOOKUP(D100,'[1]Cap Financiera y Organizacional'!$B$12:$X$62743,5,0)))
E101: =IF(OR(C101="",D101=""),"",IF(ISERROR(VLOOKUP(D101,'[1]Cap Financiera y Organizacional'!$B$12:$X$62743,3,0)),"",VLOOKUP(D101,'[1]Cap Financiera y Organizacional'!$B$12:$X$62743,3,0))) | F101: =IF(OR(C101="",D101=""),"",IF(ISERROR(VLOOKUP(D101,'[1]Cap Financiera y Organizacional'!$B$12:$X$62743,5,0)),"",VLOOKUP(D101,'[1]Cap Financiera y Organizacional'!$B$12:$X$62743,5,0)))
D102: =IF(ISERROR(VLOOKUP(C102,'[1]Cap Financiera y Organizacional'!$A$12:$X$62743,2,0)),"",VLOOKUP(C102,'[1]Cap Financiera y Organizacional'!$A$12:$X$3603,2,0)) | E102: =IF(OR(C102="",D102=""),"",IF(ISERROR(VLOOKUP(D102,'[1]Cap Financiera y Organizacional'!$B$12:$X$62743,3,0)),"",VLOOKUP(D102,'[1]Cap Financiera y Organizacional'!$B$12:$X$62743,3,0))) | F102: =IF(OR(C102="",D102=""),"",IF(ISERROR(VLOOKUP(D102,'[1]Cap Financiera y Organizacional'!$B$12:$X$62743,5,0)),"",VLOOKUP(D102,'[1]Cap Financiera y Organizacional'!$B$12:$X$62743,5,0))) | G102: =IF(OR(D102="",E102="",F102=""),"",IF(OR(E102=0,F102=0),0,E102/F102)) | H102: =IF(OR(D102="",E102="",F102=""),"",IF(AND(G102>0,G102<=CapFinanciera1),[1]Puntajes!$D$12,IF(AND(G102>CapFinanciera1,G102<=CapFinanciera2),[1]Puntajes!$D$13,IF(AND(G102>CapFinanciera2,G102<=CapFinanciera3),[1]Puntajes!$D$14,IF(AND(G102>CapFinanciera3,G102<=CapFinanciera4),[1]Puntajes!$D$15,IF(G102>CapFinanciera4,[1]Puntajes!$D$16,0))))))
D103: =IF(ISERROR(VLOOKUP(C103,'[1]Cap Financiera y Organizacional'!$A$12:$X$62743,2,0)),"",VLOOKUP(C103,'[1]Cap Financiera y Organizacional'!$A$12:$X$3603,2,0)) | E103: =IF(OR(C103="",D103=""),"",IF(ISERROR(VLOOKUP(D103,'[1]Cap Financiera y Organizacional'!$B$12:$X$62743,3,0)),"",VLOOKUP(D103,'[1]Cap Financiera y Organizacional'!$B$12:$X$62743,3,0))) | F103: =IF(OR(C103="",D103=""),"",IF(ISERROR(VLOOKUP(D103,'[1]Cap Financiera y Organizacional'!$B$12:$X$62743,5,0)),"",VLOOKUP(D103,'[1]Cap Financiera y Organizacional'!$B$12:$X$62743,5,0))) | G103: =IF(OR(D103="",E103="",F103=""),"",IF(OR(E103=0,F103=0),0,E103/F103)) | H103: =IF(OR(D103="",E103="",F103=""),"",IF(AND(G103>0,G103<=CapFinanciera1),[1]Puntajes!$D$12,IF(AND(G103>CapFinanciera1,G103<=CapFinanciera2),[1]Puntajes!$D$13,IF(AND(G103>CapFinanciera2,G103<=CapFinanciera3),[1]Puntajes!$D$14,IF(AND(G103>CapFinanciera3,G103<=CapFinanciera4),[1]Puntajes!$D$15,IF(G103>CapFinanciera4,[1]Puntajes!$D$16,0))))))
...

Sheet Puntaje CT
C2: ='Puntaje Exp'!C2 -> INSTITUTO NACIONAL DE VIAS
C3: ='Puntaje Exp'!C3 -> DIRECCIÓN TERRITORIAL CASANARE
C4: ='Puntaje Exp'!C4 -> SA-MC-DT-CAS-004-2023
C5: PUNTAJE POR CAPACIDAD TÉCNICA
C7: OFERTA | D7: PROPONENTE | E7: PROFESIONALES VINCULADOS | F7: PUNTAJE POR CAPACIDAD TÉCNICA
E8: Numeros de Socios y Profesionales de la Arquitectura , Ingenierìa y Geologìa vinculados mediante relaciòn laboral o contractual en actividades relacionadas directamente a la construcciòn | F8: Rangos: Desde 1 hasta 5 = 20 Puntos Desde 6 hasta 10 = 30 Puntos Desde 11 hasta mayores = 40 Puntos
C9: 1 | D9: =+PROPONENTE!B14 -> JUAN BERNARDO CAÑON PARRA | F9: =IF(OR(D9="",E9=""),"",IF(AND(E9>0,E9<=CapTecnica1),[1]Puntajes!$H$4,IF(AND(E9>CapTecnica1,E9<=CapTecnica2),[1]Puntajes!$H$5,IF(E9>CapTecnica2,[1]Puntajes!$H$6,0))))
C10: 1.1 | D10: =+D9 -> JUAN BERNARDO CAÑON PARRA | E10: 1 | F10: =IF(OR(D10="",E10=""),"",IF(AND(E10>0,E10<=5),Puntajes!$H$4,IF(AND(E10>10,E10<=CapTecnica2),Puntajes!$H$5,IF(E10>11,Puntajes!$H$6,0)))) -> 20
C11: 1.2 | F11: =IF(OR(D11="",E11=""),"",IF(AND(E11>0,E11<=CapTecnica1),[1]Puntajes!$H$4,IF(AND(E11>CapTecnica1,E11<=CapTecnica2),[1]Puntajes!$H$5,IF(E11>CapTecnica2,[1]Puntajes!$H$6,0))))
D12: =IF(ISERROR(VLOOKUP(C12,'[1]Cap Financiera y Organizacional'!$A$12:$X$62743,2,0)),"",VLOOKUP(C12,'[1]Cap Financiera y Organizacional'!$A$12:$X$3603,2,0)) | F12: =IF(OR(D12="",E12=""),"",IF(AND(E12>0,E12<=CapTecnica1),[1]Puntajes!$H$4,IF(AND(E12>CapTecnica1,E12<=CapTecnica2),[1]Puntajes!$H$5,IF(E12>CapTecnica2,[1]Puntajes!$H$6,0))))
D13: =IF(ISERROR(VLOOKUP(C13,'[1]Cap Financiera y Organizacional'!$A$12:$X$62743,2,0)),"",VLOOKUP(C13,'[1]Cap Financiera y Organizacional'!$A$12:$X$3603,2,0)) | F13: =IF(OR(D13="",E13=""),"",IF(AND(E13>0,E13<=CapTecnica1),[1]Puntajes!$H$4,IF(AND(E13>CapTecnica1,E13<=CapTecnica2),[1]Puntajes!$H$5,IF(E13>CapTecnica2,[1]Puntajes!$H$6,0))))
D14: =IF(ISERROR(VLOOKUP(C14,'[1]Cap Financiera y Organizacional'!$A$12:$X$62743,2,0)),"",VLOOKUP(C14,'[1]Cap Financiera y Organizacional'!$A$12:$X$3603,2,0)) | F14: =IF(OR(D14="",E14=""),"",IF(AND(E14>0,E14<=CapTecnica1),[1]Puntajes!$H$4,IF(AND(E14>CapTecnica1,E14<=CapTecnica2),[1]Puntajes!$H$5,IF(E14>CapTecnica2,[1]Puntajes!$H$6,0))))
D15: =IF(ISERROR(VLOOKUP(C15,'[1]Cap Financiera y Organizacional'!$A$12:$X$62743,2,0)),"",VLOOKUP(C15,'[1]Cap Financiera y Organizacional'!$A$12:$X$3603,2,0)) | F15: =IF(OR(D15="",E15=""),"",IF(AND(E15>0,E15<=CapTecnica1),[1]Puntajes!$H$4,IF(AND(E15>CapTecnica1,E15<=CapTecnica2),[1]Puntajes!$H$5,IF(E15>CapTecnica2,[1]Puntajes!$H$6,0))))
D16: =IF(ISERROR(VLOOKUP(C16,'[1]Cap Financiera y Organizacional'!$A$12:$X$62743,2,0)),"",VLOOKUP(C16,'[1]Cap Financiera y Organizacional'!$A$12:$X$3603,2,0)) | F16: =IF(OR(D16="",E16=""),"",IF(AND(E16>0,E16<=CapTecnica1),[1]Puntajes!$H$4,IF(AND(E16>CapTecnica1,E16<=CapTecnica2),[1]Puntajes!$H$5,IF(E16>CapTecnica2,[1]Puntajes!$H$6,0))))
D17: =IF(ISERROR(VLOOKUP(C17,'[1]Cap Financiera y Organizacional'!$A$12:$X$62743,2,0)),"",VLOOKUP(C17,'[1]Cap Financiera y Organizacional'!$A$12:$X$3603,2,0)) | F17: =IF(OR(D17="",E17=""),"",IF(AND(E17>0,E17<=CapTecnica1),[1]Puntajes!$H$4,IF(AND(E17>CapTecnica1,E17<=CapTecnica2),[1]Puntajes!$H$5,IF(E17>CapTecnica2,[1]Puntajes!$H$6,0))))
D18: =IF(ISERROR(VLOOKUP(C18,'[1]Cap Financiera y Organizacional'!$A$12:$X$62743,2,0)),"",VLOOKUP(C18,'[1]Cap Financiera y Organizacional'!$A$12:$X$3603,2,0)) | F18: =IF(OR(D18="",E18=""),"",IF(AND(E18>0,E18<=CapTecnica1),[1]Puntajes!$H$4,IF(AND(E18>CapTecnica1,E18<=CapTecnica2),[1]Puntajes!$H$5,IF(E18>CapTecnica2,[1]Puntajes!$H$6,0))))
D19: =IF(ISERROR(VLOOKUP(C19,'[1]Cap Financiera y Organizacional'!$A$12:$X$62743,2,0)),"",VLOOKUP(C19,'[1]Cap Financiera y Organizacional'!$A$12:$X$3603,2,0)) | F19: =IF(OR(D19="",E19=""),"",IF(AND(E19>0,E19<=CapTecnica1),[1]Puntajes!$H$4,IF(AND(E19>CapTecnica1,E19<=CapTecnica2),[1]Puntajes!$H$5,IF(E19>CapTecnica2,[1]Puntajes!$H$6,0))))
C20: 2 | F20: =IF(OR(D20="",E20=""),"",IF(AND(E20>0,E20<=CapTecnica1),[1]Puntajes!$H$4,IF(AND(E20>CapTecnica1,E20<=CapTecnica2),[1]Puntajes!$H$5,IF(E20>CapTecnica2,[1]Puntajes!$H$6,0))))
C21: 2.1 | F21: =IF(OR(D21="",E21=""),"",IF(AND(E21>0,E21<=CapTecnica1),[1]Puntajes!$H$4,IF(AND(E21>CapTecnica1,E21<=CapTecnica2),[1]Puntajes!$H$5,IF(E21>CapTecnica2,[1]Puntajes!$H$6,0))))
D22: =IF(ISERROR(VLOOKUP(C22,'[1]Cap Financiera y Organizacional'!$A$12:$X$62743,2,0)),"",VLOOKUP(C22,'[1]Cap Financiera y Organizacional'!$A$12:$X$3603,2,0)) | F22: =IF(OR(D22="",E22=""),"",IF(AND(E22>0,E22<=CapTecnica1),[1]Puntajes!$H$4,IF(AND(E22>CapTecnica1,E22<=CapTecnica2),[1]Puntajes!$H$5,IF(E22>CapTecnica2,[1]Puntajes!$H$6,0))))
D23: =IF(ISERROR(VLOOKUP(C23,'[1]Cap Financiera y Organizacional'!$A$12:$X$62743,2,0)),"",VLOOKUP(C23,'[1]Cap Financiera y Organizacional'!$A$12:$X$3603,2,0)) | F23: =IF(OR(D23="",E23=""),"",IF(AND(E23>0,E23<=CapTecnica1),[1]Puntajes!$H$4,IF(AND(E23>CapTecnica1,E23<=CapTecnica2),[1]Puntajes!$H$5,IF(E23>CapTecnica2,[1]Puntajes!$H$6,0))))
D24: =IF(ISERROR(VLOOKUP(C24,'[1]Cap Financiera y Organizacional'!$A$12:$X$62743,2,0)),"",VLOOKUP(C24,'[1]Cap Financiera y Organizacional'!$A$12:$X$3603,2,0)) | F24: =IF(OR(D24="",E24=""),"",IF(AND(E24>0,E24<=CapTecnica1),[1]Puntajes!$H$4,IF(AND(E24>CapTecnica1,E24<=CapTecnica2),[1]Puntajes!$H$5,IF(E24>CapTecnica2,[1]Puntajes!$H$6,0))))
D25: =IF(ISERROR(VLOOKUP(C25,'[1]Cap Financiera y Organizacional'!$A$12:$X$62743,2,0)),"",VLOOKUP(C25,'[1]Cap Financiera y Organizacional'!$A$12:$X$3603,2,0)) | F25: =IF(OR(D25="",E25=""),"",IF(AND(E25>0,E25<=CapTecnica1),[1]Puntajes!$H$4,IF(AND(E25>CapTecnica1,E25<=CapTecnica2),[1]Puntajes!$H$5,IF(E25>CapTecnica2,[1]Puntajes!$H$6,0))))
D26: =IF(ISERROR(VLOOKUP(C26,'[1]Cap Financiera y Organizacional'!$A$12:$X$62743,2,0)),"",VLOOKUP(C26,'[1]Cap Financiera y Organizacional'!$A$12:$X$3603,2,0)) | F26: =IF(OR(D26="",E26=""),"",IF(AND(E26>0,E26<=CapTecnica1),[1]Puntajes!$H$4,IF(AND(E26>CapTecnica1,E26<=CapTecnica2),[1]Puntajes!$H$5,IF(E26>CapTecnica2,[1]Puntajes!$H$6,0))))
D27: =IF(ISERROR(VLOOKUP(C27,'[1]Cap Financiera y Organizacional'!$A$12:$X$62743,2,0)),"",VLOOKUP(C27,'[1]Cap Financiera y Organizacional'!$A$12:$X$3603,2,0)) | F27: =IF(OR(D27="",E27=""),"",IF(AND(E27>0,E27<=CapTecnica1),[1]Puntajes!$H$4,IF(AND(E27>CapTecnica1,E27<=CapTecnica2),[1]Puntajes!$H$5,IF(E27>CapTecnica2,[1]Puntajes!$H$6,0))))
D28: =IF(ISERROR(VLOOKUP(C28,'[1]Cap Financiera y Organizacional'!$A$12:$X$62743,2,0)),"",VLOOKUP(C28,'[1]Cap Financiera y Organizacional'!$A$12:$X$3603,2,0)) | F28: =IF(OR(D28="",E28=""),"",IF(AND(E28>0,E28<=CapTecnica1),[1]Puntajes!$H$4,IF(AND(E28>CapTecnica1,E28<=CapTecnica2),[1]Puntajes!$H$5,IF(E28>CapTecnica2,[1]Puntajes!$H$6,0))))
D29: =IF(ISERROR(VLOOKUP(C29,'[1]Cap Financiera y Organizacional'!$A$12:$X$62743,2,0)),"",VLOOKUP(C29,'[1]Cap Financiera y Organizacional'!$A$12:$X$3603,2,0)) | F29: =IF(OR(D29="",E29=""),"",IF(AND(E29>0,E29<=CapTecnica1),[1]Puntajes!$H$4,IF(AND(E29>CapTecnica1,E29<=CapTecnica2),[1]Puntajes!$H$5,IF(E29>CapTecnica2,[1]Puntajes!$H$6,0))))
D30: =IF(ISERROR(VLOOKUP(C30,'[1]Cap Financiera y Organizacional'!$A$12:$X$62743,2,0)),"",VLOOKUP(C30,'[1]Cap Financiera y Organizacional'!$A$12:$X$3603,2,0)) | F30: =IF(OR(D30="",E30=""),"",IF(AND(E30>0,E30<=CapTecnica1),[1]Puntajes!$H$4,IF(AND(E30>CapTecnica1,E30<=CapTecnica2),[1]Puntajes!$H$5,IF(E30>CapTecnica2,[1]Puntajes!$H$6,0))))
C31: 3 | F31: =IF(OR(D31="",E31=""),"",IF(AND(E31>0,E31<=CapTecnica1),[3]Puntajes!$H$4,IF(AND(E31>CapTecnica1,E31<=CapTecnica2),[3]Puntajes!$H$5,IF(E31>CapTecnica2,[3]Puntajes!$H$6,0))))
C32: 3.1 | F32: =IF(OR(D32="",E32=""),"",IF(AND(E32>0,E32<=CapTecnica1),[1]Puntajes!$H$4,IF(AND(E32>CapTecnica1,E32<=CapTecnica2),[1]Puntajes!$H$5,IF(E32>CapTecnica2,[1]Puntajes!$H$6,0))))
C33: 3.2 | F33: =IF(OR(D33="",E33=""),"",IF(AND(E33>0,E33<=CapTecnica1),[1]Puntajes!$H$4,IF(AND(E33>CapTecnica1,E33<=CapTecnica2),[1]Puntajes!$H$5,IF(E33>CapTecnica2,[1]Puntajes!$H$6,0))))
D34: =IF(ISERROR(VLOOKUP(C34,'[1]Cap Financiera y Organizacional'!$A$12:$X$62743,2,0)),"",VLOOKUP(C34,'[1]Cap Financiera y Organizacional'!$A$12:$X$3603,2,0)) | F34: =IF(OR(D34="",E34=""),"",IF(AND(E34>0,E34<=CapTecnica1),[1]Puntajes!$H$4,IF(AND(E34>CapTecnica1,E34<=CapTecnica2),[1]Puntajes!$H$5,IF(E34>CapTecnica2,[1]Puntajes!$H$6,0))))
D35: =IF(ISERROR(VLOOKUP(C35,'[1]Cap Financiera y Organizacional'!$A$12:$X$62743,2,0)),"",VLOOKUP(C35,'[1]Cap Financiera y Organizacional'!$A$12:$X$3603,2,0)) | F35: =IF(OR(D35="",E35=""),"",IF(AND(E35>0,E35<=CapTecnica1),[1]Puntajes!$H$4,IF(AND(E35>CapTecnica1,E35<=CapTecnica2),[1]Puntajes!$H$5,IF(E35>CapTecnica2,[1]Puntajes!$H$6,0))))
D36: =IF(ISERROR(VLOOKUP(C36,'[1]Cap Financiera y Organizacional'!$A$12:$X$62743,2,0)),"",VLOOKUP(C36,'[1]Cap Financiera y Organizacional'!$A$12:$X$3603,2,0)) | F36: =IF(OR(D36="",E36=""),"",IF(AND(E36>0,E36<=CapTecnica1),[1]Puntajes!$H$4,IF(AND(E36>CapTecnica1,E36<=CapTecnica2),[1]Puntajes!$H$5,IF(E36>CapTecnica2,[1]Puntajes!$H$6,0))))
D37: =IF(ISERROR(VLOOKUP(C37,'[1]Cap Financiera y Organizacional'!$A$12:$X$62743,2,0)),"",VLOOKUP(C37,'[1]Cap Financiera y Organizacional'!$A$12:$X$3603,2,0)) | F37: =IF(OR(D37="",E37=""),"",IF(AND(E37>0,E37<=CapTecnica1),[1]Puntajes!$H$4,IF(AND(E37>CapTecnica1,E37<=CapTecnica2),[1]Puntajes!$H$5,IF(E37>CapTecnica2,[1]Puntajes!$H$6,0))))
D38: =IF(ISERROR(VLOOKUP(C38,'[1]Cap Financiera y Organizacional'!$A$12:$X$62743,2,0)),"",VLOOKUP(C38,'[1]Cap Financiera y Organizacional'!$A$12:$X$3603,2,0)) | F38: =IF(OR(D38="",E38=""),"",IF(AND(E38>0,E38<=CapTecnica1),[1]Puntajes!$H$4,IF(AND(E38>CapTecnica1,E38<=CapTecnica2),[1]Puntajes!$H$5,IF(E38>CapTecnica2,[1]Puntajes!$H$6,0))))
D39: =IF(ISERROR(VLOOKUP(C39,'[1]Cap Financiera y Organizacional'!$A$12:$X$62743,2,0)),"",VLOOKUP(C39,'[1]Cap Financiera y Organizacional'!$A$12:$X$3603,2,0)) | F39: =IF(OR(D39="",E39=""),"",IF(AND(E39>0,E39<=CapTecnica1),[1]Puntajes!$H$4,IF(AND(E39>CapTecnica1,E39<=CapTecnica2),[1]Puntajes!$H$5,IF(E39>CapTecnica2,[1]Puntajes!$H$6,0))))
D40: =IF(ISERROR(VLOOKUP(C40,'[1]Cap Financiera y Organizacional'!$A$12:$X$62743,2,0)),"",VLOOKUP(C40,'[1]Cap Financiera y Organizacional'!$A$12:$X$3603,2,0)) | F40: =IF(OR(D40="",E40=""),"",IF(AND(E40>0,E40<=CapTecnica1),[1]Puntajes!$H$4,IF(AND(E40>CapTecnica1,E40<=CapTecnica2),[1]Puntajes!$H$5,IF(E40>CapTecnica2,[1]Puntajes!$H$6,0))))
D41: =IF(ISERROR(VLOOKUP(C41,'[1]Cap Financiera y Organizacional'!$A$12:$X$62743,2,0)),"",VLOOKUP(C41,'[1]Cap Financiera y Organizacional'!$A$12:$X$3603,2,0)) | F41: =IF(OR(D41="",E41=""),"",IF(AND(E41>0,E41<=CapTecnica1),[1]Puntajes!$H$4,IF(AND(E41>CapTecnica1,E41<=CapTecnica2),[1]Puntajes!$H$5,IF(E41>CapTecnica2,[1]Puntajes!$H$6,0))))
C42: 4 | F42: =IF(OR(D42="",E42=""),"",IF(AND(E42>0,E42<=CapTecnica1),[3]Puntajes!$H$4,IF(AND(E42>CapTecnica1,E42<=CapTecnica2),[3]Puntajes!$H$5,IF(E42>CapTecnica2,[3]Puntajes!$H$6,0))))
C43: 4.1 | F43: =IF(OR(D43="",E43=""),"",IF(AND(E43>0,E43<=CapTecnica1),[1]Puntajes!$H$4,IF(AND(E43>CapTecnica1,E43<=CapTecnica2),[1]Puntajes!$H$5,IF(E43>CapTecnica2,[1]Puntajes!$H$6,0))))
D44: =IF(ISERROR(VLOOKUP(C44,'[1]Cap Financiera y Organizacional'!$A$12:$X$62743,2,0)),"",VLOOKUP(C44,'[1]Cap Financiera y Organizacional'!$A$12:$X$3603,2,0)) | F44: =IF(OR(D44="",E44=""),"",IF(AND(E44>0,E44<=CapTecnica1),[1]Puntajes!$H$4,IF(AND(E44>CapTecnica1,E44<=CapTecnica2),[1]Puntajes!$H$5,IF(E44>CapTecnica2,[1]Puntajes!$H$6,0))))
D45: =IF(ISERROR(VLOOKUP(C45,'[1]Cap Financiera y Organizacional'!$A$12:$X$62743,2,0)),"",VLOOKUP(C45,'[1]Cap Financiera y Organizacional'!$A$12:$X$3603,2,0)) | F45: =IF(OR(D45="",E45=""),"",IF(AND(E45>0,E45<=CapTecnica1),[1]Puntajes!$H$4,IF(AND(E45>CapTecnica1,E45<=CapTecnica2),[1]Puntajes!$H$5,IF(E45>CapTecnica2,[1]Puntajes!$H$6,0))))
D46: =IF(ISERROR(VLOOKUP(C46,'[1]Cap Financiera y Organizacional'!$A$12:$X$62743,2,0)),"",VLOOKUP(C46,'[1]Cap Financiera y Organizacional'!$A$12:$X$3603,2,0)) | F46: =IF(OR(D46="",E46=""),"",IF(AND(E46>0,E46<=CapTecnica1),[1]Puntajes!$H$4,IF(AND(E46>CapTecnica1,E46<=CapTecnica2),[1]Puntajes!$H$5,IF(E46>CapTecnica2,[1]Puntajes!$H$6,0))))
D47: =IF(ISERROR(VLOOKUP(C47,'[1]Cap Financiera y Organizacional'!$A$12:$X$62743,2,0)),"",VLOOKUP(C47,'[1]Cap Financiera y Organizacional'!$A$12:$X$3603,2,0)) | F47: =IF(OR(D47="",E47=""),"",IF(AND(E47>0,E47<=CapTecnica1),[1]Puntajes!$H$4,IF(AND(E47>CapTecnica1,E47<=CapTecnica2),[1]Puntajes!$H$5,IF(E47>CapTecnica2,[1]Puntajes!$H$6,0))))
D48: =IF(ISERROR(VLOOKUP(C48,'[1]Cap Financiera y Organizacional'!$A$12:$X$62743,2,0)),"",VLOOKUP(C48,'[1]Cap Financiera y Organizacional'!$A$12:$X$3603,2,0)) | F48: =IF(OR(D48="",E48=""),"",IF(AND(E48>0,E48<=CapTecnica1),[1]Puntajes!$H$4,IF(AND(E48>CapTecnica1,E48<=CapTecnica2),[1]Puntajes!$H$5,IF(E48>CapTecnica2,[1]Puntajes!$H$6,0))))
D49: =IF(ISERROR(VLOOKUP(C49,'[1]Cap Financiera y Organizacional'!$A$12:$X$62743,2,0)),"",VLOOKUP(C49,'[1]Cap Financiera y Organizacional'!$A$12:$X$3603,2,0)) | F49: =IF(OR(D49="",E49=""),"",IF(AND(E49>0,E49<=CapTecnica1),[1]Puntajes!$H$4,IF(AND(E49>CapTecnica1,E49<=CapTecnica2),[1]Puntajes!$H$5,IF(E49>CapTecnica2,[1]Puntajes!$H$6,0))))
D50: =IF(ISERROR(VLOOKUP(C50,'[1]Cap Financiera y Organizacional'!$A$12:$X$62743,2,0)),"",VLOOKUP(C50,'[1]Cap Financiera y Organizacional'!$A$12:$X$3603,2,0)) | F50: =IF(OR(D50="",E50=""),"",IF(AND(E50>0,E50<=CapTecnica1),[1]Puntajes!$H$4,IF(AND(E50>CapTecnica1,E50<=CapTecnica2),[1]Puntajes!$H$5,IF(E50>CapTecnica2,[1]Puntajes!$H$6,0))))
D51: =IF(ISERROR(VLOOKUP(C51,'[1]Cap Financiera y Organizacional'!$A$12:$X$62743,2,0)),"",VLOOKUP(C51,'[1]Cap Financiera y Organizacional'!$A$12:$X$3603,2,0)) | F51: =IF(OR(D51="",E51=""),"",IF(AND(E51>0,E51<=CapTecnica1),[1]Puntajes!$H$4,IF(AND(E51>CapTecnica1,E51<=CapTecnica2),[1]Puntajes!$H$5,IF(E51>CapTecnica2,[1]Puntajes!$H$6,0))))
D52: =IF(ISERROR(VLOOKUP(C52,'[1]Cap Financiera y Organizacional'!$A$12:$X$62743,2,0)),"",VLOOKUP(C52,'[1]Cap Financiera y Organizacional'!$A$12:$X$3603,2,0)) | F52: =IF(OR(D52="",E52=""),"",IF(AND(E52>0,E52<=CapTecnica1),[1]Puntajes!$H$4,IF(AND(E52>CapTecnica1,E52<=CapTecnica2),[1]Puntajes!$H$5,IF(E52>CapTecnica2,[1]Puntajes!$H$6,0))))
C53: =+'[1]Cap Financiera y Organizacional'!A28 -> 5 | D53: =IF(ISERROR(VLOOKUP(C53,'[1]Cap Financiera y Organizacional'!$A$12:$X$62743,2,0)),"",VLOOKUP(C53,'[1]Cap Financiera y Organizacional'!$A$12:$X$3603,2,0)) -> 0 | F53: =IF(OR(D53="",E53=""),"",IF(AND(E53>0,E53<=CapTecnica1),[3]Puntajes!$H$4,IF(AND(E53>CapTecnica1,E53<=CapTecnica2),[3]Puntajes!$H$5,IF(E53>CapTecnica2,[3]Puntajes!$H$6,0))))
C54: 5.1 | D54: =IF(ISERROR(VLOOKUP(C54,'[1]Cap Financiera y Organizacional'!$A$12:$X$62743,2,0)),"",VLOOKUP(C54,'[1]Cap Financiera y Organizacional'!$A$12:$X$3603,2,0)) -> 0 | F54: =IF(OR(D54="",E54=""),"",IF(AND(E54>0,E54<=CapTecnica1),[1]Puntajes!$H$4,IF(AND(E54>CapTecnica1,E54<=CapTecnica2),[1]Puntajes!$H$5,IF(E54>CapTecnica2,[1]Puntajes!$H$6,0))))
D55: =IF(ISERROR(VLOOKUP(C55,'[1]Cap Financiera y Organizacional'!$A$12:$X$62743,2,0)),"",VLOOKUP(C55,'[1]Cap Financiera y Organizacional'!$A$12:$X$3603,2,0)) | F55: =IF(OR(D55="",E55=""),"",IF(AND(E55>0,E55<=CapTecnica1),[1]Puntajes!$H$4,IF(AND(E55>CapTecnica1,E55<=CapTecnica2),[1]Puntajes!$H$5,IF(E55>CapTecnica2,[1]Puntajes!$H$6,0))))
D56: =IF(ISERROR(VLOOKUP(C56,'[1]Cap Financiera y Organizacional'!$A$12:$X$62743,2,0)),"",VLOOKUP(C56,'[1]Cap Financiera y Organizacional'!$A$12:$X$3603,2,0)) | F56: =IF(OR(D56="",E56=""),"",IF(AND(E56>0,E56<=CapTecnica1),[1]Puntajes!$H$4,IF(AND(E56>CapTecnica1,E56<=CapTecnica2),[1]Puntajes!$H$5,IF(E56>CapTecnica2,[1]Puntajes!$H$6,0))))
D57: =IF(ISERROR(VLOOKUP(C57,'[1]Cap Financiera y Organizacional'!$A$12:$X$62743,2,0)),"",VLOOKUP(C57,'[1]Cap Financiera y Organizacional'!$A$12:$X$3603,2,0)) | F57: =IF(OR(D57="",E57=""),"",IF(AND(E57>0,E57<=CapTecnica1),[1]Puntajes!$H$4,IF(AND(E57>CapTecnica1,E57<=CapTecnica2),[1]Puntajes!$H$5,IF(E57>CapTecnica2,[1]Puntajes!$H$6,0))))
D58: =IF(ISERROR(VLOOKUP(C58,'[1]Cap Financiera y Organizacional'!$A$12:$X$62743,2,0)),"",VLOOKUP(C58,'[1]Cap Financiera y Organizacional'!$A$12:$X$3603,2,0)) | F58: =IF(OR(D58="",E58=""),"",IF(AND(E58>0,E58<=CapTecnica1),[1]Puntajes!$H$4,IF(AND(E58>CapTecnica1,E58<=CapTecnica2),[1]Puntajes!$H$5,IF(E58>CapTecnica2,[1]Puntajes!$H$6,0))))
D59: =IF(ISERROR(VLOOKUP(C59,'[1]Cap Financiera y Organizacional'!$A$12:$X$62743,2,0)),"",VLOOKUP(C59,'[1]Cap Financiera y Organizacional'!$A$12:$X$3603,2,0)) | F59: =IF(OR(D59="",E59=""),"",IF(AND(E59>0,E59<=CapTecnica1),[1]Puntajes!$H$4,IF(AND(E59>CapTecnica1,E59<=CapTecnica2),[1]Puntajes!$H$5,IF(E59>CapTecnica2,[1]Puntajes!$H$6,0))))
D60: =IF(ISERROR(VLOOKUP(C60,'[1]Cap Financiera y Organizacional'!$A$12:$X$62743,2,0)),"",VLOOKUP(C60,'[1]Cap Financiera y Organizacional'!$A$12:$X$3603,2,0)) | F60: =IF(OR(D60="",E60=""),"",IF(AND(E60>0,E60<=CapTecnica1),[1]Puntajes!$H$4,IF(AND(E60>CapTecnica1,E60<=CapTecnica2),[1]Puntajes!$H$5,IF(E60>CapTecnica2,[1]Puntajes!$H$6,0))))
D61: =IF(ISERROR(VLOOKUP(C61,'[1]Cap Financiera y Organizacional'!$A$12:$X$62743,2,0)),"",VLOOKUP(C61,'[1]Cap Financiera y Organizacional'!$A$12:$X$3603,2,0)) | F61: =IF(OR(D61="",E61=""),"",IF(AND(E61>0,E61<=CapTecnica1),[1]Puntajes!$H$4,IF(AND(E61>CapTecnica1,E61<=CapTecnica2),[1]Puntajes!$H$5,IF(E61>CapTecnica2,[1]Puntajes!$H$6,0))))
D62: =IF(ISERROR(VLOOKUP(C62,'[1]Cap Financiera y Organizacional'!$A$12:$X$62743,2,0)),"",VLOOKUP(C62,'[1]Cap Financiera y Organizacional'!$A$12:$X$3603,2,0)) | F62: =IF(OR(D62="",E62=""),"",IF(AND(E62>0,E62<=CapTecnica1),[1]Puntajes!$H$4,IF(AND(E62>CapTecnica1,E62<=CapTecnica2),[1]Puntajes!$H$5,IF(E62>CapTecnica2,[1]Puntajes!$H$6,0))))
D63: =IF(ISERROR(VLOOKUP(C63,'[1]Cap Financiera y Organizacional'!$A$12:$X$62743,2,0)),"",VLOOKUP(C63,'[1]Cap Financiera y Organizacional'!$A$12:$X$3603,2,0)) | F63: =IF(OR(D63="",E63=""),"",IF(AND(E63>0,E63<=CapTecnica1),[1]Puntajes!$H$4,IF(AND(E63>CapTecnica1,E63<=CapTecnica2),[1]Puntajes!$H$5,IF(E63>CapTecnica2,[1]Puntajes!$H$6,0))))
C64: 6 | D64: =IF(ISERROR(VLOOKUP(C64,'[1]Cap Financiera y Organizacional'!$A$12:$X$62743,2,0)),"",VLOOKUP(C64,'[1]Cap Financiera y Organizacional'!$A$12:$X$3603,2,0)) -> 0 | F64: =IF(OR(D64="",E64=""),"",IF(AND(E64>0,E64<=CapTecnica1),[3]Puntajes!$H$4,IF(AND(E64>CapTecnica1,E64<=CapTecnica2),[3]Puntajes!$H$5,IF(E64>CapTecnica2,[3]Puntajes!$H$6,0))))
C65: 6.1 | D65: =IF(ISERROR(VLOOKUP(C65,'[1]Cap Financiera y Organizacional'!$A$12:$X$62743,2,0)),"",VLOOKUP(C65,'[1]Cap Financiera y Organizacional'!$A$12:$X$3603,2,0)) -> 0 | F65: =IF(OR(D65="",E65=""),"",IF(AND(E65>0,E65<=CapTecnica1),[1]Puntajes!$H$4,IF(AND(E65>CapTecnica1,E65<=CapTecnica2),[1]Puntajes!$H$5,IF(E65>CapTecnica2,[1]Puntajes!$H$6,0))))
D66: =IF(ISERROR(VLOOKUP(C66,'[1]Cap Financiera y Organizacional'!$A$12:$X$62743,2,0)),"",VLOOKUP(C66,'[1]Cap Financiera y Organizacional'!$A$12:$X$3603,2,0)) | F66: =IF(OR(D66="",E66=""),"",IF(AND(E66>0,E66<=CapTecnica1),[1]Puntajes!$H$4,IF(AND(E66>CapTecnica1,E66<=CapTecnica2),[1]Puntajes!$H$5,IF(E66>CapTecnica2,[1]Puntajes!$H$6,0))))
D67: =IF(ISERROR(VLOOKUP(C67,'[1]Cap Financiera y Organizacional'!$A$12:$X$62743,2,0)),"",VLOOKUP(C67,'[1]Cap Financiera y Organizacional'!$A$12:$X$3603,2,0)) | F67: =IF(OR(D67="",E67=""),"",IF(AND(E67>0,E67<=CapTecnica1),[1]Puntajes!$H$4,IF(AND(E67>CapTecnica1,E67<=CapTecnica2),[1]Puntajes!$H$5,IF(E67>CapTecnica2,[1]Puntajes!$H$6,0))))
D68: =IF(ISERROR(VLOOKUP(C68,'[1]Cap Financiera y Organizacional'!$A$12:$X$62743,2,0)),"",VLOOKUP(C68,'[1]Cap Financiera y Organizacional'!$A$12:$X$3603,2,0)) | F68: =IF(OR(D68="",E68=""),"",IF(AND(E68>0,E68<=CapTecnica1),[1]Puntajes!$H$4,IF(AND(E68>CapTecnica1,E68<=CapTecnica2),[1]Puntajes!$H$5,IF(E68>CapTecnica2,[1]Puntajes!$H$6,0))))
D69: =IF(ISERROR(VLOOKUP(C69,'[1]Cap Financiera y Organizacional'!$A$12:$X$62743,2,0)),"",VLOOKUP(C69,'[1]Cap Financiera y Organizacional'!$A$12:$X$3603,2,0)) | F69: =IF(OR(D69="",E69=""),"",IF(AND(E69>0,E69<=CapTecnica1),[1]Puntajes!$H$4,IF(AND(E69>CapTecnica1,E69<=CapTecnica2),[1]Puntajes!$H$5,IF(E69>CapTecnica2,[1]Puntajes!$H$6,0))))
D70: =IF(ISERROR(VLOOKUP(C70,'[1]Cap Financiera y Organizacional'!$A$12:$X$62743,2,0)),"",VLOOKUP(C70,'[1]Cap Financiera y Organizacional'!$A$12:$X$3603,2,0)) | F70: =IF(OR(D70="",E70=""),"",IF(AND(E70>0,E70<=CapTecnica1),[1]Puntajes!$H$4,IF(AND(E70>CapTecnica1,E70<=CapTecnica2),[1]Puntajes!$H$5,IF(E70>CapTecnica2,[1]Puntajes!$H$6,0))))
D71: =IF(ISERROR(VLOOKUP(C71,'[1]Cap Financiera y Organizacional'!$A$12:$X$62743,2,0)),"",VLOOKUP(C71,'[1]Cap Financiera y Organizacional'!$A$12:$X$3603,2,0)) | F71: =IF(OR(D71="",E71=""),"",IF(AND(E71>0,E71<=CapTecnica1),[1]Puntajes!$H$4,IF(AND(E71>CapTecnica1,E71<=CapTecnica2),[1]Puntajes!$H$5,IF(E71>CapTecnica2,[1]Puntajes!$H$6,0))))
D72: =IF(ISERROR(VLOOKUP(C72,'[1]Cap Financiera y Organizacional'!$A$12:$X$62743,2,0)),"",VLOOKUP(C72,'[1]Cap Financiera y Organizacional'!$A$12:$X$3603,2,0)) | F72: =IF(OR(D72="",E72=""),"",IF(AND(E72>0,E72<=CapTecnica1),[1]Puntajes!$H$4,IF(AND(E72>CapTecnica1,E72<=CapTecnica2),[1]Puntajes!$H$5,IF(E72>CapTecnica2,[1]Puntajes!$H$6,0))))
D73: =IF(ISERROR(VLOOKUP(C73,'[1]Cap Financiera y Organizacional'!$A$12:$X$62743,2,0)),"",VLOOKUP(C73,'[1]Cap Financiera y Organizacional'!$A$12:$X$3603,2,0)) | F73: =IF(OR(D73="",E73=""),"",IF(AND(E73>0,E73<=CapTecnica1),[1]Puntajes!$H$4,IF(AND(E73>CapTecnica1,E73<=CapTecnica2),[1]Puntajes!$H$5,IF(E73>CapTecnica2,[1]Puntajes!$H$6,0))))
